Workbook

Sheet Simulatore
N2: SERVIZIO IDRICO INTEGRATO
N3: Codice Fornitura | P3: xxxxxx
N4: Codice Soggetto | P4: xxxxx
N5: Fattura n | P5: xxx
N6: Del | P6: xxx
I15: TOTALE DA PAGARE | L15: XXXX
I16: SCADENZA | L16: XXXX | N16: NOMINATIVO RECAPITO
K17: INDIRIZZO
N18: CAP CITTA' - PROV.
I20: Pagamento e rateizzazione | N20: Dati fiscali
N21: Intestatario | O21: XXXXXX | AD21: descrizione breve tipo tariffa | AE21: descrizione estesa tipo tariffa | AG21: riferimenti matrici | AI21: NOTA BENE: per trovare rif.matrici il programma presume 43 righe ogni anno di tariffa. Altrimenti variare formula. | AL21: FOG/ DEP
I22: XXXXXXXXXXXXXX | N22: Domicilio | O22: XXXXXX | AD22: DOMESTICO RESIDENTE 1 componente | AE22: UTENZA DOMESTICA RESIDENTE CON 1 COMPONENTE | AG22: 2018 | AH22: =ADDRESS(AJ22+1,4,1,1,"Tariffe") -> Tariffe!$D$3 | AI22: =CONCATENATE(AH22,":$Af$",(1+AJ22+43)) -> Tariffe!$D$3:$Af$46 | AJ22: =MATCH(AG22,Tariffe!$D$1:D2000,0) -> 2 | AL22: SI
N23: Cap, città | O23: XXXXXX | AD23: DOMESTICO RESIDENTE 2 componenti | AE23: UTENZA DOMESTICA RESIDENTE CON 2 COMPONENTI | AG23: 2019 | AH23: =ADDRESS(AJ23+1,4,1,1,"Tariffe") -> Tariffe!$D$48 | AI23: =CONCATENATE(AH23,":$Af$",(1+AJ23+43)) -> Tariffe!$D$48:$Af$91 | AJ23: =MATCH(AG23,Tariffe!$D$1:D2001,0) -> 47 | AL23: NO
I24: Autolettura | N24: C.F./P.IVA | O24: XXXXXX | AD24: DOMESTICO RESIDENTE 3 componenti | AE24: UTENZA DOMESTICA RESIDENTE CON 3 COMPONENTI | AG24: 2020 | AH24: =ADDRESS(AJ24+1,4,1,1,"Tariffe") -> Tariffe!$D$93 | AI24: =CONCATENATE(AH24,":$Af$",(1+AJ24+43)) -> Tariffe!$D$93:$Af$136 | AJ24: =IFERROR(MATCH(AG24,Tariffe!$D$1:D2002,0),2) -> 92
AD25: DOMESTICO RESIDENTE 4 componenti | AE25: UTENZA DOMESTICA RESIDENTE CON 4 COMPONENTI | AG25: 2021 | AH25: =ADDRESS(AJ25+1,4,1,1,"Tariffe") -> Tariffe!$D$138 | AI25: =CONCATENATE(AH25,":$Af$",(1+AJ25+43)) -> Tariffe!$D$138:$Af$181 | AJ25: =IFERROR(MATCH(AG25,Tariffe!$D$1:D2003,0),2) -> 137
I26: XXXXXXXX | N26: Informazioni contrattuali | AD26: DOMESTICO RESIDENTE 5 componenti | AE26: UTENZA DOMESTICA RESIDENTE CON 5 COMPONENTI
AD27: DOMESTICO RESIDENTE 6 componenti | AE27: UTENZA DOMESTICA RESIDENTE CON 6 COMPONENTI | AG27: 2022 | AH27: =ADDRESS(AJ27+1,4,1,1,"Tariffe") -> Tariffe!$D$183 | AI27: =CONCATENATE(AH27,":$Af$",(1+AJ27+43)) -> Tariffe!$D$183:$Af$226 | AJ27: =IFERROR(MATCH(AG27,Tariffe!$D$1:D2004,0),2) -> 182
I28: Periodo | N28: Ubicazione fornitura | O28: xxxxxxxx | AD28: DOMESTICO RESIDENTE maggiore a 6 componenti | AE28: UTENZA DOMESTICA RESIDENTE CON 6 COMPONENTI | AG28: 2023 | AH28: =ADDRESS(AJ28+1,4,1,1,"Tariffe") -> Tariffe!$D$228 | AI28: =CONCATENATE(AH28,":$Af$",(1+AJ28+43)) -> Tariffe!$D$228:$Af$271 | AJ28: =IFERROR(MATCH(AG28,Tariffe!$D$1:D2005,0),2) -> 227
N29: Tipologia di utenza | O29: xxxxxxxx | AD29: DOMESTICO NON RESIDENTE | AE29: UTENZA DOMESTICA NON RESIDENTE | AG29: 2024 | AH29: =ADDRESS(AJ29+1,4,1,1,"Tariffe") -> Tariffe!$D$273 | AI29: =CONCATENATE(AH29,":$Af$",(1+AJ29+43)) -> Tariffe!$D$273:$Af$316 | AJ29: =IFERROR(MATCH(AG29,Tariffe!$D$1:D2006,0),2) -> 272
I30: DAL | K30: AL | N30: Tariffa applicata | O30: xxxxxxxx | AD30: A BASSA IDROESIGENZA DI PROCESSO (<1000) | AE30: A BASSA IDROESIGENZA DI PROCESSO (consumi STD < 1000 MC/ANNO) | AG30: 2025 | AH30: =ADDRESS(AJ30+1,4,1,1,"Tariffe") -> Tariffe!$D$318 | AI30: =CONCATENATE(AH30,":$Af$",(1+AJ30+43)) -> Tariffe!$D$318:$Af$361 | AJ30: =IFERROR(MATCH(AG30,Tariffe!$D$1:D2007,0),2) -> 317
N31: NR. Concessioni | P31: =IF(O32=0,"",IF(O31=SUM(O32:O40),"","TOTALE CONCESSIONI ERRATO")) | S31: Quota fissa | T31: Acquedotto | U31: Oneri perequazione | V31: Fognatura | W31: Depurazione | X31: Altre partite | Y31: Acconti Bollette Precedenti | Z31: Imputazione IVA | AA31: Somma imponibile | AB31: IVA | AC31: TOTALE (per tipologia concessione) | AD31: AD ALTA IDROESIGENZA DI PROCESSO (>1000) | AE31: AD ALTA IDROESIGENZA DI PROCESSO (consumi STD > 1000 MC/ANNO) | AG31: 2026 | AH31: =ADDRESS(AJ31+1,4,1,1,"Tariffe") -> Tariffe!$D$363 | AI31: =CONCATENATE(AH31,":$Af$",(1+AJ31+43)) -> Tariffe!$D$363:$Af$406 | AJ31: =IFERROR(MATCH(AG31,Tariffe!$D$1:D2008,0),2) -> 362
I32: Consumi Rilevati e Stimati | N32: Tipologia concessioni | S32: =+$R$50*O91 -> 0 | T32: =+$R$51*L91 -> 0 | U32: =+$R$52*P91 -> 0 | V32: =+$R$53*M91 -> 0 | W32: =IF($R$54=0,0,$R$54*N91) -> 0 | X32: =+$R$55*Q91 -> 0 | Y32: =+$R$56*Q91 -> 0 | Z32: =+$R$57*Q91 -> 0 | AA32: =+SUM(S32:W32)+Y32 -> 0 | AB32: =+AA32*10% -> 0 | AC32: =SUM(S32:Z32) -> 0 | AD32: AGR. COMM. USO IDRICO ESCLUSIVAM. CIVILE | AE32: ATTIVITA' CON USO IDRICO ESCLUSIVAMENTE CIVILE (idrotermosanitario) | AG32: 2027 | AH32: =ADDRESS(AJ32+1,4,1,1,"Tariffe") -> Tariffe!$D$3 | AI32: =CONCATENATE(AH32,":$Af$",(1+AJ32+43)) -> Tariffe!$D$3:$Af$46 | AJ32: =IFERROR(MATCH(AG32,Tariffe!$D$1:D2009,0),2) -> 2
C33: RIPARTIZIONE CONSUMI | N33: Tipologia concessioni | S33: =+$R$50*O92 -> 0 | T33: =+$R$51*L92 -> 0 | U33: =+$R$52*P92 -> 0 | V33: =+$R$53*M92 -> 0 | W33: =IF($R$54=0,0,$R$54*N92) -> 0 | X33: =+$R$55*Q92 -> 0 | Y33: =+$R$56*Q92 -> 0 | Z33: =+$R$57*Q92 -> 0 | AA33: =+SUM(S33:W33)+Y33 -> 0 | AB33: =+AA33*10% -> 0 | AC33: =SUM(S33:Z33) -> 0 | AD33: ALLACCIO TEMPORANEO PRIVATO | AE33: ALLACCI TEMPORANEI PRIVATI | AG33: 2028 | AH33: =ADDRESS(AJ33+1,4,1,1,"Tariffe") -> Tariffe!$D$3 | AI33: =CONCATENATE(AH33,":$Af$",(1+AJ33+43)) -> Tariffe!$D$3:$Af$46 | AJ33: =IFERROR(MATCH(AG33,Tariffe!$D$1:D2010,0),2) -> 2
I34: Matricola Contatore xxxxxxx | N34: Tipologia concessioni | S34: =+$R$50*O93 -> 0 | T34: =+$R$51*L93 -> 0 | U34: =+$R$52*P93 -> 0 | V34: =+$R$53*M93 -> 0 | W34: =IF($R$54=0,0,$R$54*N93) -> 0 | X34: =+$R$55*Q93 -> 0 | Y34: =+$R$56*Q93 -> 0 | Z34: =+$R$57*Q93 -> 0 | AA34: =+SUM(S34:W34)+Y34 -> 0 | AB34: =+AA34*10% -> 0 | AC34: =SUM(S34:Z34) -> 0 | AD34: ALLACCIO TEMPORANEO PUBBLICO | AE34: ALLACCI TEMPORANEI PUBBLICI | AG34: 2029 | AH34: =ADDRESS(AJ34+1,4,1,1,"Tariffe") -> Tariffe!$D$3 | AI34: =CONCATENATE(AH34,":$Af$",(1+AJ34+43)) -> Tariffe!$D$3:$Af$46 | AJ34: =IFERROR(MATCH(AG34,Tariffe!$D$1:D2011,0),2) -> 2
C35: INZIO PERIODO | D35: 42370 | I35: Tipologia contatore xxxxx | N35: Tipologia concessioni | S35: =+$R$50*O94 -> 0 | T35: =+$R$51*L94 -> 0 | U35: =+$R$52*P94 -> 0 | V35: =+$R$53*M94 -> 0 | W35: =IF($R$54=0,0,$R$54*N94) -> 0 | X35: =+$R$55*Q94 -> 0 | Y35: =+$R$56*Q94 -> 0 | Z35: =+$R$57*Q94 -> 0 | AA35: =+SUM(S35:W35)+Y35 -> 0 | AB35: =+AA35*10% -> 0 | AC35: =SUM(S35:Z35) -> 0 | AD35: ALTRO IMPIANTO SPORTIVO | AE35: ALTRI IMPIANTI SPORTIVI pubblici e privati | AG35: 2030 | AH35: =ADDRESS(AJ35+1,4,1,1,"Tariffe") -> Tariffe!$D$3 | AI35: =CONCATENATE(AH35,":$Af$",(1+AJ35+43)) -> Tariffe!$D$3:$Af$46 | AJ35: =IFERROR(MATCH(AG35,Tariffe!$D$1:D2012,0),2) -> 2
C36: FINE PERIODO | D36: 43861 | N36: Tipologia concessioni | S36: =+$R$50*O95 -> 0 | T36: =+$R$51*L95 -> 0 | U36: =+$R$52*P95 -> 0 | V36: =+$R$53*M95 -> 0 | W36: =IF($R$54=0,0,$R$54*N95) -> 0 | X36: =+$R$55*Q95 -> 0 | Y36: =+$R$56*Q95 -> 0 | Z36: =+$R$57*Q95 -> 0 | AA36: =+SUM(S36:W36)+Y36 -> 0 | AB36: =+AA36*10% -> 0 | AC36: =SUM(S36:Z36) -> 0 | AD36: ART. COMM. USO IDRICO ESCLUSIVAM. CIVILE | AE36: CON USO IDRICO ESCLUSIVAMENTE CIVILE (idrotermosanitario) | AG36: 2031 | AH36: =ADDRESS(AJ36+1,4,1,1,"Tariffe") -> Tariffe!$D$3 | AI36: =CONCATENATE(AH36,":$Af$",(1+AJ36+43)) -> Tariffe!$D$3:$Af$46 | AJ36: =IFERROR(MATCH(AG36,Tariffe!$D$1:D2013,0),2) -> 2
I37: Consumo rilevato | N37: Tipologia concessioni | S37: =+$R$50*O96 -> 0 | T37: =+$R$51*L96 -> 0 | U37: =+$R$52*P96 -> 0 | V37: =+$R$53*M96 -> 0 | W37: =IF($R$54=0,0,$R$54*N96) -> 0 | X37: =+$R$55*Q96 -> 0 | Y37: =+$R$56*Q96 -> 0 | Z37: =+$R$57*Q96 -> 0 | AA37: =+SUM(S37:W37)+Y37 -> 0 | AB37: =+AA37*10% -> 0 | AC37: =SUM(S37:Z37) -> 0 | AD37: ATT DIVERSE A BASSA IDROESIGENZA (<600) | AE37: ATTIVITA' DIVERSE A BASSA IDROESIGENZA DI PROCESSO (consumi STD < 600 MC/ANNO) | AG37: 2032 | AH37: =ADDRESS(AJ37+1,4,1,1,"Tariffe") -> Tariffe!$D$3 | AI37: =CONCATENATE(AH37,":$Af$",(1+AJ37+43)) -> Tariffe!$D$3:$Af$46 | AJ37: =IFERROR(MATCH(AG37,Tariffe!$D$1:D2014,0),2) -> 2
C38: CONSUMO | D38: 1065 | I38: Consumo stimato | N38: Tipologia concessioni | S38: =+$R$50*O97 -> 0 | T38: =+$R$51*L97 -> 0 | U38: =+$R$52*P97 -> 0 | V38: =+$R$53*M97 -> 0 | W38: =IF($R$54=0,0,$R$54*N97) -> 0 | X38: =+$R$55*Q97 -> 0 | Y38: =+$R$56*Q97 -> 0 | Z38: =+$R$57*Q97 -> 0 | AA38: =+SUM(S38:W38)+Y38 -> 0 | AB38: =+AA38*10% -> 0 | AC38: =SUM(S38:Z38) -> 0 | AD38: ATT DIVERSE AD ALTA IDROESIGENZA (>600) | AE38: ATTIVITA' DIVERSE AD ALTA IDROESIGENZA DI PROCESSO (consumi STD > 600 MC/ANNO) | AG38: 2033 | AH38: =ADDRESS(AJ38+1,4,1,1,"Tariffe") -> Tariffe!$D$3 | AI38: =CONCATENATE(AH38,":$Af$",(1+AJ38+43)) -> Tariffe!$D$3:$Af$46 | AJ38: =IFERROR(MATCH(AG38,Tariffe!$D$1:D2015,0),2) -> 2
N39: Tipologia concessioni | S39: =+$R$50*O98 -> 0 | T39: =+$R$51*L98 -> 0 | U39: =+$R$52*P98 -> 0 | V39: =+$R$53*M98 -> 0 | W39: =IF($R$54=0,0,$R$54*N98) -> 0 | X39: =+$R$55*Q98 -> 0 | Y39: =+$R$56*Q98 -> 0 | Z39: =+$R$57*Q98 -> 0 | AA39: =+SUM(S39:W39)+Y39 -> 0 | AB39: =+AA39*10% -> 0 | AC39: =SUM(S39:Z39) -> 0 | AD39: ATTIVITA' AGRITURISTICA | AE39: ATTIVITA' AGRITURISTICA | AG39: 2034 | AH39: =ADDRESS(AJ39+1,4,1,1,"Tariffe") -> Tariffe!$D$3 | AI39: =CONCATENATE(AH39,":$Af$",(1+AJ39+43)) -> Tariffe!$D$3:$Af$46 | AJ39: =IFERROR(MATCH(AG39,Tariffe!$D$1:D2016,0),2) -> 2
I40: Totale consumo fatturato | L40: =+L37+L38 -> 0 | N40: Tipologia concessioni | S40: =+$R$50*O99 -> 0 | T40: =+$R$51*L99 -> 0 | U40: =+$R$52*P99 -> 0 | V40: =+$R$53*M99 -> 0 | W40: =IF($R$54=0,0,$R$54*N99) -> 0 | X40: =+$R$55*Q99 -> 0 | Y40: =+$R$56*Q99 -> 0 | Z40: =+$R$57*Q99 -> 0 | AA40: =+SUM(S40:W40)+Y40 -> 0 | AB40: =+AA40*10% -> 0 | AC40: =SUM(S40:Z40) -> 0 | AD40: ATTIVITA' ALIMENTARE | AE40: ATTIVITA' ALIMENTARE (ortofrutta, pescheria, panifici, pasticcerie, gastronomie,…) | AG40: 2035 | AH40: =ADDRESS(AJ40+1,4,1,1,"Tariffe") -> Tariffe!$D$3 | AI40: =CONCATENATE(AH40,":$Af$",(1+AJ40+43)) -> Tariffe!$D$3:$Af$46 | AJ40: =IFERROR(MATCH(AG40,Tariffe!$D$1:D2017,0),2) -> 2
D41: 43100 | N41: Componenti residenti | AD41: ATTIVITA' AUTOLAVAGGIO | AE41: ATTIVITA' DI AUTOLAVAGGIO (anche con altre attività tipo distributore carburanti) | AG41: 2036 | AH41: =ADDRESS(AJ41+1,4,1,1,"Tariffe") -> Tariffe!$D$3 | AI41: =CONCATENATE(AH41,":$Af$",(1+AJ41+43)) -> Tariffe!$D$3:$Af$46 | AJ41: =IFERROR(MATCH(AG41,Tariffe!$D$1:D2018,0),2) -> 2
I42: Consumo medio annuo (CA) per il calcolo degli acconti | N42: Impianto depurazione | O42: =+IF($R$54<>0,"SI","NO") -> NO | S42: TOTALI | AD42: ATTIVITA' ESCLUSIVAMENTE AGRICOLA | AE42: ATTIVITA' ESCLUSIVAMENTE AGRICOLA | AG42: 2037 | AH42: =ADDRESS(AJ42+1,4,1,1,"Tariffe") -> Tariffe!$D$3 | AI42: =CONCATENATE(AH42,":$Af$",(1+AJ42+43)) -> Tariffe!$D$3:$Af$46 | AJ42: =IFERROR(MATCH(AG42,Tariffe!$D$1:D2019,0),2) -> 2
B43: =D38/(D36-D35)*IF(D35<D41,(D41-D35),0) -> 521 | F43: =IF(D35>D41,D38,D38-B43) -> 544 | N43: Impianto fognatura | O43: =+IF($R$53<>0,"SI","NO") -> NO | S43: =SUM(S32:S41) -> 0 | T43: =SUM(T32:T41) -> 0 | U43: =SUM(U32:U41) -> 0 | V43: =SUM(V32:V41) -> 0 | W43: =SUM(W32:W41) -> 0 | X43: =SUM(X32:X41) -> 0 | Y43: =SUM(Y32:Y41) -> 0 | Z43: =SUM(Z32:Z41) -> 0 | ... AC43: =SUM(AC32:AC41) -> 0 | AD43: ATTIVITA' ESTETICO-SANITARIA | AE43: ATTIVITA' ESTETICO-SANITARIE (parrucchiere, barbiere, estetista, palestra fitness, studio medico, dentistico-odontoiatrico…) | AG43: 2038 | AH43: =ADDRESS(AJ43+1,4,1,1,"Tariffe") -> Tariffe!$D$3 | AI43: =CONCATENATE(AH43,":$Af$",(1+AJ43+43)) -> Tariffe!$D$3:$Af$46 | AJ43: =IFERROR(MATCH(AG43,Tariffe!$D$1:D2020,0),2) -> 2
I44: Anno Corrente: xxxmc | N44: Deposito cauzionale | AD44: ATTIVITA' LAVANDERIA | AE44: ATTIVITA' DI LAVANDERIA | AG44: 2039 | AH44: =ADDRESS(AJ44+1,4,1,1,"Tariffe") -> Tariffe!$D$3 | AI44: =CONCATENATE(AH44,":$Af$",(1+AJ44+43)) -> Tariffe!$D$3:$Af$46 | AJ44: =IFERROR(MATCH(AG44,Tariffe!$D$1:D2021,0),2) -> 2
N45: Data inizio fornitura | O45: XXXX | AD45: ATTIVITA' RICETTIVA CON PISCINA | AE45: ATTIVITA' RICETTIVA CON PISCINA (albergo, residence, colonia, campeggio,... escluso agriturismo) ANCHE EXTRALBERGHIERA | AG45: 2040 | AH45: =ADDRESS(AJ45+1,4,1,1,"Tariffe") -> Tariffe!$D$3 | AI45: =CONCATENATE(AH45,":$Af$",(1+AJ45+43)) -> Tariffe!$D$3:$Af$46 | AJ45: =IFERROR(MATCH(AG45,Tariffe!$D$1:D2022,0),2) -> 2
I46: Numero di tentativi di lettura annui: xx | AD46: ATTIVITA' RICETTIVA SENZA PISCINA | AE46: ATTIVITA' RICETTIVA SENZA PISCINA (albergo, residence, colonia, campeggio,... escluso agriturismo) ANCHE EXTRALBERGHIERA | AG46: 2041 | AH46: =ADDRESS(AJ46+1,4,1,1,"Tariffe") -> Tariffe!$D$3 | AI46: =CONCATENATE(AH46,":$Af$",(1+AJ46+43)) -> Tariffe!$D$3:$Af$46 | AJ46: =IFERROR(MATCH(AG46,Tariffe!$D$1:D2023,0),2) -> 2
AD47: ATTIVITA' TRASFO.NE PRODOTTI ZOOTECNICI | AE47: ATTIVITA' DI TRASFORMAZIONI PRODOTTI AGRO-ZOOTECNICI | AG47: 2042 | AH47: =ADDRESS(AJ47+1,4,1,1,"Tariffe") -> Tariffe!$D$3 | AI47: =CONCATENATE(AH47,":$Af$",(1+AJ47+43)) -> Tariffe!$D$3:$Af$46 | AJ47: =IFERROR(MATCH(AG47,Tariffe!$D$1:D2024,0),2) -> 2
I48: Consumi stimati già fatturati nelle bollette precedenti: xx mc | N48: Riepilogo Importi della bolletta | AD48: ATTIVITA' ZOOTECNICA | AE48: ATTIVITA' ZOOTECNICA | AG48: 2043 | AH48: =ADDRESS(AJ48+1,4,1,1,"Tariffe") -> Tariffe!$D$3 | AI48: =CONCATENATE(AH48,":$Af$",(1+AJ48+43)) -> Tariffe!$D$3:$Af$46 | AJ48: =IFERROR(MATCH(AG48,Tariffe!$D$1:D2025,0),2) -> 2
AD49: CANTIERE EDILE | AE49: CANTIERI EDILI | AG49: 2044 | AH49: =ADDRESS(AJ49+1,4,1,1,"Tariffe") -> Tariffe!$D$3 | AI49: =CONCATENATE(AH49,":$Af$",(1+AJ49+43)) -> Tariffe!$D$3:$Af$46 | AJ49: =IFERROR(MATCH(AG49,Tariffe!$D$1:D2026,0),2) -> 2
N50: Quota fissa | AD50: CARCERE | AE50: carceri | AG50: 2045 | AH50: =ADDRESS(AJ50+1,4,1,1,"Tariffe") -> Tariffe!$D$3 | AI50: =CONCATENATE(AH50,":$Af$",(1+AJ50+43)) -> Tariffe!$D$3:$Af$46 | AJ50: =IFERROR(MATCH(AG50,Tariffe!$D$1:D2027,0),2) -> 2
N51: Acquedotto | AD51: CASA DI RIPOSO E ASSISTENZA | AE51: CASE DI RIPOSO E ASSISTENZA come tutte mix | AG51: 2046 | AH51: =ADDRESS(AJ51+1,4,1,1,"Tariffe") -> Tariffe!$D$3 | AI51: =CONCATENATE(AH51,":$Af$",(1+AJ51+43)) -> Tariffe!$D$3:$Af$46 | AJ51: =IFERROR(MATCH(AG51,Tariffe!$D$1:D2028,0),2) -> 2
N52: Oneri perequazione | AD52: CONVITTO | AE52: CONVITTI (comunità, conventi, centri di accoglienza,...) | AG52: 2047 | AH52: =ADDRESS(AJ52+1,4,1,1,"Tariffe") -> Tariffe!$D$3 | AI52: =CONCATENATE(AH52,":$Af$",(1+AJ52+43)) -> Tariffe!$D$3:$Af$46 | AJ52: =IFERROR(MATCH(AG52,Tariffe!$D$1:D2029,0),2) -> 2 | AT52: 31
N53: Fognatura | AD53: ECOCENTRO-MAGAZZINO PUBBLICO-BAGNI | AE53: MAGAZZINI PUBBLICI - ECOCENTRI - BAGNI PUBBLICI - AREE SOSTA ATTREZZATA CAMPER - altre utenze pubbliche | AG53: 2048 | AH53: =ADDRESS(AJ53+1,4,1,1,"Tariffe") -> Tariffe!$D$3 | AI53: =CONCATENATE(AH53,":$Af$",(1+AJ53+43)) -> Tariffe!$D$3:$Af$46 | AJ53: =IFERROR(MATCH(AG53,Tariffe!$D$1:D2030,0),2) -> 2 | AT53: 28
N54: Depurazione | AD54: IDRANTE ANTINCENDIO | AE54: IDRANTI ANTINCENDIO | AG54: 2049 | AH54: =ADDRESS(AJ54+1,4,1,1,"Tariffe") -> Tariffe!$D$3 | AI54: =CONCATENATE(AH54,":$Af$",(1+AJ54+43)) -> Tariffe!$D$3:$Af$46 | AJ54: =IFERROR(MATCH(AG54,Tariffe!$D$1:D2031,0),2) -> 2 | AT54: 31
N55: Altre partite | AD55: IMPIANTO A SERV. VERDE PUBBLICO-CIMITERO | AE55: IMPIANTI A SERVIZIO DEL VERDE PUBBLICO (aiuole e giardini, con irrigazione e giochi d'acqua) E CIMITERI | AG55: 2050 | AH55: =ADDRESS(AJ55+1,4,1,1,"Tariffe") -> Tariffe!$D$3 | AI55: =CONCATENATE(AH55,":$Af$",(1+AJ55+43)) -> Tariffe!$D$3:$Af$46 | AJ55: =IFERROR(MATCH(AG55,Tariffe!$D$1:D2032,0),2) -> 2 | AT55: 30
N56: Acconti Bollette Precedenti | AD56: IMPIANTO SPORTIVO DEL GHIACCIO | AE56: IMPIANTI SPORTIVI INVERNALI DEL GHIACCIO (con allaccio per ghiaccio) | AG56: 2051 | AH56: =ADDRESS(AJ56+1,4,1,1,"Tariffe") -> Tariffe!$D$3 | AI56: =CONCATENATE(AH56,":$Af$",(1+AJ56+43)) -> Tariffe!$D$3:$Af$46 | AJ56: =IFERROR(MATCH(AG56,Tariffe!$D$1:D2033,0),2) -> 2 | AT56: 31
N57: ALIQUOTA 10% su imponibile | AD57: IMPIANTO SPORTIVO NUOTO | AE57: IMPIANTI SPORTIVI DI NUOTO (con allaccio per piscina) | AG57: 2052 | AH57: =ADDRESS(AJ57+1,4,1,1,"Tariffe") -> Tariffe!$D$3 | AI57: =CONCATENATE(AH57,":$Af$",(1+AJ57+43)) -> Tariffe!$D$3:$Af$46 | AJ57: =IFERROR(MATCH(AG57,Tariffe!$D$1:D2034,0),2) -> 2 | AT57: 30
N58: Totale fornitura | R58: =SUM(R50:R57) -> 0 | AD58: IND. USO IDRICO ESCLUSIVAMENTE CIVILE | AE58: CON USO IDRICO ESCLUSIVAMENTE CIVILE prod (idrotermosanitario) | AG58: 2053 | AH58: =ADDRESS(AJ58+1,4,1,1,"Tariffe") -> Tariffe!$D$3 | AI58: =CONCATENATE(AH58,":$Af$",(1+AJ58+43)) -> Tariffe!$D$3:$Af$46 | AJ58: =IFERROR(MATCH(AG58,Tariffe!$D$1:D2035,0),2) -> 2 | AT58: 31
N59: Importo Totale | AD59: OSPEDALE | AE59: OSPEDALI | AG59: 2054 | AH59: =ADDRESS(AJ59+1,4,1,1,"Tariffe") -> Tariffe!$D$3 | AI59: =CONCATENATE(AH59,":$Af$",(1+AJ59+43)) -> Tariffe!$D$3:$Af$46 | AJ59: =IFERROR(MATCH(AG59,Tariffe!$D$1:D2036,0),2) -> 2 | AT59: 31
R60: =IF(AND((R58-R59)<0.02,(R58-R59)>-0.02),"TOTALE CORRETTO",IF(R59="","","TOTALE ERRATO - VERIFICARE IMPORTI INSERITI")) -> TOTALE CORRETTO | AD60: PRESIDIO SICUREZZA | AE60: PRESIDI DI SICUREZZA (posti di polizia, caserme militari, Vigili del Fuoco, basi protezione civile…) | AG60: 2055 | AH60: =ADDRESS(AJ60+1,4,1,1,"Tariffe") -> Tariffe!$D$3 | AI60: =CONCATENATE(AH60,":$Af$",(1+AJ60+43)) -> Tariffe!$D$3:$Af$46 | AJ60: =IFERROR(MATCH(AG60,Tariffe!$D$1:D2037,0),2) -> 2 | AT60: 30
N61: Comunicazioni | AD61: PUBBLICO ESERCIZIO | AE61: PUBBLICO ESERCIZIO (bar, pub, ristorante, trattoria, mensa,…) | AG61: 2056 | AH61: =ADDRESS(AJ61+1,4,1,1,"Tariffe") -> Tariffe!$D$3 | AI61: =CONCATENATE(AH61,":$Af$",(1+AJ61+43)) -> Tariffe!$D$3:$Af$46 | AJ61: =IFERROR(MATCH(AG61,Tariffe!$D$1:D2038,0),2) -> 2 | AT61: 31
AD62: SALA PUBBLICA-LUOGO CULTO-ONULUS | AE62: SALE PUBBLICHE (auditorium, cinema, teatri, luoghi di culto, sale espositive e musei,…) E SEDI ONLUS/ASD/REGOLE | AG62: 2057 | AH62: =ADDRESS(AJ62+1,4,1,1,"Tariffe") -> Tariffe!$D$3 | AI62: =CONCATENATE(AH62,":$Af$",(1+AJ62+43)) -> Tariffe!$D$3:$Af$46 | AJ62: =IFERROR(MATCH(AG62,Tariffe!$D$1:D2039,0),2) -> 2 | AT62: 30
N63: xxxxxxx | AD63: SCUOLA PUBBLICA-PRIVATA | AE63: SCUOLE PUBBLICHE E PRIVATE (asili, scuole di ogni ordine e grado, istituzioni professionali...) | AS63: =(AH68-AG68)/AT64 -> 0 | AT63: 31 | AW63: FOGNAT. | AX63: DEPURAZ.
AD64: SERVIZI COMUNI DI CONDOMINIO | AE64: UTENZA SERVIZI COMUNI DI CONDOMINIO (SCALE, GIARDINO, SCANTINATI,...) E PERTINENZE (GARAGE, CANTINA,…) | AF64: =YEAR(L30) -> 1900 | AL64: =24/365*6 -> 0.39452055 | AM64: =106*200/365 -> 58.082192 | AS64: =ROUND(AS63,0) -> 0 | AT64: =SUM(AT52:AT63)/12 -> 30.416667 | AW64: 1=SI;0=NO | AX64: 1=SI;0=NO
AD65: UFFICIO PUBBLICO | AE65: UFFICI PUBBLICI | AF65: =YEAR(J30) -> 1900 | AH65: =AH68-AG68 -> 0 | AI65: =VLOOKUP($AE$68,INDIRECT(VLOOKUP($AF68,$AG$22:$AI$62,3,0),1),3,0) -> #N/A | AS65: =AT68/12*AS64 -> #N/A | AW65: =IF(O43="NO",0,1) -> 0 | AX65: =IF(O42="NO",0,1) -> 0 | BI65: =1+$AW$65+$AX$65 -> 1 | BJ65: =1+$AW$65+$AX$65 -> 1 | BK65: =1+$AW$65+$AX$65 -> 1
AB66: 1 | AD66: UTENZA RURALE STAG ESCLUSIV CIVILE | AE66: UTENZA RURALE CON USO IDRICO STAGIONALE ESCLUSIVAMENTE CIVILE (idrotermosanitario) | AF66: =AF64-AF65 -> 0
H67: Concessioni | I67: Tipologia di Tariffa | J67: Componenti | K67: Consumo | L67: Prelievo acqua | M67: Fognatura | N67: Depurazione | O67: Q. fissa | P67: Oneri perequazione | Q67: Imponibile | R67: Iva 10% | S67: Costo TOTALE | T67: Costo medio a mc | AB67: DOMESTICO RESIDENTE | AF67: anno consumo | AG67: inzio periodo | AH67: fine periodo | AI67: consumo periodo | AJ67: VOLUME AGEVOLATA | AK67: VOLUME BASE | AL67: VOLUME 1^ecc | AM67: VOLUME 2^ecc | AN67: VOLUME 3^ecc | AO67: tariffa agevolata | AP67: tariffa base | AQ67: tariffa 1^ecc | AR67: tariffa 2^ecc | AS67: tariffa 3^ecc | AT67: quota fissa ACQ | AU67: quota fissa FOGN | AV67: quota fissa DEP | AW67: tariffa FOGN | AX67: tariffa DEP | AY67: tariffa agevolata | AZ67: tariffa base | BA67: tariffa 1^ecc | BB67: tariffa 2^ecc | BC67: tariffa 3^ecc | BD67: quota fissa ACQ | BE67: quota fissa FOGN | BF67: quota fissa DEP | BG67: tariffa FOGN | BH67: tariffa DEP | BI67: UI1 acq/fog/ dep | BJ67: UI2 acq/fog/ dep | BK67: UI3 solo acquedotto | BM67: TOTALE ANNUO ACQUEDOTTO | BN67: TOTALE ANNUO FOGNATURA | BO67: TOTALE ANNUO DEPURAZIONE | BP67: TOTALE ANNUO Q.FISSA | BQ67: TOTALE ANNUO ONERI PEREQUAZIONE
H68: =+O32 -> 0 | I68: =+P32 -> 0 | J68: =+O41 -> 0 | K68: =+$L$40/$O$31*H68 -> #DIV/0! | L68: =SUM(BM68:BM78) -> 0 | M68: =SUM(BN68:BN78) -> 0 | N68: =SUM(BO68:BO78) -> 0 | O68: =SUM(BP68:BP78) -> 0 | P68: =SUM(BQ68:BQ78) -> 0 | Q68: =L68+M68+N68+O68+P68 -> 0 | R68: =ROUND(Q68*0.1,2) -> 0 | S68: =Q68+R68 -> 0 | T68: =IFERROR(S68/K68,0) -> 0 | AB68: =IFERROR(FIND($AB$67,AD68,1),0) -> 0 | AD68: =I68 -> 0 | AE68: =VLOOKUP(I68,$AD$22:$AE$66,2,0) -> #N/A | AF68: =YEAR($J$30) -> 1900 | AG68: =$J$30 -> 0 | AH68: =IF(AF70="",$L$30,(CONCATENATE("31/12/",AF68))) -> 0 | AI68: =IF(AF68<>"",$K$68/($L$30-$J$30+1)*(AH68-AG68+1),"") -> #DIV/0! | AJ68: =IF($AB$68=1,IF($J$68>6,ROUND(VLOOKUP($AE$68,INDIRECT(VLOOKUP($AF68,$AG$22:$AI$62,3,0),1),2,0)/365*($AH68-$AG68+1)/6*$J$68,0),ROUND(VLOOKUP($AE$68,INDIRECT(VLOOKUP($AF68,$AG$22:$AI$62,3,0),1),2,0)/365*($AH68-$AG68+1),0)),ROUND(VLOOKUP($AE$68,INDIRECT(VLOOKUP($AF68,$AG$22:$AI$62,3,0),1),2,0)/365*($AH68-$AG68+1),0)*$H$68) -> #N/A | AK68: =IF($AB$68=1,IF($J$68>6,ROUND(VLOOKUP($AE$68,INDIRECT(VLOOKUP($AF68,$AG$22:$AI$62,3,0),1),3,0)/365*($AH68-$AG68+1)/6*$J$68,0),ROUND(VLOOKUP($AE$68,INDIRECT(VLOOKUP($AF68,$AG$22:$AI$62,3,0),1),3,0)/365*($AH68-$AG68+1),0)),ROUND(VLOOKUP($AE$68,INDIRECT(VLOOKUP($AF68,$AG$22:$AI$62,3,0),1),3,0)/365*($AH68-$AG68+1),0)*$H$68) -> #N/A | AL68: =IF($AB$68=1,IF($J$68>6,ROUND(VLOOKUP($AE$68,INDIRECT(VLOOKUP($AF68,$AG$22:$AI$62,3,0),1),4,0)/365*($AH68-$AG68+1)/6*$J$68,0),ROUND(VLOOKUP($AE$68,INDIRECT(VLOOKUP($AF68,$AG$22:$AI$62,3,0),1),4,0)/365*($AH68-$AG68+1),0)),ROUND(VLOOKUP($AE$68,INDIRECT(VLOOKUP($AF68,$AG$22:$AI$62,3,0),1),4,0)/365*($AH68-$AG68+1),0)*$H$68) -> #N/A | AM68: =IF($AB$68=1,IF($J$68>6,ROUND(VLOOKUP($AE$68,INDIRECT(VLOOKUP($AF68,$AG$22:$AI$62,3,0),1),5,0)/365*($AH68-$AG68+1)/6*$J$68,0),ROUND(VLOOKUP($AE$68,INDIRECT(VLOOKUP($AF68,$AG$22:$AI$62,3,0),1),5,0)/365*($AH68-$AG68+1),0)),ROUND(VLOOKUP($AE$68,INDIRECT(VLOOKUP($AF68,$AG$22:$AI$62,3,0),1),5,0)/365*($AH68-$AG68+1),0)*$H$68) -> #N/A | AN68: =IF($AB$68=1,IF($J$68>6,ROUND(VLOOKUP($AE$68,INDIRECT(VLOOKUP($AF68,$AG$22:$AI$62,3,0),1),6,0)/365*($AH68-$AG68+1)/6*$J$68,0),ROUND(VLOOKUP($AE$68,INDIRECT(VLOOKUP($AF68,$AG$22:$AI$62,3,0),1),6,0)/365*($AH68-$AG68+1),0)),ROUND(VLOOKUP($AE$68,INDIRECT(VLOOKUP($AF68,$AG$22:$AI$62,3,0),1),6,0)/365*($AH68-$AG68+1),0)*$H$68) -> #N/A | AO68: =VLOOKUP($AE$68,INDIRECT(VLOOKUP(AF68,$AG$22:$AI$62,3,0),1),7,0) -> #N/A | AP68: =VLOOKUP($AE$68,INDIRECT(VLOOKUP(AF68,$AG$22:$AI$62,3,0),1),8,0) -> #N/A | AQ68: =VLOOKUP($AE$68,INDIRECT(VLOOKUP(AF68,$AG$22:$AI$62,3,0),1),9,0) -> #N/A | AR68: =VLOOKUP($AE$68,INDIRECT(VLOOKUP(AF68,$AG$22:$AI$62,3,0),1),10,0) -> #N/A | AS68: =VLOOKUP($AE$68,INDIRECT(VLOOKUP(AF68,$AG$22:$AI$62,3,0),1),11,0) -> #N/A | AT68: =VLOOKUP($AE$68,INDIRECT(VLOOKUP(AF68,$AG$22:$AI$62,3,0),1),12,0) -> #N/A | AU68: =VLOOKUP($AE$68,INDIRECT(VLOOKUP(AF68,$AG$22:$AI$62,3,0),1),13,0) -> #N/A | AV68: =VLOOKUP($AE$68,INDIRECT(VLOOKUP(AF68,$AG$22:$AI$62,3,0),1),14,0) -> #N/A | AW68: =VLOOKUP($AE$68,INDIRECT(VLOOKUP(AF68,$AG$22:$AI$62,3,0),1),15,0) -> #N/A | AX68: =VLOOKUP($AE$68,INDIRECT(VLOOKUP(AF68,$AG$22:$AI$62,3,0),1),16,0) -> #N/A | AY68: =VLOOKUP($AE$68,INDIRECT(VLOOKUP(AF68,$AG$22:$AI$62,3,0),1),17,0) -> #N/A | AZ68: =VLOOKUP($AE$68,INDIRECT(VLOOKUP(AF68,$AG$22:$AI$62,3,0),1),18,0) -> #N/A | BA68: =VLOOKUP($AE$68,INDIRECT(VLOOKUP(AF68,$AG$22:$AI$62,3,0),1),19,0) -> #N/A | BB68: =VLOOKUP($AE$68,INDIRECT(VLOOKUP(AF68,$AG$22:$AI$62,3,0),1),20,0) -> #N/A | BC68: =VLOOKUP($AE$68,INDIRECT(VLOOKUP(AF68,$AG$22:$AI$62,3,0),1),21,0) -> #N/A | BD68: =VLOOKUP($AE$68,INDIRECT(VLOOKUP(AF68,$AG$22:$AI$62,3,0),1),22,0) -> #N/A | BE68: =VLOOKUP($AE$68,INDIRECT(VLOOKUP(AF68,$AG$22:$AI$62,3,0),1),23,0) -> #N/A | BF68: =VLOOKUP($AE$68,INDIRECT(VLOOKUP(AF68,$AG$22:$AI$62,3,0),1),24,0) -> #N/A | BG68: =VLOOKUP($AE$68,INDIRECT(VLOOKUP(AF68,$AG$22:$AI$62,3,0),1),25,0) -> #N/A | BH68: =VLOOKUP($AE$68,INDIRECT(VLOOKUP(AF68,$AG$22:$AI$62,3,0),1),26,0) -> #N/A | BI68: =VLOOKUP($AE$68,INDIRECT(VLOOKUP(AF68,$AG$22:$AI$62,3,0),1),27,0) -> #N/A | BJ68: =VLOOKUP($AE$68,INDIRECT(VLOOKUP(AF68,$AG$22:$AI$62,3,0),1),28,0) -> #N/A | BK68: =VLOOKUP($AE$68,INDIRECT(VLOOKUP(AF68,$AG$22:$AI$62,3,0),1),29,0) -> #N/A
H69: =+O33 -> 0 | I69: =+P33 -> 0 | J69: 0 | K69: =+$L$40/$O$31*H69 -> #DIV/0! | L69: =SUM(BM79:BM89) -> 0 | M69: =SUM(BN79:BN89) -> 0 | N69: =SUM(BO79:BO89) -> 0 | O69: =SUM(BP79:BP89) -> 0 | P69: =SUM(BQ79:BQ89) -> 0 | Q69: =L69+M69+N69+O69+P69 -> 0 | R69: =ROUND(Q69*0.1,2) -> 0 | S69: =Q69+R69 -> 0 | T69: =IFERROR(S69/K69,0) -> 0 | AJ69: =IF(AI68>AJ68,AJ68,AI68) -> #DIV/0! | AK69: =IF($AI68>AK68,AK68-AJ68,IF($AI68<AJ68,0,$AI68-AJ68)) -> #DIV/0! | AL69: =IF($AI68>AL68,AL68-AK68,IF($AI68<AK68,0,$AI68-AK68)) -> #DIV/0! | AM69: =IF($AI68>AM68,AM68-AL68,IF($AI68<AL68,0,$AI68-AL68)) -> #DIV/0! | AN69: =IF($AI68>AN68,AN68-AM68,IF($AI68<AM68,0,$AI68-AM68)) -> #DIV/0! | AO69: =AO68*AJ69 -> #N/A | AP69: =AP68*AK69 -> #N/A | AQ69: =AQ68*AL69 -> #N/A | AR69: =AR68*AM69 -> #N/A | AS69: =AS68*AN69 -> #N/A | AT69: =ROUND(($AH68-$AG68+1),0)*(AT68/365)*$H$68 -> #N/A | AU69: =ROUND(($AH68-$AG68+1),0)*(AU68/365)*$AW$65*$H$68 -> #N/A | AV69: =ROUND(($AH68-$AG68+1),0)*(AV68/365)*$AX$65*$H$68 -> #N/A | AW69: =AW68*$AI68*$AW$65 -> #N/A | AX69: =AX68*$AI68*$AX$65 -> #N/A | AY69: =AY68*AJ69 -> #N/A | AZ69: =AZ68*AK69 -> #N/A | BA69: =BA68*AL69 -> #N/A | BB69: =BB68*AM69 -> #N/A | BC69: =BC68*AN69 -> #N/A | BD69: =ROUND(($AH68-$AG68+1),0)*(BD68/365)*$H$68 -> #N/A | BE69: =ROUND(($AH68-$AG68+1),0)*(BE68/365)*$AW$65*$H$68 -> #N/A | BF69: =ROUND(($AH68-$AG68+1),0)*(BF68/365)*$AX$65*$H$68 -> #N/A | BG69: =BG68*$AI68*$AW$65 -> #N/A | BH69: =BH68*$AI68*$AX$65 -> #N/A | BI69: =$AI68*BI68*$BI$65 -> #DIV/0! | BJ69: =$AI68*BJ68*$BJ$65 -> #DIV/0! | BK69: =IF(AF68>2019,$AI68*BK68*$BK$65,$AI68*BK68*1) -> #DIV/0! | BM69: =IFERROR(SUM(AO69:AS69,AY69:BC69),0) -> 0 | BN69: =IFERROR(SUM(AW69,BG69),0) -> 0 | BO69: =IFERROR(SUM(AX69,BH69),0) -> 0 | BP69: =IFERROR(SUM(AT69:AV69,BD69:BF69),0) -> 0 | BQ69: =IFERROR(SUM(BI69:BK69),0) -> 0
H70: =+O34 -> 0 | I70: =+P34 -> 0 | K70: =+$L$40/$O$31*H70 -> #DIV/0! | L70: =SUM(BM90:BM100) -> 0 | M70: =SUM(BN90:BN100) -> 0 | N70: =SUM(BO90:BO100) -> 0 | O70: =SUM(BP90:BP100) -> 0 | P70: =SUM(BQ90:BQ100) -> 0 | Q70: =L70+M70+N70+O70+P70 -> 0 | R70: =ROUND(Q70*0.1,2) -> 0 | S70: =Q70+R70 -> 0 | T70: =IFERROR(S70/K70,0) -> 0 | AF70: =IF($AF$66>0,AF68+1,"") | AG70: =IF(AF70="","",CONCATENATE("01/01/",AF70)) | AH70: =IF(AF72="",IF(AF70="","",$L$30),(CONCATENATE("31/12/",AF70))) | AI70: =IF(AF70<>"",$K$68/($L$30-$J$30+1)*(AH70-AG70+1),"") | AJ70: =IF($AB$68=1,IF($J$68>6,ROUND(VLOOKUP($AE$68,INDIRECT(VLOOKUP($AF70,$AG$22:$AI$62,3,0),1),2,0)/365*($AH70-$AG70+1)/6*$J$68,0),ROUND(VLOOKUP($AE$68,INDIRECT(VLOOKUP($AF70,$AG$22:$AI$62,3,0),1),2,0)/365*($AH70-$AG70+1),0)),ROUND(VLOOKUP($AE$68,INDIRECT(VLOOKUP($AF70,$AG$22:$AI$62,3,0),1),2,0)/365*($AH70-$AG70+1),0)*$H$68) -> #N/A | AK70: =IF($AB$68=1,IF($J$68>6,ROUND(VLOOKUP($AE$68,INDIRECT(VLOOKUP($AF70,$AG$22:$AI$62,3,0),1),3,0)/365*($AH70-$AG70+1)/6*$J$68,0),ROUND(VLOOKUP($AE$68,INDIRECT(VLOOKUP($AF70,$AG$22:$AI$62,3,0),1),3,0)/365*($AH70-$AG70+1),0)),ROUND(VLOOKUP($AE$68,INDIRECT(VLOOKUP($AF70,$AG$22:$AI$62,3,0),1),3,0)/365*($AH70-$AG70+1),0)*$H$68) -> #N/A | AL70: =IF($AB$68=1,IF($J$68>6,ROUND(VLOOKUP($AE$68,INDIRECT(VLOOKUP($AF70,$AG$22:$AI$62,3,0),1),4,0)/365*($AH70-$AG70+1)/6*$J$68,0),ROUND(VLOOKUP($AE$68,INDIRECT(VLOOKUP($AF70,$AG$22:$AI$62,3,0),1),4,0)/365*($AH70-$AG70+1),0)),ROUND(VLOOKUP($AE$68,INDIRECT(VLOOKUP($AF70,$AG$22:$AI$62,3,0),1),4,0)/365*($AH70-$AG70+1),0)*$H$68) -> #N/A | AM70: =IF($AB$68=1,IF($J$68>6,ROUND(VLOOKUP($AE$68,INDIRECT(VLOOKUP($AF70,$AG$22:$AI$62,3,0),1),5,0)/365*($AH70-$AG70+1)/6*$J$68,0),ROUND(VLOOKUP($AE$68,INDIRECT(VLOOKUP($AF70,$AG$22:$AI$62,3,0),1),5,0)/365*($AH70-$AG70+1),0)),ROUND(VLOOKUP($AE$68,INDIRECT(VLOOKUP($AF70,$AG$22:$AI$62,3,0),1),5,0)/365*($AH70-$AG70+1),0)*$H$68) -> #N/A | AN70: =IF($AB$68=1,IF($J$68>6,ROUND(VLOOKUP($AE$68,INDIRECT(VLOOKUP($AF70,$AG$22:$AI$62,3,0),1),6,0)/365*($AH70-$AG70+1)/6*$J$68,0),ROUND(VLOOKUP($AE$68,INDIRECT(VLOOKUP($AF70,$AG$22:$AI$62,3,0),1),6,0)/365*($AH70-$AG70+1),0)),ROUND(VLOOKUP($AE$68,INDIRECT(VLOOKUP($AF70,$AG$22:$AI$62,3,0),1),6,0)/365*($AH70-$AG70+1),0)*$H$68) -> #N/A | AO70: =VLOOKUP($AE$68,INDIRECT(VLOOKUP(AF70,$AG$22:$AI$62,3,0),1),7,0) -> #N/A | AP70: =VLOOKUP($AE$68,INDIRECT(VLOOKUP(AF70,$AG$22:$AI$62,3,0),1),8,0) -> #N/A | AQ70: =VLOOKUP($AE$68,INDIRECT(VLOOKUP(AF70,$AG$22:$AI$62,3,0),1),9,0) -> #N/A | AR70: =VLOOKUP($AE$68,INDIRECT(VLOOKUP(AF70,$AG$22:$AI$62,3,0),1),10,0) -> #N/A | AS70: =VLOOKUP($AE$68,INDIRECT(VLOOKUP(AF70,$AG$22:$AI$62,3,0),1),11,0) -> #N/A | AT70: =VLOOKUP($AE$68,INDIRECT(VLOOKUP(AF70,$AG$22:$AI$62,3,0),1),12,0) -> #N/A | AU70: =VLOOKUP($AE$68,INDIRECT(VLOOKUP(AF70,$AG$22:$AI$62,3,0),1),13,0) -> #N/A | AV70: =VLOOKUP($AE$68,INDIRECT(VLOOKUP(AF70,$AG$22:$AI$62,3,0),1),14,0) -> #N/A | AW70: =VLOOKUP($AE$68,INDIRECT(VLOOKUP(AF70,$AG$22:$AI$62,3,0),1),15,0) -> #N/A | AX70: =VLOOKUP($AE$68,INDIRECT(VLOOKUP(AF70,$AG$22:$AI$62,3,0),1),16,0) -> #N/A | AY70: =VLOOKUP($AE$68,INDIRECT(VLOOKUP(AF70,$AG$22:$AI$62,3,0),1),17,0) -> #N/A | AZ70: =VLOOKUP($AE$68,INDIRECT(VLOOKUP(AF70,$AG$22:$AI$62,3,0),1),18,0) -> #N/A | BA70: =VLOOKUP($AE$68,INDIRECT(VLOOKUP(AF70,$AG$22:$AI$62,3,0),1),19,0) -> #N/A | BB70: =VLOOKUP($AE$68,INDIRECT(VLOOKUP(AF70,$AG$22:$AI$62,3,0),1),20,0) -> #N/A | BC70: =VLOOKUP($AE$68,INDIRECT(VLOOKUP(AF70,$AG$22:$AI$62,3,0),1),21,0) -> #N/A | BD70: =VLOOKUP($AE$68,INDIRECT(VLOOKUP(AF70,$AG$22:$AI$62,3,0),1),22,0) -> #N/A | BE70: =VLOOKUP($AE$68,INDIRECT(VLOOKUP(AF70,$AG$22:$AI$62,3,0),1),23,0) -> #N/A | BF70: =VLOOKUP($AE$68,INDIRECT(VLOOKUP(AF70,$AG$22:$AI$62,3,0),1),24,0) -> #N/A | BG70: =VLOOKUP($AE$68,INDIRECT(VLOOKUP(AF70,$AG$22:$AI$62,3,0),1),25,0) -> #N/A | BH70: =VLOOKUP($AE$68,INDIRECT(VLOOKUP(AF70,$AG$22:$AI$62,3,0),1),26,0) -> #N/A | BI70: =VLOOKUP($AE$68,INDIRECT(VLOOKUP(AF70,$AG$22:$AI$62,3,0),1),27,0) -> #N/A | BJ70: =VLOOKUP($AE$68,INDIRECT(VLOOKUP(AF70,$AG$22:$AI$62,3,0),1),28,0) -> #N/A | BK70: =VLOOKUP($AE$68,INDIRECT(VLOOKUP(AF70,$AG$22:$AI$62,3,0),1),29,0) -> #N/A
H71: =+O35 -> 0 | I71: =+P35 -> 0 | K71: =+$L$40/$O$31*H71 -> #DIV/0! | L71: =SUM(BM101:BM111) -> 0 | M71: =SUM(BN101:BN111) -> 0 | N71: =SUM(BO101:BO111) -> 0 | O71: =SUM(BP101:BP111) -> 0 | P71: =SUM(BQ101:BQ111) -> 0 | Q71: =L71+M71+N71+O71+P71 -> 0 | R71: =ROUND(Q71*0.1,2) -> 0 | S71: =Q71+R71 -> 0 | T71: =IFERROR(S71/K71,0) -> 0 | AJ71: =IF(AI70>AJ70,AJ70,AI70) -> #N/A | AK71: =IF($AI70>AK70,AK70-AJ70,IF($AI70<AJ70,0,$AI70-AJ70)) -> #N/A | AL71: =IF($AI70>AL70,AL70-AK70,IF($AI70<AK70,0,$AI70-AK70)) -> #N/A | AM71: =IF($AI70>AM70,AM70-AL70,IF($AI70<AL70,0,$AI70-AL70)) -> #N/A | AN71: =IF($AI70>AN70,AN70-AM70,IF($AI70<AM70,0,$AI70-AM70)) -> #N/A | AO71: =AO70*AJ71 -> #N/A | AP71: =AP70*AK71 -> #N/A | AQ71: =AQ70*AL71 -> #N/A | AR71: =AR70*AM71 -> #N/A | AS71: =AS70*AN71 -> #N/A | AT71: =ROUND(($AH70-$AG70+1),0)*(AT70/365)*$H$68 -> #VALUE! | AU71: =ROUND(($AH70-$AG70+1),0)*(AU70/365)*$AW$65*$H$68 -> #VALUE! | AV71: =ROUND(($AH70-$AG70+1),0)*(AV70/365)*$AX$65*$H$68 -> #VALUE! | AW71: =AW70*$AI70*$AW$65 -> #N/A | AX71: =AX70*$AI70*$AX$65 -> #N/A | AY71: =AY70*AJ71 -> #N/A | AZ71: =AZ70*AK71 -> #N/A | BA71: =BA70*AL71 -> #N/A | BB71: =BB70*AM71 -> #N/A | BC71: =BC70*AN71 -> #N/A | BD71: =ROUND(($AH70-$AG70+1),0)*(BD70/365)*$H$68 -> #VALUE! | BE71: =ROUND(($AH70-$AG70+1),0)*(BE70/365)*$AW$65*$H$68 -> #VALUE! | BF71: =ROUND(($AH70-$AG70+1),0)*(BF70/365)*$AX$65*$H$68 -> #VALUE! | BG71: =BG70*$AI70*$AW$65 -> #N/A | BH71: =BH70*$AI70*$AX$65 -> #N/A | BI71: =$AI70*BI70*$BI$65 -> #VALUE! | BJ71: =$AI70*BJ70*$BJ$65 -> #VALUE! | BK71: =IF(AF70>2019,$AI70*BK70*$BK$65,$AI70*BK70*1) -> #VALUE! | BM71: =IFERROR(SUM(AO71:AS71,AY71:BC71),0) -> 0 | BN71: =IFERROR(SUM(AW71,BG71),0) -> 0 | BO71: =IFERROR(SUM(AX71,BH71),0) -> 0 | BP71: =IFERROR(SUM(AT71:AV71,BD71:BF71),0) -> 0 | BQ71: =IFERROR(SUM(BI71:BK71),0) -> 0
H72: =+O36 -> 0 | I72: =+P36 -> 0 | K72: =+$L$40/$O$31*H72 -> #DIV/0! | L72: =SUM(BM112:BM122) -> 0 | M72: =SUM(BN112:BN122) -> 0 | N72: =SUM(BO112:BO122) -> 0 | O72: =SUM(BP112:BP122) -> 0 | P72: =SUM(BQ112:BQ122) -> 0 | Q72: =L72+M72+N72+O72+P72 -> 0 | R72: =ROUND(Q72*0.1,2) -> 0 | S72: =Q72+R72 -> 0 | T72: =IFERROR(S72/K72,0) -> 0 | AF72: =IF($AF$66>1,AF70+1,"") | AG72: =IF(AF72="","",CONCATENATE("01/01/",AF72)) | AH72: =IF(AF74="",IF(AF72="","",$L$30),(CONCATENATE("31/12/",AF72))) | AI72: =IF(AF72<>"",$K$68/($L$30-$J$30)*(AH72-AG72),"") | AJ72: =IF($AB$68=1,IF($J$68>6,ROUND(VLOOKUP($AE$68,INDIRECT(VLOOKUP($AF72,$AG$22:$AI$62,3,0),1),2,0)/365*($AH72-$AG72+1)/6*$J$68,0),ROUND(VLOOKUP($AE$68,INDIRECT(VLOOKUP($AF72,$AG$22:$AI$62,3,0),1),2,0)/365*($AH72-$AG72+1),0)),ROUND(VLOOKUP($AE$68,INDIRECT(VLOOKUP($AF72,$AG$22:$AI$62,3,0),1),2,0)/365*($AH72-$AG72+1),0)*$H$68) -> #N/A | AK72: =IF($AB$68=1,IF($J$68>6,ROUND(VLOOKUP($AE$68,INDIRECT(VLOOKUP($AF72,$AG$22:$AI$62,3,0),1),3,0)/365*($AH72-$AG72+1)/6*$J$68,0),ROUND(VLOOKUP($AE$68,INDIRECT(VLOOKUP($AF72,$AG$22:$AI$62,3,0),1),3,0)/365*($AH72-$AG72+1),0)),ROUND(VLOOKUP($AE$68,INDIRECT(VLOOKUP($AF72,$AG$22:$AI$62,3,0),1),3,0)/365*($AH72-$AG72+1),0)*$H$68) -> #N/A | AL72: =IF($AB$68=1,IF($J$68>6,ROUND(VLOOKUP($AE$68,INDIRECT(VLOOKUP($AF72,$AG$22:$AI$62,3,0),1),4,0)/365*($AH72-$AG72+1)/6*$J$68,0),ROUND(VLOOKUP($AE$68,INDIRECT(VLOOKUP($AF72,$AG$22:$AI$62,3,0),1),4,0)/365*($AH72-$AG72+1),0)),ROUND(VLOOKUP($AE$68,INDIRECT(VLOOKUP($AF72,$AG$22:$AI$62,3,0),1),4,0)/365*($AH72-$AG72+1),0)*$H$68) -> #N/A | AM72: =IF($AB$68=1,IF($J$68>6,ROUND(VLOOKUP($AE$68,INDIRECT(VLOOKUP($AF72,$AG$22:$AI$62,3,0),1),5,0)/365*($AH72-$AG72+1)/6*$J$68,0),ROUND(VLOOKUP($AE$68,INDIRECT(VLOOKUP($AF72,$AG$22:$AI$62,3,0),1),5,0)/365*($AH72-$AG72+1),0)),ROUND(VLOOKUP($AE$68,INDIRECT(VLOOKUP($AF72,$AG$22:$AI$62,3,0),1),5,0)/365*($AH72-$AG72+1),0)*$H$68) -> #N/A | AN72: =IF($AB$68=1,IF($J$68>6,ROUND(VLOOKUP($AE$68,INDIRECT(VLOOKUP($AF72,$AG$22:$AI$62,3,0),1),6,0)/365*($AH72-$AG72+1)/6*$J$68,0),ROUND(VLOOKUP($AE$68,INDIRECT(VLOOKUP($AF72,$AG$22:$AI$62,3,0),1),6,0)/365*($AH72-$AG72+1),0)),ROUND(VLOOKUP($AE$68,INDIRECT(VLOOKUP($AF72,$AG$22:$AI$62,3,0),1),6,0)/365*($AH72-$AG72+1),0)*$H$68) -> #N/A | AO72: =VLOOKUP($AE$68,INDIRECT(VLOOKUP(AF72,$AG$22:$AI$62,3,0),1),7,0) -> #N/A | AP72: =VLOOKUP($AE$68,INDIRECT(VLOOKUP(AF72,$AG$22:$AI$62,3,0),1),8,0) -> #N/A | AQ72: =VLOOKUP($AE$68,INDIRECT(VLOOKUP(AF72,$AG$22:$AI$62,3,0),1),9,0) -> #N/A | AR72: =VLOOKUP($AE$68,INDIRECT(VLOOKUP(AF72,$AG$22:$AI$62,3,0),1),10,0) -> #N/A | AS72: =VLOOKUP($AE$68,INDIRECT(VLOOKUP(AF72,$AG$22:$AI$62,3,0),1),11,0) -> #N/A | AT72: =VLOOKUP($AE$68,INDIRECT(VLOOKUP(AF72,$AG$22:$AI$62,3,0),1),12,0) -> #N/A | AU72: =VLOOKUP($AE$68,INDIRECT(VLOOKUP(AF72,$AG$22:$AI$62,3,0),1),13,0) -> #N/A | AV72: =VLOOKUP($AE$68,INDIRECT(VLOOKUP(AF72,$AG$22:$AI$62,3,0),1),14,0) -> #N/A | AW72: =VLOOKUP($AE$68,INDIRECT(VLOOKUP(AF72,$AG$22:$AI$62,3,0),1),15,0) -> #N/A | AX72: =VLOOKUP($AE$68,INDIRECT(VLOOKUP(AF72,$AG$22:$AI$62,3,0),1),16,0) -> #N/A | AY72: =VLOOKUP($AE$68,INDIRECT(VLOOKUP(AF72,$AG$22:$AI$62,3,0),1),17,0) -> #N/A | AZ72: =VLOOKUP($AE$68,INDIRECT(VLOOKUP(AF72,$AG$22:$AI$62,3,0),1),18,0) -> #N/A | BA72: =VLOOKUP($AE$68,INDIRECT(VLOOKUP(AF72,$AG$22:$AI$62,3,0),1),19,0) -> #N/A | BB72: =VLOOKUP($AE$68,INDIRECT(VLOOKUP(AF72,$AG$22:$AI$62,3,0),1),20,0) -> #N/A | BC72: =VLOOKUP($AE$68,INDIRECT(VLOOKUP(AF72,$AG$22:$AI$62,3,0),1),21,0) -> #N/A | BD72: =VLOOKUP($AE$68,INDIRECT(VLOOKUP(AF72,$AG$22:$AI$62,3,0),1),22,0) -> #N/A | BE72: =VLOOKUP($AE$68,INDIRECT(VLOOKUP(AF72,$AG$22:$AI$62,3,0),1),23,0) -> #N/A | BF72: =VLOOKUP($AE$68,INDIRECT(VLOOKUP(AF72,$AG$22:$AI$62,3,0),1),24,0) -> #N/A | BG72: =VLOOKUP($AE$68,INDIRECT(VLOOKUP(AF72,$AG$22:$AI$62,3,0),1),25,0) -> #N/A | BH72: =VLOOKUP($AE$68,INDIRECT(VLOOKUP(AF72,$AG$22:$AI$62,3,0),1),26,0) -> #N/A | BI72: =VLOOKUP($AE$68,INDIRECT(VLOOKUP(AF72,$AG$22:$AI$62,3,0),1),27,0) -> #N/A | BJ72: =VLOOKUP($AE$68,INDIRECT(VLOOKUP(AF72,$AG$22:$AI$62,3,0),1),28,0) -> #N/A | BK72: =VLOOKUP($AE$68,INDIRECT(VLOOKUP(AF72,$AG$22:$AI$62,3,0),1),29,0) -> #N/A
H73: =+O37 -> 0 | I73: =+P37 -> 0 | K73: =+$L$40/$O$31*H73 -> #DIV/0! | L73: =SUM(BM123:BM133) -> 0 | M73: =SUM(BN123:BN133) -> 0 | N73: =SUM(BO123:BO133) -> 0 | O73: =SUM(BP123:BP133) -> 0 | P73: =SUM(BQ123:BQ133) -> 0 | Q73: =L73+M73+N73+O73+P73 -> 0 | R73: =ROUND(Q73*0.1,2) -> 0 | S73: =Q73+R73 -> 0 | T73: =IFERROR(S73/K73,0) -> 0 | AJ73: =IF(AI72>AJ72,AJ72,AI72) -> #N/A | AK73: =IF($AI72>AK72,AK72-AJ72,IF($AI72<AJ72,0,$AI72-AJ72)) -> #N/A | AL73: =IF($AI72>AL72,AL72-AK72,IF($AI72<AK72,0,$AI72-AK72)) -> #N/A | AM73: =IF($AI72>AM72,AM72-AL72,IF($AI72<AL72,0,$AI72-AL72)) -> #N/A | AN73: =IF($AI72>AN72,AN72-AM72,IF($AI72<AM72,0,$AI72-AM72)) -> #N/A | AO73: =AO72*AJ73 -> #N/A | AP73: =AP72*AK73 -> #N/A | AQ73: =AQ72*AL73 -> #N/A | AR73: =AR72*AM73 -> #N/A | AS73: =AS72*AN73 -> #N/A | AT73: =ROUND(($AH72-$AG72+1),0)*(AT72/365)*$H$68 -> #VALUE! | AU73: =ROUND(($AH72-$AG72+1),0)*(AU72/365)*$AW$65*$H$68 -> #VALUE! | AV73: =ROUND(($AH72-$AG72+1),0)*(AV72/365)*$AX$65*$H$68 -> #VALUE! | AW73: =AW72*$AI72*$AW$65 -> #N/A | AX73: =AX72*$AI72*$AX$65 -> #N/A | AY73: =AY72*AJ73 -> #N/A | AZ73: =AZ72*AK73 -> #N/A | BA73: =BA72*AL73 -> #N/A | BB73: =BB72*AM73 -> #N/A | BC73: =BC72*AN73 -> #N/A | BD73: =ROUND(($AH72-$AG72+1),0)*(BD72/365)*$H$68 -> #VALUE! | BE73: =ROUND(($AH72-$AG72+1),0)*(BE72/365)*$AW$65*$H$68 -> #VALUE! | BF73: =ROUND(($AH72-$AG72+1),0)*(BF72/365)*$AX$65*$H$68 -> #VALUE! | BG73: =BG72*$AI72*$AW$65 -> #N/A | BH73: =BH72*$AI72*$AX$65 -> #N/A | BI73: =$AI72*BI72*$BI$65 -> #VALUE! | BJ73: =$AI72*BJ72*$BJ$65 -> #VALUE! | BK73: =IF(AF72>2019,$AI72*BK72*$BK$65,$AI72*BK72*1) -> #VALUE! | BM73: =IFERROR(SUM(AO73:AS73,AY73:BC73),0) -> 0 | BN73: =IFERROR(SUM(AW73,BG73),0) -> 0 | BO73: =IFERROR(SUM(AX73,BH73),0) -> 0 | BP73: =IFERROR(SUM(AT73:AV73,BD73:BF73),0) -> 0 | BQ73: =IFERROR(SUM(BI73:BK73),0) -> 0
H74: =+O38 -> 0 | I74: =+P38 -> 0 | K74: =+$L$40/$O$31*H74 -> #DIV/0! | L74: =SUM(BM134:BM144) -> 0 | M74: =SUM(BN134:BN144) -> 0 | N74: =SUM(BO134:BO144) -> 0 | O74: =SUM(BP134:BP144) -> 0 | P74: =SUM(BQ134:BQ144) -> 0 | Q74: =L74+M74+N74+O74+P74 -> 0 | R74: =ROUND(Q74*0.1,2) -> 0 | S74: =Q74+R74 -> 0 | T74: =IFERROR(S74/K74,0) -> 0 | AF74: =IF($AF$66>2,AF72+1,"") | AG74: =IF(AF74="","",CONCATENATE("01/01/",AF74)) | AH74: =IF(AF76="",IF(AF74="","",$L$30),(CONCATENATE("31/12/",AF74))) | AI74: =IF(AF74<>"",$K$68/($L$30-$J$30)*(AH74-AG74),"") | AJ74: =IF($AB$68=1,IF($J$68>6,ROUND(VLOOKUP($AE$68,INDIRECT(VLOOKUP($AF74,$AG$22:$AI$62,3,0),1),2,0)/365*($AH74-$AG74+1)/6*$J$68,0),ROUND(VLOOKUP($AE$68,INDIRECT(VLOOKUP($AF74,$AG$22:$AI$62,3,0),1),2,0)/365*($AH74-$AG74+1),0)),ROUND(VLOOKUP($AE$68,INDIRECT(VLOOKUP($AF74,$AG$22:$AI$62,3,0),1),2,0)/365*($AH74-$AG74+1),0)*$H$68) -> #N/A | AK74: =IF($AB$68=1,IF($J$68>6,ROUND(VLOOKUP($AE$68,INDIRECT(VLOOKUP($AF74,$AG$22:$AI$62,3,0),1),3,0)/365*($AH74-$AG74+1)/6*$J$68,0),ROUND(VLOOKUP($AE$68,INDIRECT(VLOOKUP($AF74,$AG$22:$AI$62,3,0),1),3,0)/365*($AH74-$AG74+1),0)),ROUND(VLOOKUP($AE$68,INDIRECT(VLOOKUP($AF74,$AG$22:$AI$62,3,0),1),3,0)/365*($AH74-$AG74+1),0)*$H$68) -> #N/A | AL74: =IF($AB$68=1,IF($J$68>6,ROUND(VLOOKUP($AE$68,INDIRECT(VLOOKUP($AF74,$AG$22:$AI$62,3,0),1),4,0)/365*($AH74-$AG74+1)/6*$J$68,0),ROUND(VLOOKUP($AE$68,INDIRECT(VLOOKUP($AF74,$AG$22:$AI$62,3,0),1),4,0)/365*($AH74-$AG74+1),0)),ROUND(VLOOKUP($AE$68,INDIRECT(VLOOKUP($AF74,$AG$22:$AI$62,3,0),1),4,0)/365*($AH74-$AG74+1),0)*$H$68) -> #N/A | AM74: =IF($AB$68=1,IF($J$68>6,ROUND(VLOOKUP($AE$68,INDIRECT(VLOOKUP($AF74,$AG$22:$AI$62,3,0),1),5,0)/365*($AH74-$AG74+1)/6*$J$68,0),ROUND(VLOOKUP($AE$68,INDIRECT(VLOOKUP($AF74,$AG$22:$AI$62,3,0),1),5,0)/365*($AH74-$AG74+1),0)),ROUND(VLOOKUP($AE$68,INDIRECT(VLOOKUP($AF74,$AG$22:$AI$62,3,0),1),5,0)/365*($AH74-$AG74+1),0)*$H$68) -> #N/A | AN74: =IF($AB$68=1,IF($J$68>6,ROUND(VLOOKUP($AE$68,INDIRECT(VLOOKUP($AF74,$AG$22:$AI$62,3,0),1),6,0)/365*($AH74-$AG74+1)/6*$J$68,0),ROUND(VLOOKUP($AE$68,INDIRECT(VLOOKUP($AF74,$AG$22:$AI$62,3,0),1),6,0)/365*($AH74-$AG74+1),0)),ROUND(VLOOKUP($AE$68,INDIRECT(VLOOKUP($AF74,$AG$22:$AI$62,3,0),1),6,0)/365*($AH74-$AG74+1),0)*$H$68) -> #N/A | AO74: =VLOOKUP($AE$68,INDIRECT(VLOOKUP(AF74,$AG$22:$AI$62,3,0),1),7,0) -> #N/A | AP74: =VLOOKUP($AE$68,INDIRECT(VLOOKUP(AF74,$AG$22:$AI$62,3,0),1),8,0) -> #N/A | AQ74: =VLOOKUP($AE$68,INDIRECT(VLOOKUP(AF74,$AG$22:$AI$62,3,0),1),9,0) -> #N/A | AR74: =VLOOKUP($AE$68,INDIRECT(VLOOKUP(AF74,$AG$22:$AI$62,3,0),1),10,0) -> #N/A | AS74: =VLOOKUP($AE$68,INDIRECT(VLOOKUP(AF74,$AG$22:$AI$62,3,0),1),11,0) -> #N/A | AT74: =VLOOKUP($AE$68,INDIRECT(VLOOKUP(AF74,$AG$22:$AI$62,3,0),1),12,0) -> #N/A | AU74: =VLOOKUP($AE$68,INDIRECT(VLOOKUP(AF74,$AG$22:$AI$62,3,0),1),13,0) -> #N/A | AV74: =VLOOKUP($AE$68,INDIRECT(VLOOKUP(AF74,$AG$22:$AI$62,3,0),1),14,0) -> #N/A | AW74: =VLOOKUP($AE$68,INDIRECT(VLOOKUP(AF74,$AG$22:$AI$62,3,0),1),15,0) -> #N/A | AX74: =VLOOKUP($AE$68,INDIRECT(VLOOKUP(AF74,$AG$22:$AI$62,3,0),1),16,0) -> #N/A | AY74: =VLOOKUP($AE$68,INDIRECT(VLOOKUP(AF74,$AG$22:$AI$62,3,0),1),17,0) -> #N/A | AZ74: =VLOOKUP($AE$68,INDIRECT(VLOOKUP(AF74,$AG$22:$AI$62,3,0),1),18,0) -> #N/A | BA74: =VLOOKUP($AE$68,INDIRECT(VLOOKUP(AF74,$AG$22:$AI$62,3,0),1),19,0) -> #N/A | BB74: =VLOOKUP($AE$68,INDIRECT(VLOOKUP(AF74,$AG$22:$AI$62,3,0),1),20,0) -> #N/A | BC74: =VLOOKUP($AE$68,INDIRECT(VLOOKUP(AF74,$AG$22:$AI$62,3,0),1),21,0) -> #N/A | BD74: =VLOOKUP($AE$68,INDIRECT(VLOOKUP(AF74,$AG$22:$AI$62,3,0),1),22,0) -> #N/A | BE74: =VLOOKUP($AE$68,INDIRECT(VLOOKUP(AF74,$AG$22:$AI$62,3,0),1),23,0) -> #N/A | BF74: =VLOOKUP($AE$68,INDIRECT(VLOOKUP(AF74,$AG$22:$AI$62,3,0),1),24,0) -> #N/A | BG74: =VLOOKUP($AE$68,INDIRECT(VLOOKUP(AF74,$AG$22:$AI$62,3,0),1),25,0) -> #N/A | BH74: =VLOOKUP($AE$68,INDIRECT(VLOOKUP(AF74,$AG$22:$AI$62,3,0),1),26,0) -> #N/A | BI74: =VLOOKUP($AE$68,INDIRECT(VLOOKUP(AF74,$AG$22:$AI$62,3,0),1),27,0) -> #N/A | BJ74: =VLOOKUP($AE$68,INDIRECT(VLOOKUP(AF74,$AG$22:$AI$62,3,0),1),28,0) -> #N/A | BK74: =VLOOKUP($AE$68,INDIRECT(VLOOKUP(AF74,$AG$22:$AI$62,3,0),1),29,0) -> #N/A
H75: =+O39 -> 0 | I75: =+P39 -> 0 | K75: =+$L$40/$O$31*H75 -> #DIV/0! | L75: =SUM(BM145:BM155) -> 0 | M75: =SUM(BN145:BN155) -> 0 | N75: =SUM(BO145:BO155) -> 0 | O75: =SUM(BP145:BP155) -> 0 | P75: =SUM(BQ145:BQ155) -> 0 | Q75: =L75+M75+N75+O75+P75 -> 0 | R75: =ROUND(Q75*0.1,2) -> 0 | S75: =Q75+R75 -> 0 | T75: =IFERROR(S75/K75,0) -> 0 | AJ75: =IF(AI74>AJ74,AJ74,AI74) -> #N/A | AK75: =IF($AI74>AK74,AK74-AJ74,IF($AI74<AJ74,0,$AI74-AJ74)) -> #N/A | AL75: =IF($AI74>AL74,AL74-AK74,IF($AI74<AK74,0,$AI74-AK74)) -> #N/A | AM75: =IF($AI74>AM74,AM74-AL74,IF($AI74<AL74,0,$AI74-AL74)) -> #N/A | AN75: =IF($AI74>AN74,AN74-AM74,IF($AI74<AM74,0,$AI74-AM74)) -> #N/A | AO75: =AO74*AJ75 -> #N/A | AP75: =AP74*AK75 -> #N/A | AQ75: =AQ74*AL75 -> #N/A | AR75: =AR74*AM75 -> #N/A | AS75: =AS74*AN75 -> #N/A | AT75: =ROUND(($AH74-$AG74+1),0)*(AT74/365)*$H$68 -> #VALUE! | AU75: =ROUND(($AH74-$AG74+1),0)*(AU74/365)*$AW$65*$H$68 -> #VALUE! | AV75: =ROUND(($AH74-$AG74+1),0)*(AV74/365)*$AX$65*$H$68 -> #VALUE! | AW75: =AW74*$AI74*$AW$65 -> #N/A | AX75: =AX74*$AI74*$AX$65 -> #N/A | AY75: =AY74*AJ75 -> #N/A | AZ75: =AZ74*AK75 -> #N/A | BA75: =BA74*AL75 -> #N/A | BB75: =BB74*AM75 -> #N/A | BC75: =BC74*AN75 -> #N/A | BD75: =ROUND(($AH74-$AG74+1),0)*(BD74/365)*$H$68 -> #VALUE! | BE75: =ROUND(($AH74-$AG74+1),0)*(BE74/365)*$AW$65*$H$68 -> #VALUE! | BF75: =ROUND(($AH74-$AG74+1),0)*(BF74/365)*$AX$65*$H$68 -> #VALUE! | BG75: =BG74*$AI74*$AW$65 -> #N/A | BH75: =BH74*$AI74*$AX$65 -> #N/A | BI75: =$AI74*BI74*$BI$65 -> #VALUE! | BJ75: =$AI74*BJ74*$BJ$65 -> #VALUE! | BK75: =IF(AF74>2019,$AI74*BK74*$BK$65,$AI74*BK74*1) -> #VALUE! | BM75: =IFERROR(SUM(AO75:AS75,AY75:BC75),0) -> 0 | BN75: =IFERROR(SUM(AW75,BG75),0) -> 0 | BO75: =IFERROR(SUM(AX75,BH75),0) -> 0 | BP75: =IFERROR(SUM(AT75:AV75,BD75:BF75),0) -> 0 | BQ75: =IFERROR(SUM(BI75:BK75),0) -> 0
H76: =+O40 -> 0 | I76: =+P40 -> 0 | K76: =+$L$40/$O$31*H76 -> #DIV/0! | L76: =SUM(BM156:BM166) -> 0 | M76: =SUM(BN156:BN166) -> 0 | N76: =SUM(BO156:BO166) -> 0 | O76: =SUM(BP156:BP166) -> 0 | P76: =SUM(BQ156:BQ166) -> 0 | Q76: =L76+M76+N76+O76+P76 -> 0 | R76: =ROUND(Q76*0.1,2) -> 0 | S76: =Q76+R76 -> 0 | T76: =IFERROR(S76/K76,0) -> 0 | AF76: =IF($AF$66>3,AF74+1,"") | AG76: =IF(AF76="","",CONCATENATE("01/01/",AF76)) | AH76: =IF(AF78="",IF(AF76="","",$L$30),(CONCATENATE("31/12/",AF76))) | AI76: =IF(AF76<>"",$K$68/($L$30-$J$30)*(AH76-AG76),"") | AJ76: =IF($AB$68=1,IF($J$68>6,ROUND(VLOOKUP($AE$68,INDIRECT(VLOOKUP($AF76,$AG$22:$AI$62,3,0),1),2,0)/365*($AH76-$AG76+1)/6*$J$68,0),ROUND(VLOOKUP($AE$68,INDIRECT(VLOOKUP($AF76,$AG$22:$AI$62,3,0),1),2,0)/365*($AH76-$AG76+1),0)),ROUND(VLOOKUP($AE$68,INDIRECT(VLOOKUP($AF76,$AG$22:$AI$62,3,0),1),2,0)/365*($AH76-$AG76+1),0)*$H$68) -> #N/A | AK76: =IF($AB$68=1,IF($J$68>6,ROUND(VLOOKUP($AE$68,INDIRECT(VLOOKUP($AF76,$AG$22:$AI$62,3,0),1),3,0)/365*($AH76-$AG76+1)/6*$J$68,0),ROUND(VLOOKUP($AE$68,INDIRECT(VLOOKUP($AF76,$AG$22:$AI$62,3,0),1),3,0)/365*($AH76-$AG76+1),0)),ROUND(VLOOKUP($AE$68,INDIRECT(VLOOKUP($AF76,$AG$22:$AI$62,3,0),1),3,0)/365*($AH76-$AG76+1),0)*$H$68) -> #N/A | AL76: =IF($AB$68=1,IF($J$68>6,ROUND(VLOOKUP($AE$68,INDIRECT(VLOOKUP($AF76,$AG$22:$AI$62,3,0),1),4,0)/365*($AH76-$AG76+1)/6*$J$68,0),ROUND(VLOOKUP($AE$68,INDIRECT(VLOOKUP($AF76,$AG$22:$AI$62,3,0),1),4,0)/365*($AH76-$AG76+1),0)),ROUND(VLOOKUP($AE$68,INDIRECT(VLOOKUP($AF76,$AG$22:$AI$62,3,0),1),4,0)/365*($AH76-$AG76+1),0)*$H$68) -> #N/A | AM76: =IF($AB$68=1,IF($J$68>6,ROUND(VLOOKUP($AE$68,INDIRECT(VLOOKUP($AF76,$AG$22:$AI$62,3,0),1),5,0)/365*($AH76-$AG76+1)/6*$J$68,0),ROUND(VLOOKUP($AE$68,INDIRECT(VLOOKUP($AF76,$AG$22:$AI$62,3,0),1),5,0)/365*($AH76-$AG76+1),0)),ROUND(VLOOKUP($AE$68,INDIRECT(VLOOKUP($AF76,$AG$22:$AI$62,3,0),1),5,0)/365*($AH76-$AG76+1),0)*$H$68) -> #N/A | AN76: =IF($AB$68=1,IF($J$68>6,ROUND(VLOOKUP($AE$68,INDIRECT(VLOOKUP($AF76,$AG$22:$AI$62,3,0),1),6,0)/365*($AH76-$AG76+1)/6*$J$68,0),ROUND(VLOOKUP($AE$68,INDIRECT(VLOOKUP($AF76,$AG$22:$AI$62,3,0),1),6,0)/365*($AH76-$AG76+1),0)),ROUND(VLOOKUP($AE$68,INDIRECT(VLOOKUP($AF76,$AG$22:$AI$62,3,0),1),6,0)/365*($AH76-$AG76+1),0)*$H$68) -> #N/A | AO76: =VLOOKUP($AE$68,INDIRECT(VLOOKUP(AF76,$AG$22:$AI$62,3,0),1),7,0) -> #N/A | AP76: =VLOOKUP($AE$68,INDIRECT(VLOOKUP(AF76,$AG$22:$AI$62,3,0),1),8,0) -> #N/A | AQ76: =VLOOKUP($AE$68,INDIRECT(VLOOKUP(AF76,$AG$22:$AI$62,3,0),1),9,0) -> #N/A | AR76: =VLOOKUP($AE$68,INDIRECT(VLOOKUP(AF76,$AG$22:$AI$62,3,0),1),10,0) -> #N/A | AS76: =VLOOKUP($AE$68,INDIRECT(VLOOKUP(AF76,$AG$22:$AI$62,3,0),1),11,0) -> #N/A | AT76: =VLOOKUP($AE$68,INDIRECT(VLOOKUP(AF76,$AG$22:$AI$62,3,0),1),12,0) -> #N/A | AU76: =VLOOKUP($AE$68,INDIRECT(VLOOKUP(AF76,$AG$22:$AI$62,3,0),1),13,0) -> #N/A | AV76: =VLOOKUP($AE$68,INDIRECT(VLOOKUP(AF76,$AG$22:$AI$62,3,0),1),14,0) -> #N/A | AW76: =VLOOKUP($AE$68,INDIRECT(VLOOKUP(AF76,$AG$22:$AI$62,3,0),1),15,0) -> #N/A | AX76: =VLOOKUP($AE$68,INDIRECT(VLOOKUP(AF76,$AG$22:$AI$62,3,0),1),16,0) -> #N/A | AY76: =VLOOKUP($AE$68,INDIRECT(VLOOKUP(AF76,$AG$22:$AI$62,3,0),1),17,0) -> #N/A | AZ76: =VLOOKUP($AE$68,INDIRECT(VLOOKUP(AF76,$AG$22:$AI$62,3,0),1),18,0) -> #N/A | BA76: =VLOOKUP($AE$68,INDIRECT(VLOOKUP(AF76,$AG$22:$AI$62,3,0),1),19,0) -> #N/A | BB76: =VLOOKUP($AE$68,INDIRECT(VLOOKUP(AF76,$AG$22:$AI$62,3,0),1),20,0) -> #N/A | BC76: =VLOOKUP($AE$68,INDIRECT(VLOOKUP(AF76,$AG$22:$AI$62,3,0),1),21,0) -> #N/A | BD76: =VLOOKUP($AE$68,INDIRECT(VLOOKUP(AF76,$AG$22:$AI$62,3,0),1),22,0) -> #N/A | BE76: =VLOOKUP($AE$68,INDIRECT(VLOOKUP(AF76,$AG$22:$AI$62,3,0),1),23,0) -> #N/A | BF76: =VLOOKUP($AE$68,INDIRECT(VLOOKUP(AF76,$AG$22:$AI$62,3,0),1),24,0) -> #N/A | BG76: =VLOOKUP($AE$68,INDIRECT(VLOOKUP(AF76,$AG$22:$AI$62,3,0),1),25,0) -> #N/A | BH76: =VLOOKUP($AE$68,INDIRECT(VLOOKUP(AF76,$AG$22:$AI$62,3,0),1),26,0) -> #N/A | BI76: =VLOOKUP($AE$68,INDIRECT(VLOOKUP(AF76,$AG$22:$AI$62,3,0),1),27,0) -> #N/A | BJ76: =VLOOKUP($AE$68,INDIRECT(VLOOKUP(AF76,$AG$22:$AI$62,3,0),1),28,0) -> #N/A | BK76: =VLOOKUP($AE$68,INDIRECT(VLOOKUP(AF76,$AG$22:$AI$62,3,0),1),29,0) -> #N/A
K77: =+$L$40/$O$31*H77 -> #DIV/0! | L77: =SUM(BM167:BM177) -> 0 | M77: =SUM(BN167:BN177) -> 0 | N77: =SUM(BO167:BO177) -> 0 | O77: =SUM(BP167:BP177) -> 0 | P77: =SUM(BQ167:BQ177) -> 0 | Q77: =L77+M77+N77+O77+P77 -> 0 | R77: =ROUND(Q77*0.1,2) -> 0 | S77: =Q77+R77 -> 0 | T77: =IFERROR(S77/K77,0) -> 0 | AJ77: =IF(AI76>AJ76,AJ76,AI76) -> #N/A | AK77: =IF($AI76>AK76,AK76-AJ76,IF($AI76<AJ76,0,$AI76-AJ76)) -> #N/A | AL77: =IF($AI76>AL76,AL76-AK76,IF($AI76<AK76,0,$AI76-AK76)) -> #N/A | AM77: =IF($AI76>AM76,AM76-AL76,IF($AI76<AL76,0,$AI76-AL76)) -> #N/A | AN77: =IF($AI76>AN76,AN76-AM76,IF($AI76<AM76,0,$AI76-AM76)) -> #N/A | AO77: =AO76*AJ77 -> #N/A | AP77: =AP76*AK77 -> #N/A | AQ77: =AQ76*AL77 -> #N/A | AR77: =AR76*AM77 -> #N/A | AS77: =AS76*AN77 -> #N/A | AT77: =ROUND(($AH76-$AG76+1),0)*(AT76/365)*$H$68 -> #VALUE! | AU77: =ROUND(($AH76-$AG76+1),0)*(AU76/365)*$AW$65*$H$68 -> #VALUE! | AV77: =ROUND(($AH76-$AG76+1),0)*(AV76/365)*$AX$65*$H$68 -> #VALUE! | AW77: =AW76*$AI76*$AW$65 -> #N/A | AX77: =AX76*$AI76*$AX$65 -> #N/A | AY77: =AY76*AJ77 -> #N/A | AZ77: =AZ76*AK77 -> #N/A | BA77: =BA76*AL77 -> #N/A | BB77: =BB76*AM77 -> #N/A | BC77: =BC76*AN77 -> #N/A | BD77: =ROUND(($AH76-$AG76+1),0)*(BD76/365)*$H$68 -> #VALUE! | BE77: =ROUND(($AH76-$AG76+1),0)*(BE76/365)*$AW$65*$H$68 -> #VALUE! | BF77: =ROUND(($AH76-$AG76+1),0)*(BF76/365)*$AX$65*$H$68 -> #VALUE! | BG77: =BG76*$AI76*$AW$65 -> #N/A | BH77: =BH76*$AI76*$AX$65 -> #N/A | BI77: =$AI76*BI76*$BI$65 -> #VALUE! | BJ77: =$AI76*BJ76*$BJ$65 -> #VALUE! | BK77: =IF(AF76>2019,$AI76*BK76*$BK$65,$AI76*BK76*1) -> #VALUE! | BM77: =IFERROR(SUM(AO77:AS77,AY77:BC77),0) -> 0 | BN77: =IFERROR(SUM(AW77,BG77),0) -> 0 | BO77: =IFERROR(SUM(AX77,BH77),0) -> 0 | BP77: =IFERROR(SUM(AT77:AV77,BD77:BF77),0) -> 0 | BQ77: =IFERROR(SUM(BI77:BK77),0) -> 0
K78: =+$L$40/$O$31*H78 -> #DIV/0! | L78: =SUM(BM178:BM188) -> 0 | M78: =SUM(BN178:BN188) -> 0 | N78: =SUM(BO178:BO188) -> 0 | O78: =SUM(BP178:BP188) -> 0 | P78: =SUM(BQ178:BQ188) -> 0 | Q78: =L78+M78+N78+O78+P78 -> 0 | R78: =ROUND(Q78*0.1,2) -> 0 | S78: =Q78+R78 -> 0 | T78: =IFERROR(S78/K78,0) -> 0
K79: =+$L$40/$O$31*H79 -> #DIV/0! | L79: =SUM(BM189:BM199) -> 0 | M79: =SUM(BN189:BN199) -> 0 | N79: =SUM(BO189:BO199) -> 0 | O79: =SUM(BP189:BP199) -> 0 | P79: =SUM(BQ189:BQ199) -> 0 | Q79: =L79+M79+N79+O79+P79 -> 0 | R79: =ROUND(Q79*0.1,2) -> 0 | S79: =Q79+R79 -> 0 | T79: =IFERROR(S79/K79,0) -> 0 | AB79: =IFERROR(FIND($AB$67,AD79,1),0) -> 0 | AD79: =+I69 -> 0 | AE79: =VLOOKUP(I69,$AD$22:$AE$66,2,0) -> #N/A | AF79: =YEAR($J$30) -> 1900 | AG79: =$J$30 -> 0 | AH79: =IF(AF81="",$L$30,(CONCATENATE("31/12/",AF79))) -> 0 | AI79: =IF(AF79<>"",$K$69/($L$30-$J$30)*(AH79-AG79),"") -> #DIV/0! | AJ79: =IF($AB$79=AB66,IF($J$69>6,ROUND(VLOOKUP($AE$79,INDIRECT(VLOOKUP($AF79,$AG$22:$AI$62,3,0),1),2,0)/365*($AH79-$AG79+1)/6*$J$69,0),ROUND(VLOOKUP($AE$79,INDIRECT(VLOOKUP($AF79,$AG$22:$AI$62,3,0),1),2,0)/365*($AH79-$AG79+1),0)),ROUND(VLOOKUP($AE$79,INDIRECT(VLOOKUP($AF79,$AG$22:$AI$62,3,0),1),2,0)/365*($AH79-$AG79+1),0)*$H$69) -> #N/A | AK79: =IF($AB$79=1,IF($J$69>6,ROUND(VLOOKUP($AE$79,INDIRECT(VLOOKUP($AF79,$AG$22:$AI$62,3,0),1),3,0)/365*($AH79-$AG79+1)/6*$J$69,0),ROUND(VLOOKUP($AE$79,INDIRECT(VLOOKUP($AF79,$AG$22:$AI$62,3,0),1),3,0)/365*($AH79-$AG79+1),0)),ROUND(VLOOKUP($AE$79,INDIRECT(VLOOKUP($AF79,$AG$22:$AI$62,3,0),1),3,0)/365*($AH79-$AG79+1),0)*$H$69) -> #N/A | AL79: =IF($AB$79=1,IF($J$69>6,ROUND(VLOOKUP($AE$79,INDIRECT(VLOOKUP($AF79,$AG$22:$AI$62,3,0),1),4,0)/365*($AH79-$AG79+1)/6*$J$69,0),ROUND(VLOOKUP($AE$79,INDIRECT(VLOOKUP($AF79,$AG$22:$AI$62,3,0),1),4,0)/365*($AH79-$AG79+1),0)),ROUND(VLOOKUP($AE$79,INDIRECT(VLOOKUP($AF79,$AG$22:$AI$62,3,0),1),4,0)/365*($AH79-$AG79+1),0)*$H$69) -> #N/A | AM79: =IF($AB$79=1,IF($J$69>6,ROUND(VLOOKUP($AE$79,INDIRECT(VLOOKUP($AF79,$AG$22:$AI$62,3,0),1),5,0)/365*($AH79-$AG79+1)/6*$J$69,0),ROUND(VLOOKUP($AE$79,INDIRECT(VLOOKUP($AF79,$AG$22:$AI$62,3,0),1),5,0)/365*($AH79-$AG79+1),0)),ROUND(VLOOKUP($AE$79,INDIRECT(VLOOKUP($AF79,$AG$22:$AI$62,3,0),1),5,0)/365*($AH79-$AG79+1),0)*$H$69) -> #N/A | AN79: =IF($AB$79=1,IF($J$69>6,ROUND(VLOOKUP($AE$79,INDIRECT(VLOOKUP($AF79,$AG$22:$AI$62,3,0),1),6,0)/365*($AH79-$AG79+1)/6*$J$69,0),ROUND(VLOOKUP($AE$79,INDIRECT(VLOOKUP($AF79,$AG$22:$AI$62,3,0),1),6,0)/365*($AH79-$AG79+1),0)),ROUND(VLOOKUP($AE$79,INDIRECT(VLOOKUP($AF79,$AG$22:$AI$62,3,0),1),6,0)/365*($AH79-$AG79+1),0)*$H$69) -> #N/A | AO79: =VLOOKUP($AE$79,INDIRECT(VLOOKUP(AF79,$AG$22:$AI$62,3,0),1),7,0) -> #N/A | AP79: =VLOOKUP($AE$79,INDIRECT(VLOOKUP(AF79,$AG$22:$AI$62,3,0),1),8,0) -> #N/A | AQ79: =VLOOKUP($AE$79,INDIRECT(VLOOKUP(AF79,$AG$22:$AI$62,3,0),1),9,0) -> #N/A | AR79: =VLOOKUP($AE$79,INDIRECT(VLOOKUP(AF79,$AG$22:$AI$62,3,0),1),10,0) -> #N/A | AS79: =VLOOKUP($AE$79,INDIRECT(VLOOKUP(AF79,$AG$22:$AI$62,3,0),1),11,0) -> #N/A | AT79: =VLOOKUP($AE$79,INDIRECT(VLOOKUP(AF79,$AG$22:$AI$62,3,0),1),12,0) -> #N/A | AU79: =VLOOKUP($AE$79,INDIRECT(VLOOKUP(AF79,$AG$22:$AI$62,3,0),1),13,0) -> #N/A | AV79: =VLOOKUP($AE$79,INDIRECT(VLOOKUP(AF79,$AG$22:$AI$62,3,0),1),14,0) -> #N/A | AW79: =VLOOKUP($AE$79,INDIRECT(VLOOKUP(AF79,$AG$22:$AI$62,3,0),1),15,0) -> #N/A | AX79: =VLOOKUP($AE$79,INDIRECT(VLOOKUP(AF79,$AG$22:$AI$62,3,0),1),16,0) -> #N/A | AY79: =VLOOKUP($AE$79,INDIRECT(VLOOKUP(AF79,$AG$22:$AI$62,3,0),1),17,0) -> #N/A | AZ79: =VLOOKUP($AE$79,INDIRECT(VLOOKUP(AF79,$AG$22:$AI$62,3,0),1),18,0) -> #N/A | BA79: =VLOOKUP($AE$79,INDIRECT(VLOOKUP(AF79,$AG$22:$AI$62,3,0),1),19,0) -> #N/A | BB79: =VLOOKUP($AE$79,INDIRECT(VLOOKUP(AF79,$AG$22:$AI$62,3,0),1),20,0) -> #N/A | BC79: =VLOOKUP($AE$79,INDIRECT(VLOOKUP(AF79,$AG$22:$AI$62,3,0),1),21,0) -> #N/A | BD79: =VLOOKUP($AE$79,INDIRECT(VLOOKUP(AF79,$AG$22:$AI$62,3,0),1),22,0) -> #N/A | BE79: =VLOOKUP($AE$79,INDIRECT(VLOOKUP(AF79,$AG$22:$AI$62,3,0),1),23,0) -> #N/A | BF79: =VLOOKUP($AE$79,INDIRECT(VLOOKUP(AF79,$AG$22:$AI$62,3,0),1),24,0) -> #N/A | BG79: =VLOOKUP($AE$79,INDIRECT(VLOOKUP(AF79,$AG$22:$AI$62,3,0),1),25,0) -> #N/A | BH79: =VLOOKUP($AE$79,INDIRECT(VLOOKUP(AF79,$AG$22:$AI$62,3,0),1),26,0) -> #N/A | BI79: =VLOOKUP($AE$79,INDIRECT(VLOOKUP(AF79,$AG$22:$AI$62,3,0),1),27,0) -> #N/A | BJ79: =VLOOKUP($AE$79,INDIRECT(VLOOKUP(AF79,$AG$22:$AI$62,3,0),1),28,0) -> #N/A | BK79: =VLOOKUP($AE$79,INDIRECT(VLOOKUP(AF79,$AG$22:$AI$62,3,0),1),29,0) -> #N/A
AJ80: =IF(AI79>AJ79,AJ79,AI79) -> #DIV/0! | AK80: =IF($AI79>AK79,AK79-AJ79,IF($AI79<AJ79,0,$AI79-AJ79)) -> #DIV/0! | AL80: =IF($AI79>AL79,AL79-AK79,IF($AI79<AK79,0,$AI79-AK79)) -> #DIV/0! | AM80: =IF($AI79>AM79,AM79-AL79,IF($AI79<AL79,0,$AI79-AL79)) -> #DIV/0! | AN80: =IF($AI79>AN79,AN79-AM79,IF($AI79<AM79,0,$AI79-AM79)) -> #DIV/0! | AO80: =AO79*AJ80 -> #N/A | AP80: =AP79*AK80 -> #N/A | AQ80: =AQ79*AL80 -> #N/A | AR80: =AR79*AM80 -> #N/A | AS80: =AS79*AN80 -> #N/A | AT80: =ROUND(($AH79-$AG79+1),0)*(AT79/365)*$H$69 -> #N/A | AU80: =ROUND(($AH79-$AG79+1),0)*(AU79/365)*$AW$65*$H$69 -> #N/A | AV80: =ROUND(($AH79-$AG79+1),0)*(AV79/365)*$AX$65*$H$69 -> #N/A | AW80: =AW79*$AI79*$AW$65 -> #N/A | AX80: =AX79*$AI79*$AX$65 -> #N/A | AY80: =AY79*AJ80 -> #N/A | AZ80: =AZ79*AK80 -> #N/A | BA80: =BA79*AL80 -> #N/A | BB80: =BB79*AM80 -> #N/A | BC80: =BC79*AN80 -> #N/A | BD80: =ROUND(($AH79-$AG79+1),0)*(BD79/365)*$H$69 -> #N/A | BE80: =ROUND(($AH79-$AG79+1),0)*(BE79/365)*$AW$65*$H$69 -> #N/A | BF80: =ROUND(($AH79-$AG79+1),0)*(BF79/365)*$AX$65*$H$69 -> #N/A | BG80: =BG79*$AI79*$AW$65 -> #N/A | BH80: =BH79*$AI79*$AX$65 -> #N/A | BI80: =$AI79*BI79*$BI$65 -> #DIV/0! | BJ80: =$AI79*BJ79*$BJ$65 -> #DIV/0! | BK80: =IF(AF79>2019,$AI79*BK79*$BK$65,$AI79*BK79*1) -> #DIV/0! | BM80: =IFERROR(SUM(AO80:AS80,AY80:BC80),0) -> 0 | BN80: =IFERROR(SUM(AW80,BG80),0) -> 0 | BO80: =IFERROR(SUM(AX80,BH80),0) -> 0 | BP80: =IFERROR(SUM(AT80:AV80,BD80:BF80),0) -> 0 | BQ80: =IFERROR(SUM(BI80:BK80),0) -> 0
H81: TOTALI | AF81: =IF($AF$66>0,AF79+1,"") | AG81: =IF(AF81="","",CONCATENATE("01/01/",AF81)) | AH81: =IF(AF83="",IF(AF81="","",$L$30),(CONCATENATE("31/12/",AF81))) | AI81: =IF(AF81<>"",$K$69/($L$30-$J$30)*(AH81-AG81),"") | AJ81: =IF($AB$79=AB68,IF($J$69>6,ROUND(VLOOKUP($AE$79,INDIRECT(VLOOKUP($AF81,$AG$22:$AI$62,3,0),1),2,0)/365*($AH81-$AG81+1)/6*$J$69,0),ROUND(VLOOKUP($AE$79,INDIRECT(VLOOKUP($AF81,$AG$22:$AI$62,3,0),1),2,0)/365*($AH81-$AG81+1),0)),ROUND(VLOOKUP($AE$79,INDIRECT(VLOOKUP($AF81,$AG$22:$AI$62,3,0),1),2,0)/365*($AH81-$AG81+1),0)*$H$69) -> #N/A | AK81: =IF($AB$79=1,IF($J$69>6,ROUND(VLOOKUP($AE$79,INDIRECT(VLOOKUP($AF81,$AG$22:$AI$62,3,0),1),3,0)/365*($AH81-$AG81+1)/6*$J$69,0),ROUND(VLOOKUP($AE$79,INDIRECT(VLOOKUP($AF81,$AG$22:$AI$62,3,0),1),3,0)/365*($AH81-$AG81+1),0)),ROUND(VLOOKUP($AE$79,INDIRECT(VLOOKUP($AF81,$AG$22:$AI$62,3,0),1),3,0)/365*($AH81-$AG81+1),0)*$H$69) -> #N/A | AL81: =IF($AB$79=1,IF($J$69>6,ROUND(VLOOKUP($AE$79,INDIRECT(VLOOKUP($AF81,$AG$22:$AI$62,3,0),1),4,0)/365*($AH81-$AG81+1)/6*$J$69,0),ROUND(VLOOKUP($AE$79,INDIRECT(VLOOKUP($AF81,$AG$22:$AI$62,3,0),1),4,0)/365*($AH81-$AG81+1),0)),ROUND(VLOOKUP($AE$79,INDIRECT(VLOOKUP($AF81,$AG$22:$AI$62,3,0),1),4,0)/365*($AH81-$AG81+1),0)*$H$69) -> #N/A | AM81: =IF($AB$79=1,IF($J$69>6,ROUND(VLOOKUP($AE$79,INDIRECT(VLOOKUP($AF81,$AG$22:$AI$62,3,0),1),5,0)/365*($AH81-$AG81+1)/6*$J$69,0),ROUND(VLOOKUP($AE$79,INDIRECT(VLOOKUP($AF81,$AG$22:$AI$62,3,0),1),5,0)/365*($AH81-$AG81+1),0)),ROUND(VLOOKUP($AE$79,INDIRECT(VLOOKUP($AF81,$AG$22:$AI$62,3,0),1),5,0)/365*($AH81-$AG81+1),0)*$H$69) -> #N/A | AN81: =IF($AB$79=1,IF($J$69>6,ROUND(VLOOKUP($AE$79,INDIRECT(VLOOKUP($AF81,$AG$22:$AI$62,3,0),1),6,0)/365*($AH81-$AG81+1)/6*$J$69,0),ROUND(VLOOKUP($AE$79,INDIRECT(VLOOKUP($AF81,$AG$22:$AI$62,3,0),1),6,0)/365*($AH81-$AG81+1),0)),ROUND(VLOOKUP($AE$79,INDIRECT(VLOOKUP($AF81,$AG$22:$AI$62,3,0),1),6,0)/365*($AH81-$AG81+1),0)*$H$69) -> #N/A | AO81: =VLOOKUP($AE$79,INDIRECT(VLOOKUP(AF81,$AG$22:$AI$62,3,0),1),7,0) -> #N/A | AP81: =VLOOKUP($AE$79,INDIRECT(VLOOKUP(AF81,$AG$22:$AI$62,3,0),1),8,0) -> #N/A | AQ81: =VLOOKUP($AE$79,INDIRECT(VLOOKUP(AF81,$AG$22:$AI$62,3,0),1),9,0) -> #N/A | AR81: =VLOOKUP($AE$79,INDIRECT(VLOOKUP(AF81,$AG$22:$AI$62,3,0),1),10,0) -> #N/A | AS81: =VLOOKUP($AE$79,INDIRECT(VLOOKUP(AF81,$AG$22:$AI$62,3,0),1),11,0) -> #N/A | AT81: =VLOOKUP($AE$79,INDIRECT(VLOOKUP(AF81,$AG$22:$AI$62,3,0),1),12,0) -> #N/A | AU81: =VLOOKUP($AE$79,INDIRECT(VLOOKUP(AF81,$AG$22:$AI$62,3,0),1),13,0) -> #N/A | AV81: =VLOOKUP($AE$79,INDIRECT(VLOOKUP(AF81,$AG$22:$AI$62,3,0),1),14,0) -> #N/A | AW81: =VLOOKUP($AE$79,INDIRECT(VLOOKUP(AF81,$AG$22:$AI$62,3,0),1),15,0) -> #N/A | AX81: =VLOOKUP($AE$79,INDIRECT(VLOOKUP(AF81,$AG$22:$AI$62,3,0),1),16,0) -> #N/A | AY81: =VLOOKUP($AE$79,INDIRECT(VLOOKUP(AF81,$AG$22:$AI$62,3,0),1),17,0) -> #N/A | AZ81: =VLOOKUP($AE$79,INDIRECT(VLOOKUP(AF81,$AG$22:$AI$62,3,0),1),18,0) -> #N/A | BA81: =VLOOKUP($AE$79,INDIRECT(VLOOKUP(AF81,$AG$22:$AI$62,3,0),1),19,0) -> #N/A | BB81: =VLOOKUP($AE$79,INDIRECT(VLOOKUP(AF81,$AG$22:$AI$62,3,0),1),20,0) -> #N/A | BC81: =VLOOKUP($AE$79,INDIRECT(VLOOKUP(AF81,$AG$22:$AI$62,3,0),1),21,0) -> #N/A | BD81: =VLOOKUP($AE$79,INDIRECT(VLOOKUP(AF81,$AG$22:$AI$62,3,0),1),22,0) -> #N/A | BE81: =VLOOKUP($AE$79,INDIRECT(VLOOKUP(AF81,$AG$22:$AI$62,3,0),1),23,0) -> #N/A | BF81: =VLOOKUP($AE$79,INDIRECT(VLOOKUP(AF81,$AG$22:$AI$62,3,0),1),24,0) -> #N/A | BG81: =VLOOKUP($AE$79,INDIRECT(VLOOKUP(AF81,$AG$22:$AI$62,3,0),1),25,0) -> #N/A | BH81: =VLOOKUP($AE$79,INDIRECT(VLOOKUP(AF81,$AG$22:$AI$62,3,0),1),26,0) -> #N/A | BI81: =VLOOKUP($AE$79,INDIRECT(VLOOKUP(AF81,$AG$22:$AI$62,3,0),1),27,0) -> #N/A | BJ81: =VLOOKUP($AE$79,INDIRECT(VLOOKUP(AF81,$AG$22:$AI$62,3,0),1),28,0) -> #N/A | BK81: =VLOOKUP($AE$79,INDIRECT(VLOOKUP(AF81,$AG$22:$AI$62,3,0),1),29,0) -> #N/A
H82: =SUM(H68:H79) -> 0 | J82: =SUM(J68:J79) -> 0 | K82: =SUM(K68:K79) -> #DIV/0! | L82: =SUM(L68:L79) -> 0 | M82: =SUM(M68:M79) -> 0 | N82: =SUM(N68:N79) -> 0 | O82: =SUM(O68:O79) -> 0 | P82: =SUM(P68:P79) -> 0 | Q82: =SUM(Q68:Q79) -> 0 | ... T82: =SUM(T68:T79) -> 0 | AJ82: =IF(AI81>AJ81,AJ81,AI81) -> #N/A | AK82: =IF($AI81>AK81,AK81-AJ81,IF($AI81<AJ81,0,$AI81-AJ81)) -> #N/A | AL82: =IF($AI81>AL81,AL81-AK81,IF($AI81<AK81,0,$AI81-AK81)) -> #N/A | AM82: =IF($AI81>AM81,AM81-AL81,IF($AI81<AL81,0,$AI81-AL81)) -> #N/A | AN82: =IF($AI81>AN81,AN81-AM81,IF($AI81<AM81,0,$AI81-AM81)) -> #N/A | AO82: =AO81*AJ82 -> #N/A | AP82: =AP81*AK82 -> #N/A | AQ82: =AQ81*AL82 -> #N/A | AR82: =AR81*AM82 -> #N/A | AS82: =AS81*AN82 -> #N/A | AT82: =ROUND(($AH81-$AG81+1),0)*(AT81/365)*$H$69 -> #VALUE! | AU82: =ROUND(($AH81-$AG81+1),0)*(AU81/365)*$AW$65*$H$69 -> #VALUE! | AV82: =ROUND(($AH81-$AG81+1),0)*(AV81/365)*$AX$65*$H$69 -> #VALUE! | AW82: =AW81*$AI81*$AW$65 -> #N/A | AX82: =AX81*$AI81*$AX$65 -> #N/A | AY82: =AY81*AJ82 -> #N/A | AZ82: =AZ81*AK82 -> #N/A | BA82: =BA81*AL82 -> #N/A | BB82: =BB81*AM82 -> #N/A | BC82: =BC81*AN82 -> #N/A | BD82: =ROUND(($AH81-$AG81+1),0)*(BD81/365)*$H$69 -> #VALUE! | BE82: =ROUND(($AH81-$AG81+1),0)*(BE81/365)*$AW$65*$H$69 -> #VALUE! | BF82: =ROUND(($AH81-$AG81+1),0)*(BF81/365)*$AX$65*$H$69 -> #VALUE! | BG82: =BG81*$AI81*$AW$65 -> #N/A | BH82: =BH81*$AI81*$AX$65 -> #N/A | BI82: =$AI81*BI81*$BI$65 -> #VALUE! | BJ82: =$AI81*BJ81*$BJ$65 -> #VALUE! | BK82: =IF(AF81>2019,$AI81*BK81*$BK$65,$AI81*BK81*1) -> #VALUE! | BM82: =IFERROR(SUM(AO82:AS82,AY82:BC82),0) -> 0 | BN82: =IFERROR(SUM(AW82,BG82),0) -> 0 | BO82: =IFERROR(SUM(AX82,BH82),0) -> 0 | BP82: =IFERROR(SUM(AT82:AV82,BD82:BF82),0) -> 0 | BQ82: =IFERROR(SUM(BI82:BK82),0) -> 0
AF83: =IF($AF$66>1,AF81+1,"") | AG83: =IF(AF83="","",CONCATENATE("01/01/",AF83)) | AH83: =IF(AF85="",IF(AF83="","",$L$30),(CONCATENATE("31/12/",AF83))) | AI83: =IF(AF83<>"",$K$69/($L$30-$J$30)*(AH83-AG83),"") | AJ83: =IF($AB$79=AB70,IF($J$69>6,ROUND(VLOOKUP($AE$79,INDIRECT(VLOOKUP($AF83,$AG$22:$AI$62,3,0),1),2,0)/365*($AH83-$AG83+1)/6*$J$69,0),ROUND(VLOOKUP($AE$79,INDIRECT(VLOOKUP($AF83,$AG$22:$AI$62,3,0),1),2,0)/365*($AH83-$AG83+1),0)),ROUND(VLOOKUP($AE$79,INDIRECT(VLOOKUP($AF83,$AG$22:$AI$62,3,0),1),2,0)/365*($AH83-$AG83+1),0)*$H$69) -> #N/A | AK83: =IF($AB$79=1,IF($J$69>6,ROUND(VLOOKUP($AE$79,INDIRECT(VLOOKUP($AF83,$AG$22:$AI$62,3,0),1),3,0)/365*($AH83-$AG83+1)/6*$J$69,0),ROUND(VLOOKUP($AE$79,INDIRECT(VLOOKUP($AF83,$AG$22:$AI$62,3,0),1),3,0)/365*($AH83-$AG83+1),0)),ROUND(VLOOKUP($AE$79,INDIRECT(VLOOKUP($AF83,$AG$22:$AI$62,3,0),1),3,0)/365*($AH83-$AG83+1),0)*$H$69) -> #N/A | AL83: =IF($AB$79=1,IF($J$69>6,ROUND(VLOOKUP($AE$79,INDIRECT(VLOOKUP($AF83,$AG$22:$AI$62,3,0),1),4,0)/365*($AH83-$AG83+1)/6*$J$69,0),ROUND(VLOOKUP($AE$79,INDIRECT(VLOOKUP($AF83,$AG$22:$AI$62,3,0),1),4,0)/365*($AH83-$AG83+1),0)),ROUND(VLOOKUP($AE$79,INDIRECT(VLOOKUP($AF83,$AG$22:$AI$62,3,0),1),4,0)/365*($AH83-$AG83+1),0)*$H$69) -> #N/A | AM83: =IF($AB$79=1,IF($J$69>6,ROUND(VLOOKUP($AE$79,INDIRECT(VLOOKUP($AF83,$AG$22:$AI$62,3,0),1),5,0)/365*($AH83-$AG83+1)/6*$J$69,0),ROUND(VLOOKUP($AE$79,INDIRECT(VLOOKUP($AF83,$AG$22:$AI$62,3,0),1),5,0)/365*($AH83-$AG83+1),0)),ROUND(VLOOKUP($AE$79,INDIRECT(VLOOKUP($AF83,$AG$22:$AI$62,3,0),1),5,0)/365*($AH83-$AG83+1),0)*$H$69) -> #N/A | AN83: =IF($AB$79=1,IF($J$69>6,ROUND(VLOOKUP($AE$79,INDIRECT(VLOOKUP($AF83,$AG$22:$AI$62,3,0),1),6,0)/365*($AH83-$AG83+1)/6*$J$69,0),ROUND(VLOOKUP($AE$79,INDIRECT(VLOOKUP($AF83,$AG$22:$AI$62,3,0),1),6,0)/365*($AH83-$AG83+1),0)),ROUND(VLOOKUP($AE$79,INDIRECT(VLOOKUP($AF83,$AG$22:$AI$62,3,0),1),6,0)/365*($AH83-$AG83+1),0)*$H$69) -> #N/A | AO83: =VLOOKUP($AE$79,INDIRECT(VLOOKUP(AF83,$AG$22:$AI$62,3,0),1),7,0) -> #N/A | AP83: =VLOOKUP($AE$79,INDIRECT(VLOOKUP(AF83,$AG$22:$AI$62,3,0),1),8,0) -> #N/A | AQ83: =VLOOKUP($AE$79,INDIRECT(VLOOKUP(AF83,$AG$22:$AI$62,3,0),1),9,0) -> #N/A | AR83: =VLOOKUP($AE$79,INDIRECT(VLOOKUP(AF83,$AG$22:$AI$62,3,0),1),10,0) -> #N/A | AS83: =VLOOKUP($AE$79,INDIRECT(VLOOKUP(AF83,$AG$22:$AI$62,3,0),1),11,0) -> #N/A | AT83: =VLOOKUP($AE$79,INDIRECT(VLOOKUP(AF83,$AG$22:$AI$62,3,0),1),12,0) -> #N/A | AU83: =VLOOKUP($AE$79,INDIRECT(VLOOKUP(AF83,$AG$22:$AI$62,3,0),1),13,0) -> #N/A | AV83: =VLOOKUP($AE$79,INDIRECT(VLOOKUP(AF83,$AG$22:$AI$62,3,0),1),14,0) -> #N/A | AW83: =VLOOKUP($AE$79,INDIRECT(VLOOKUP(AF83,$AG$22:$AI$62,3,0),1),15,0) -> #N/A | AX83: =VLOOKUP($AE$79,INDIRECT(VLOOKUP(AF83,$AG$22:$AI$62,3,0),1),16,0) -> #N/A | AY83: =VLOOKUP($AE$79,INDIRECT(VLOOKUP(AF83,$AG$22:$AI$62,3,0),1),17,0) -> #N/A | AZ83: =VLOOKUP($AE$79,INDIRECT(VLOOKUP(AF83,$AG$22:$AI$62,3,0),1),18,0) -> #N/A | BA83: =VLOOKUP($AE$79,INDIRECT(VLOOKUP(AF83,$AG$22:$AI$62,3,0),1),19,0) -> #N/A | BB83: =VLOOKUP($AE$79,INDIRECT(VLOOKUP(AF83,$AG$22:$AI$62,3,0),1),20,0) -> #N/A | BC83: =VLOOKUP($AE$79,INDIRECT(VLOOKUP(AF83,$AG$22:$AI$62,3,0),1),21,0) -> #N/A | BD83: =VLOOKUP($AE$79,INDIRECT(VLOOKUP(AF83,$AG$22:$AI$62,3,0),1),22,0) -> #N/A | BE83: =VLOOKUP($AE$79,INDIRECT(VLOOKUP(AF83,$AG$22:$AI$62,3,0),1),23,0) -> #N/A | BF83: =VLOOKUP($AE$79,INDIRECT(VLOOKUP(AF83,$AG$22:$AI$62,3,0),1),24,0) -> #N/A | BG83: =VLOOKUP($AE$79,INDIRECT(VLOOKUP(AF83,$AG$22:$AI$62,3,0),1),25,0) -> #N/A | BH83: =VLOOKUP($AE$79,INDIRECT(VLOOKUP(AF83,$AG$22:$AI$62,3,0),1),26,0) -> #N/A | BI83: =VLOOKUP($AE$79,INDIRECT(VLOOKUP(AF83,$AG$22:$AI$62,3,0),1),27,0) -> #N/A | BJ83: =VLOOKUP($AE$79,INDIRECT(VLOOKUP(AF83,$AG$22:$AI$62,3,0),1),28,0) -> #N/A | BK83: =VLOOKUP($AE$79,INDIRECT(VLOOKUP(AF83,$AG$22:$AI$62,3,0),1),29,0) -> #N/A
I84: ALTRE PARTITE | Q84: =+R55 -> 0 | AJ84: =IF(AI83>AJ83,AJ83,AI83) -> #N/A | AK84: =IF($AI83>AK83,AK83-AJ83,IF($AI83<AJ83,0,$AI83-AJ83)) -> #N/A | AL84: =IF($AI83>AL83,AL83-AK83,IF($AI83<AK83,0,$AI83-AK83)) -> #N/A | AM84: =IF($AI83>AM83,AM83-AL83,IF($AI83<AL83,0,$AI83-AL83)) -> #N/A | AN84: =IF($AI83>AN83,AN83-AM83,IF($AI83<AM83,0,$AI83-AM83)) -> #N/A | AO84: =AO83*AJ84 -> #N/A | AP84: =AP83*AK84 -> #N/A | AQ84: =AQ83*AL84 -> #N/A | AR84: =AR83*AM84 -> #N/A | AS84: =AS83*AN84 -> #N/A | AT84: =ROUND(($AH83-$AG83+1),0)*(AT83/365)*$H$69 -> #VALUE! | AU84: =ROUND(($AH83-$AG83+1),0)*(AU83/365)*$AW$65*$H$69 -> #VALUE! | AV84: =ROUND(($AH83-$AG83+1),0)*(AV83/365)*$AX$65*$H$69 -> #VALUE! | AW84: =AW83*$AI83*$AW$65 -> #N/A | AX84: =AX83*$AI83*$AX$65 -> #N/A | AY84: =AY83*AJ84 -> #N/A | AZ84: =AZ83*AK84 -> #N/A | BA84: =BA83*AL84 -> #N/A | BB84: =BB83*AM84 -> #N/A | BC84: =BC83*AN84 -> #N/A | BD84: =ROUND(($AH83-$AG83+1),0)*(BD83/365)*$H$69 -> #VALUE! | BE84: =ROUND(($AH83-$AG83+1),0)*(BE83/365)*$AW$65*$H$69 -> #VALUE! | BF84: =ROUND(($AH83-$AG83+1),0)*(BF83/365)*$AX$65*$H$69 -> #VALUE! | BG84: =BG83*$AI83*$AW$65 -> #N/A | BH84: =BH83*$AI83*$AX$65 -> #N/A | BI84: =$AI83*BI83*$BI$65 -> #VALUE! | BJ84: =$AI83*BJ83*$BJ$65 -> #VALUE! | BK84: =IF(AF83>2019,$AI83*BK83*$BK$65,$AI83*BK83*1) -> #VALUE! | BM84: =IFERROR(SUM(AO84:AS84,AY84:BC84),0) -> 0 | BN84: =IFERROR(SUM(AW84,BG84),0) -> 0 | BO84: =IFERROR(SUM(AX84,BH84),0) -> 0 | BP84: =IFERROR(SUM(AT84:AV84,BD84:BF84),0) -> 0 | BQ84: =IFERROR(SUM(BI84:BK84),0) -> 0
I85: ADDEBITO BOLLETTE PRECEDENTI | AF85: =IF($AF$66>2,AF83+1,"") | AG85: =IF(AF85="","",CONCATENATE("01/01/",AF85)) | AH85: =IF(AF87="",IF(AF85="","",$L$30),(CONCATENATE("31/12/",AF85))) | AI85: =IF(AF85<>"",$K$69/($L$30-$J$30)*(AH85-AG85),"") | AJ85: =IF($AB$79=AB72,IF($J$69>6,ROUND(VLOOKUP($AE$79,INDIRECT(VLOOKUP($AF85,$AG$22:$AI$62,3,0),1),2,0)/365*($AH85-$AG85+1)/6*$J$69,0),ROUND(VLOOKUP($AE$79,INDIRECT(VLOOKUP($AF85,$AG$22:$AI$62,3,0),1),2,0)/365*($AH85-$AG85+1),0)),ROUND(VLOOKUP($AE$79,INDIRECT(VLOOKUP($AF85,$AG$22:$AI$62,3,0),1),2,0)/365*($AH85-$AG85+1),0)*$H$69) -> #N/A | AK85: =IF($AB$79=1,IF($J$69>6,ROUND(VLOOKUP($AE$79,INDIRECT(VLOOKUP($AF85,$AG$22:$AI$62,3,0),1),3,0)/365*($AH85-$AG85+1)/6*$J$69,0),ROUND(VLOOKUP($AE$79,INDIRECT(VLOOKUP($AF85,$AG$22:$AI$62,3,0),1),3,0)/365*($AH85-$AG85+1),0)),ROUND(VLOOKUP($AE$79,INDIRECT(VLOOKUP($AF85,$AG$22:$AI$62,3,0),1),3,0)/365*($AH85-$AG85+1),0)*$H$69) -> #N/A | AL85: =IF($AB$79=1,IF($J$69>6,ROUND(VLOOKUP($AE$79,INDIRECT(VLOOKUP($AF85,$AG$22:$AI$62,3,0),1),4,0)/365*($AH85-$AG85+1)/6*$J$69,0),ROUND(VLOOKUP($AE$79,INDIRECT(VLOOKUP($AF85,$AG$22:$AI$62,3,0),1),4,0)/365*($AH85-$AG85+1),0)),ROUND(VLOOKUP($AE$79,INDIRECT(VLOOKUP($AF85,$AG$22:$AI$62,3,0),1),4,0)/365*($AH85-$AG85+1),0)*$H$69) -> #N/A | AM85: =IF($AB$79=1,IF($J$69>6,ROUND(VLOOKUP($AE$79,INDIRECT(VLOOKUP($AF85,$AG$22:$AI$62,3,0),1),5,0)/365*($AH85-$AG85+1)/6*$J$69,0),ROUND(VLOOKUP($AE$79,INDIRECT(VLOOKUP($AF85,$AG$22:$AI$62,3,0),1),5,0)/365*($AH85-$AG85+1),0)),ROUND(VLOOKUP($AE$79,INDIRECT(VLOOKUP($AF85,$AG$22:$AI$62,3,0),1),5,0)/365*($AH85-$AG85+1),0)*$H$69) -> #N/A | AN85: =IF($AB$79=1,IF($J$69>6,ROUND(VLOOKUP($AE$79,INDIRECT(VLOOKUP($AF85,$AG$22:$AI$62,3,0),1),6,0)/365*($AH85-$AG85+1)/6*$J$69,0),ROUND(VLOOKUP($AE$79,INDIRECT(VLOOKUP($AF85,$AG$22:$AI$62,3,0),1),6,0)/365*($AH85-$AG85+1),0)),ROUND(VLOOKUP($AE$79,INDIRECT(VLOOKUP($AF85,$AG$22:$AI$62,3,0),1),6,0)/365*($AH85-$AG85+1),0)*$H$69) -> #N/A | AO85: =VLOOKUP($AE$79,INDIRECT(VLOOKUP(AF85,$AG$22:$AI$62,3,0),1),7,0) -> #N/A | AP85: =VLOOKUP($AE$79,INDIRECT(VLOOKUP(AF85,$AG$22:$AI$62,3,0),1),8,0) -> #N/A | AQ85: =VLOOKUP($AE$79,INDIRECT(VLOOKUP(AF85,$AG$22:$AI$62,3,0),1),9,0) -> #N/A | AR85: =VLOOKUP($AE$79,INDIRECT(VLOOKUP(AF85,$AG$22:$AI$62,3,0),1),10,0) -> #N/A | AS85: =VLOOKUP($AE$79,INDIRECT(VLOOKUP(AF85,$AG$22:$AI$62,3,0),1),11,0) -> #N/A | AT85: =VLOOKUP($AE$79,INDIRECT(VLOOKUP(AF85,$AG$22:$AI$62,3,0),1),12,0) -> #N/A | AU85: =VLOOKUP($AE$79,INDIRECT(VLOOKUP(AF85,$AG$22:$AI$62,3,0),1),13,0) -> #N/A | AV85: =VLOOKUP($AE$79,INDIRECT(VLOOKUP(AF85,$AG$22:$AI$62,3,0),1),14,0) -> #N/A | AW85: =VLOOKUP($AE$79,INDIRECT(VLOOKUP(AF85,$AG$22:$AI$62,3,0),1),15,0) -> #N/A | AX85: =VLOOKUP($AE$79,INDIRECT(VLOOKUP(AF85,$AG$22:$AI$62,3,0),1),16,0) -> #N/A | AY85: =VLOOKUP($AE$79,INDIRECT(VLOOKUP(AF85,$AG$22:$AI$62,3,0),1),17,0) -> #N/A | AZ85: =VLOOKUP($AE$79,INDIRECT(VLOOKUP(AF85,$AG$22:$AI$62,3,0),1),18,0) -> #N/A | BA85: =VLOOKUP($AE$79,INDIRECT(VLOOKUP(AF85,$AG$22:$AI$62,3,0),1),19,0) -> #N/A | BB85: =VLOOKUP($AE$79,INDIRECT(VLOOKUP(AF85,$AG$22:$AI$62,3,0),1),20,0) -> #N/A | BC85: =VLOOKUP($AE$79,INDIRECT(VLOOKUP(AF85,$AG$22:$AI$62,3,0),1),21,0) -> #N/A | BD85: =VLOOKUP($AE$79,INDIRECT(VLOOKUP(AF85,$AG$22:$AI$62,3,0),1),22,0) -> #N/A | BE85: =VLOOKUP($AE$79,INDIRECT(VLOOKUP(AF85,$AG$22:$AI$62,3,0),1),23,0) -> #N/A | BF85: =VLOOKUP($AE$79,INDIRECT(VLOOKUP(AF85,$AG$22:$AI$62,3,0),1),24,0) -> #N/A | BG85: =VLOOKUP($AE$79,INDIRECT(VLOOKUP(AF85,$AG$22:$AI$62,3,0),1),25,0) -> #N/A | BH85: =VLOOKUP($AE$79,INDIRECT(VLOOKUP(AF85,$AG$22:$AI$62,3,0),1),26,0) -> #N/A | BI85: =VLOOKUP($AE$79,INDIRECT(VLOOKUP(AF85,$AG$22:$AI$62,3,0),1),27,0) -> #N/A | BJ85: =VLOOKUP($AE$79,INDIRECT(VLOOKUP(AF85,$AG$22:$AI$62,3,0),1),28,0) -> #N/A | BK85: =VLOOKUP($AE$79,INDIRECT(VLOOKUP(AF85,$AG$22:$AI$62,3,0),1),29,0) -> #N/A
I86: ACCREDITO BOLLETTE PRECEDENTI | Q86: =+R56 -> 0 | AJ86: =IF(AI85>AJ85,AJ85,AI85) -> #N/A | AK86: =IF($AI85>AK85,AK85-AJ85,IF($AI85<AJ85,0,$AI85-AJ85)) -> #N/A | AL86: =IF($AI85>AL85,AL85-AK85,IF($AI85<AK85,0,$AI85-AK85)) -> #N/A | AM86: =IF($AI85>AM85,AM85-AL85,IF($AI85<AL85,0,$AI85-AL85)) -> #N/A | AN86: =IF($AI85>AN85,AN85-AM85,IF($AI85<AM85,0,$AI85-AM85)) -> #N/A | AO86: =AO85*AJ86 -> #N/A | AP86: =AP85*AK86 -> #N/A | AQ86: =AQ85*AL86 -> #N/A | AR86: =AR85*AM86 -> #N/A | AS86: =AS85*AN86 -> #N/A | AT86: =ROUND(($AH85-$AG85+1),0)*(AT85/365)*$H$69 -> #VALUE! | AU86: =ROUND(($AH85-$AG85+1),0)*(AU85/365)*$AW$65*$H$69 -> #VALUE! | AV86: =ROUND(($AH85-$AG85+1),0)*(AV85/365)*$AX$65*$H$69 -> #VALUE! | AW86: =AW85*$AI85*$AW$65 -> #N/A | AX86: =AX85*$AI85*$AX$65 -> #N/A | AY86: =AY85*AJ86 -> #N/A | AZ86: =AZ85*AK86 -> #N/A | BA86: =BA85*AL86 -> #N/A | BB86: =BB85*AM86 -> #N/A | BC86: =BC85*AN86 -> #N/A | BD86: =ROUND(($AH85-$AG85+1),0)*(BD85/365)*$H$69 -> #VALUE! | BE86: =ROUND(($AH85-$AG85+1),0)*(BE85/365)*$AW$65*$H$69 -> #VALUE! | BF86: =ROUND(($AH85-$AG85+1),0)*(BF85/365)*$AX$65*$H$69 -> #VALUE! | BG86: =BG85*$AI85*$AW$65 -> #N/A | BH86: =BH85*$AI85*$AX$65 -> #N/A | BI86: =$AI85*BI85*$BI$65 -> #VALUE! | BJ86: =$AI85*BJ85*$BJ$65 -> #VALUE! | BK86: =IF(AF85>2019,$AI85*BK85*$BK$65,$AI85*BK85*1) -> #VALUE! | BM86: =IFERROR(SUM(AO86:AS86,AY86:BC86),0) -> 0 | BN86: =IFERROR(SUM(AW86,BG86),0) -> 0 | BO86: =IFERROR(SUM(AX86,BH86),0) -> 0 | BP86: =IFERROR(SUM(AT86:AV86,BD86:BF86),0) -> 0 | BQ86: =IFERROR(SUM(BI86:BK86),0) -> 0
J87: =+J82 -> 0 | K87: =+K82 -> #DIV/0! | L87: =+L82 -> 0 | M87: =+M82 -> 0 | N87: =+N82 -> 0 | O87: =+O82 -> 0 | P87: =+P82 -> 0 | Q87: =SUM(Q82:Q86) -> 0 | R87: =ROUND(Q87*0.1,2) -> 0 | S87: =Q87+R87 -> 0 | AF87: =IF($AF$66>3,AF85+1,"") | AG87: =IF(AF87="","",CONCATENATE("01/01/",AF87)) | AH87: =IF(AF89="",IF(AF87="","",$L$30),(CONCATENATE("31/12/",AF87))) | AI87: =IF(AF87<>"",$K$69/($L$30-$J$30)*(AH87-AG87),"") | AJ87: =IF($AB$79=AB74,IF($J$69>6,ROUND(VLOOKUP($AE$79,INDIRECT(VLOOKUP($AF87,$AG$22:$AI$62,3,0),1),2,0)/365*($AH87-$AG87+1)/6*$J$69,0),ROUND(VLOOKUP($AE$79,INDIRECT(VLOOKUP($AF87,$AG$22:$AI$62,3,0),1),2,0)/365*($AH87-$AG87+1),0)),ROUND(VLOOKUP($AE$79,INDIRECT(VLOOKUP($AF87,$AG$22:$AI$62,3,0),1),2,0)/365*($AH87-$AG87+1),0)*$H$69) -> #N/A | AK87: =IF($AB$79=1,IF($J$69>6,ROUND(VLOOKUP($AE$79,INDIRECT(VLOOKUP($AF87,$AG$22:$AI$62,3,0),1),3,0)/365*($AH87-$AG87+1)/6*$J$69,0),ROUND(VLOOKUP($AE$79,INDIRECT(VLOOKUP($AF87,$AG$22:$AI$62,3,0),1),3,0)/365*($AH87-$AG87+1),0)),ROUND(VLOOKUP($AE$79,INDIRECT(VLOOKUP($AF87,$AG$22:$AI$62,3,0),1),3,0)/365*($AH87-$AG87+1),0)*$H$69) -> #N/A | AL87: =IF($AB$79=1,IF($J$69>6,ROUND(VLOOKUP($AE$79,INDIRECT(VLOOKUP($AF87,$AG$22:$AI$62,3,0),1),4,0)/365*($AH87-$AG87+1)/6*$J$69,0),ROUND(VLOOKUP($AE$79,INDIRECT(VLOOKUP($AF87,$AG$22:$AI$62,3,0),1),4,0)/365*($AH87-$AG87+1),0)),ROUND(VLOOKUP($AE$79,INDIRECT(VLOOKUP($AF87,$AG$22:$AI$62,3,0),1),4,0)/365*($AH87-$AG87+1),0)*$H$69) -> #N/A | AM87: =IF($AB$79=1,IF($J$69>6,ROUND(VLOOKUP($AE$79,INDIRECT(VLOOKUP($AF87,$AG$22:$AI$62,3,0),1),5,0)/365*($AH87-$AG87+1)/6*$J$69,0),ROUND(VLOOKUP($AE$79,INDIRECT(VLOOKUP($AF87,$AG$22:$AI$62,3,0),1),5,0)/365*($AH87-$AG87+1),0)),ROUND(VLOOKUP($AE$79,INDIRECT(VLOOKUP($AF87,$AG$22:$AI$62,3,0),1),5,0)/365*($AH87-$AG87+1),0)*$H$69) -> #N/A | AN87: =IF($AB$79=1,IF($J$69>6,ROUND(VLOOKUP($AE$79,INDIRECT(VLOOKUP($AF87,$AG$22:$AI$62,3,0),1),6,0)/365*($AH87-$AG87+1)/6*$J$69,0),ROUND(VLOOKUP($AE$79,INDIRECT(VLOOKUP($AF87,$AG$22:$AI$62,3,0),1),6,0)/365*($AH87-$AG87+1),0)),ROUND(VLOOKUP($AE$79,INDIRECT(VLOOKUP($AF87,$AG$22:$AI$62,3,0),1),6,0)/365*($AH87-$AG87+1),0)*$H$69) -> #N/A | AO87: =VLOOKUP($AE$79,INDIRECT(VLOOKUP(AF87,$AG$22:$AI$62,3,0),1),7,0) -> #N/A | AP87: =VLOOKUP($AE$79,INDIRECT(VLOOKUP(AF87,$AG$22:$AI$62,3,0),1),8,0) -> #N/A | AQ87: =VLOOKUP($AE$79,INDIRECT(VLOOKUP(AF87,$AG$22:$AI$62,3,0),1),9,0) -> #N/A | AR87: =VLOOKUP($AE$79,INDIRECT(VLOOKUP(AF87,$AG$22:$AI$62,3,0),1),10,0) -> #N/A | AS87: =VLOOKUP($AE$79,INDIRECT(VLOOKUP(AF87,$AG$22:$AI$62,3,0),1),11,0) -> #N/A | AT87: =VLOOKUP($AE$79,INDIRECT(VLOOKUP(AF87,$AG$22:$AI$62,3,0),1),12,0) -> #N/A | AU87: =VLOOKUP($AE$79,INDIRECT(VLOOKUP(AF87,$AG$22:$AI$62,3,0),1),13,0) -> #N/A | AV87: =VLOOKUP($AE$79,INDIRECT(VLOOKUP(AF87,$AG$22:$AI$62,3,0),1),14,0) -> #N/A | AW87: =VLOOKUP($AE$79,INDIRECT(VLOOKUP(AF87,$AG$22:$AI$62,3,0),1),15,0) -> #N/A | AX87: =VLOOKUP($AE$79,INDIRECT(VLOOKUP(AF87,$AG$22:$AI$62,3,0),1),16,0) -> #N/A | AY87: =VLOOKUP($AE$79,INDIRECT(VLOOKUP(AF87,$AG$22:$AI$62,3,0),1),17,0) -> #N/A | AZ87: =VLOOKUP($AE$79,INDIRECT(VLOOKUP(AF87,$AG$22:$AI$62,3,0),1),18,0) -> #N/A | BA87: =VLOOKUP($AE$79,INDIRECT(VLOOKUP(AF87,$AG$22:$AI$62,3,0),1),19,0) -> #N/A | BB87: =VLOOKUP($AE$79,INDIRECT(VLOOKUP(AF87,$AG$22:$AI$62,3,0),1),20,0) -> #N/A | BC87: =VLOOKUP($AE$79,INDIRECT(VLOOKUP(AF87,$AG$22:$AI$62,3,0),1),21,0) -> #N/A | BD87: =VLOOKUP($AE$79,INDIRECT(VLOOKUP(AF87,$AG$22:$AI$62,3,0),1),22,0) -> #N/A | BE87: =VLOOKUP($AE$79,INDIRECT(VLOOKUP(AF87,$AG$22:$AI$62,3,0),1),23,0) -> #N/A | BF87: =VLOOKUP($AE$79,INDIRECT(VLOOKUP(AF87,$AG$22:$AI$62,3,0),1),24,0) -> #N/A | BG87: =VLOOKUP($AE$79,INDIRECT(VLOOKUP(AF87,$AG$22:$AI$62,3,0),1),25,0) -> #N/A | BH87: =VLOOKUP($AE$79,INDIRECT(VLOOKUP(AF87,$AG$22:$AI$62,3,0),1),26,0) -> #N/A | BI87: =VLOOKUP($AE$79,INDIRECT(VLOOKUP(AF87,$AG$22:$AI$62,3,0),1),27,0) -> #N/A | BJ87: =VLOOKUP($AE$79,INDIRECT(VLOOKUP(AF87,$AG$22:$AI$62,3,0),1),28,0) -> #N/A | BK87: =VLOOKUP($AE$79,INDIRECT(VLOOKUP(AF87,$AG$22:$AI$62,3,0),1),29,0) -> #N/A
AJ88: =IF(AI87>AJ87,AJ87,AI87) -> #N/A | AK88: =IF($AI87>AK87,AK87-AJ87,IF($AI87<AJ87,0,$AI87-AJ87)) -> #N/A | AL88: =IF($AI87>AL87,AL87-AK87,IF($AI87<AK87,0,$AI87-AK87)) -> #N/A | AM88: =IF($AI87>AM87,AM87-AL87,IF($AI87<AL87,0,$AI87-AL87)) -> #N/A | AN88: =IF($AI87>AN87,AN87-AM87,IF($AI87<AM87,0,$AI87-AM87)) -> #N/A | AO88: =AO87*AJ88 -> #N/A | AP88: =AP87*AK88 -> #N/A | AQ88: =AQ87*AL88 -> #N/A | AR88: =AR87*AM88 -> #N/A | AS88: =AS87*AN88 -> #N/A | AT88: =ROUND(($AH87-$AG87+1),0)*(AT87/365)*$H$69 -> #VALUE! | AU88: =ROUND(($AH87-$AG87+1),0)*(AU87/365)*$AW$65*$H$69 -> #VALUE! | AV88: =ROUND(($AH87-$AG87+1),0)*(AV87/365)*$AX$65*$H$69 -> #VALUE! | AW88: =AW87*$AI87*$AW$65 -> #N/A | AX88: =AX87*$AI87*$AX$65 -> #N/A | AY88: =AY87*AJ88 -> #N/A | AZ88: =AZ87*AK88 -> #N/A | BA88: =BA87*AL88 -> #N/A | BB88: =BB87*AM88 -> #N/A | BC88: =BC87*AN88 -> #N/A | BD88: =ROUND(($AH87-$AG87+1),0)*(BD87/365)*$H$69 -> #VALUE! | BE88: =ROUND(($AH87-$AG87+1),0)*(BE87/365)*$AW$65*$H$69 -> #VALUE! | BF88: =ROUND(($AH87-$AG87+1),0)*(BF87/365)*$AX$65*$H$69 -> #VALUE! | BG88: =BG87*$AI87*$AW$65 -> #N/A | BH88: =BH87*$AI87*$AX$65 -> #N/A | BI88: =$AI87*BI87*$BI$65 -> #VALUE! | BJ88: =$AI87*BJ87*$BJ$65 -> #VALUE! | BK88: =IF(AF87>2019,$AI87*BK87*$BK$65,$AI87*BK87*1) -> #VALUE! | BM88: =IFERROR(SUM(AO88:AS88,AY88:BC88),0) -> 0 | BN88: =IFERROR(SUM(AW88,BG88),0) -> 0 | BO88: =IFERROR(SUM(AX88,BH88),0) -> 0 | BP88: =IFERROR(SUM(AT88:AV88,BD88:BF88),0) -> 0 | BQ88: =IFERROR(SUM(BI88:BK88),0) -> 0
I90: % di incidenza | AB90: =IFERROR(FIND($AB$67,AD90,1),0) -> 0 | AD90: =+I70 -> 0 | AE90: =VLOOKUP(I70,$AD$22:$AE$66,2,0) -> #N/A | AF90: =YEAR($J$30) -> 1900 | AG90: =$J$30 -> 0 | AH90: =IF(AF92="",$L$30,(CONCATENATE("31/12/",AF90))) -> 0 | AI90: =IF(AF90<>"",$K$70/($L$30-$J$30)*(AH90-AG90+1),"") -> #DIV/0! | AJ90: =IF($AB$90=1,IF($J$70>6,ROUND(VLOOKUP($AE$90,INDIRECT(VLOOKUP($AF90,$AG$22:$AI$62,3,0),1),2,0)/365*($AH90-$AG90+1)/6*$J$70,0),ROUND(VLOOKUP($AE$90,INDIRECT(VLOOKUP($AF90,$AG$22:$AI$62,3,0),1),2,0)/365*($AH90-$AG90+1),0)),ROUND(VLOOKUP($AE$90,INDIRECT(VLOOKUP($AF90,$AG$22:$AI$62,3,0),1),2,0)/365*($AH90-$AG90+1),0)*$H$70) -> #N/A | AK90: =IF($AB$90=1,IF($J$70>6,ROUND(VLOOKUP($AE$90,INDIRECT(VLOOKUP($AF90,$AG$22:$AI$62,3,0),1),3,0)/365*($AH90-$AG90+1)/6*$J$70,0),ROUND(VLOOKUP($AE$90,INDIRECT(VLOOKUP($AF90,$AG$22:$AI$62,3,0),1),3,0)/365*($AH90-$AG90+1),0)),ROUND(VLOOKUP($AE$90,INDIRECT(VLOOKUP($AF90,$AG$22:$AI$62,3,0),1),3,0)/365*($AH90-$AG90+1),0)*$H$70) -> #N/A | AL90: =IF($AB$90=1,IF($J$70>6,ROUND(VLOOKUP($AE$90,INDIRECT(VLOOKUP($AF90,$AG$22:$AI$62,3,0),1),4,0)/365*($AH90-$AG90+1)/6*$J$70,0),ROUND(VLOOKUP($AE$90,INDIRECT(VLOOKUP($AF90,$AG$22:$AI$62,3,0),1),4,0)/365*($AH90-$AG90+1),0)),ROUND(VLOOKUP($AE$90,INDIRECT(VLOOKUP($AF90,$AG$22:$AI$62,3,0),1),4,0)/365*($AH90-$AG90+1),0)*$H$70) -> #N/A | AM90: =IF($AB$90=1,IF($J$70>6,ROUND(VLOOKUP($AE$90,INDIRECT(VLOOKUP($AF90,$AG$22:$AI$62,3,0),1),5,0)/365*($AH90-$AG90+1)/6*$J$70,0),ROUND(VLOOKUP($AE$90,INDIRECT(VLOOKUP($AF90,$AG$22:$AI$62,3,0),1),5,0)/365*($AH90-$AG90+1),0)),ROUND(VLOOKUP($AE$90,INDIRECT(VLOOKUP($AF90,$AG$22:$AI$62,3,0),1),5,0)/365*($AH90-$AG90+1),0)*$H$70) -> #N/A | AN90: =IF($AB$90=1,IF($J$70>6,ROUND(VLOOKUP($AE$90,INDIRECT(VLOOKUP($AF90,$AG$22:$AI$62,3,0),1),6,0)/365*($AH90-$AG90+1)/6*$J$70,0),ROUND(VLOOKUP($AE$90,INDIRECT(VLOOKUP($AF90,$AG$22:$AI$62,3,0),1),6,0)/365*($AH90-$AG90+1),0)),ROUND(VLOOKUP($AE$90,INDIRECT(VLOOKUP($AF90,$AG$22:$AI$62,3,0),1),6,0)/365*($AH90-$AG90+1),0)*$H$70) -> #N/A | AO90: =VLOOKUP($AE$90,INDIRECT(VLOOKUP(AF90,$AG$22:$AI$62,3,0),1),7,0) -> #N/A | AP90: =VLOOKUP($AE$90,INDIRECT(VLOOKUP(AF90,$AG$22:$AI$62,3,0),1),8,0) -> #N/A | AQ90: =VLOOKUP($AE$90,INDIRECT(VLOOKUP(AF90,$AG$22:$AI$62,3,0),1),9,0) -> #N/A | AR90: =VLOOKUP($AE$90,INDIRECT(VLOOKUP(AF90,$AG$22:$AI$62,3,0),1),10,0) -> #N/A | AS90: =VLOOKUP($AE$90,INDIRECT(VLOOKUP(AF90,$AG$22:$AI$62,3,0),1),11,0) -> #N/A | AT90: =VLOOKUP($AE$90,INDIRECT(VLOOKUP(AF90,$AG$22:$AI$62,3,0),1),12,0) -> #N/A | AU90: =VLOOKUP($AE$90,INDIRECT(VLOOKUP(AF90,$AG$22:$AI$62,3,0),1),13,0) -> #N/A | AV90: =VLOOKUP($AE$90,INDIRECT(VLOOKUP(AF90,$AG$22:$AI$62,3,0),1),14,0) -> #N/A | AW90: =VLOOKUP($AE$90,INDIRECT(VLOOKUP(AF90,$AG$22:$AI$62,3,0),1),15,0) -> #N/A | AX90: =VLOOKUP($AE$90,INDIRECT(VLOOKUP(AF90,$AG$22:$AI$62,3,0),1),16,0) -> #N/A | AY90: =VLOOKUP($AE$90,INDIRECT(VLOOKUP(AF90,$AG$22:$AI$62,3,0),1),17,0) -> #N/A | AZ90: =VLOOKUP($AE$90,INDIRECT(VLOOKUP(AF90,$AG$22:$AI$62,3,0),1),18,0) -> #N/A | BA90: =VLOOKUP($AE$90,INDIRECT(VLOOKUP(AF90,$AG$22:$AI$62,3,0),1),19,0) -> #N/A | BB90: =VLOOKUP($AE$90,INDIRECT(VLOOKUP(AF90,$AG$22:$AI$62,3,0),1),20,0) -> #N/A | BC90: =VLOOKUP($AE$90,INDIRECT(VLOOKUP(AF90,$AG$22:$AI$62,3,0),1),21,0) -> #N/A | BD90: =VLOOKUP($AE$90,INDIRECT(VLOOKUP(AF90,$AG$22:$AI$62,3,0),1),22,0) -> #N/A | BE90: =VLOOKUP($AE$90,INDIRECT(VLOOKUP(AF90,$AG$22:$AI$62,3,0),1),23,0) -> #N/A | BF90: =VLOOKUP($AE$90,INDIRECT(VLOOKUP(AF90,$AG$22:$AI$62,3,0),1),24,0) -> #N/A | BG90: =VLOOKUP($AE$90,INDIRECT(VLOOKUP(AF90,$AG$22:$AI$62,3,0),1),25,0) -> #N/A | BH90: =VLOOKUP($AE$90,INDIRECT(VLOOKUP(AF90,$AG$22:$AI$62,3,0),1),26,0) -> #N/A | BI90: =VLOOKUP($AE$90,INDIRECT(VLOOKUP(AF90,$AG$22:$AI$62,3,0),1),27,0) -> #N/A | BJ90: =VLOOKUP($AE$90,INDIRECT(VLOOKUP(AF90,$AG$22:$AI$62,3,0),1),28,0) -> #N/A | BK90: =VLOOKUP($AE$90,INDIRECT(VLOOKUP(AF90,$AG$22:$AI$62,3,0),1),29,0) -> #N/A
I91: =+I68 -> 0 | K91: =IF($L$40=0,0,K68/$K$82) -> 0 | L91: =IF($R$51=0,0,L68/$L$82) -> 0 | M91: =IF($R$53=0,0,M68/$M$82) -> 0 | N91: =IF($R$54=0,0,N68/$N$82) -> 0 | O91: =IF($R$50=0,0,O68/$O$82) -> 0 | P91: =IF($R$52=0,0,P68/$P$82) -> 0 | Q91: =IF($P$57=0,0,Q68/$Q$82) -> 0 | AJ91: =IF(AI90>AJ90,AJ90,AI90) -> #DIV/0! | AK91: =IF($AI90>AK90,AK90-AJ90,IF($AI90<AJ90,0,$AI90-AJ90)) -> #DIV/0! | AL91: =IF($AI90>AL90,AL90-AK90,IF($AI90<AK90,0,$AI90-AK90)) -> #DIV/0! | AM91: =IF($AI90>AM90,AM90-AL90,IF($AI90<AL90,0,$AI90-AL90)) -> #DIV/0! | AN91: =IF($AI90>AN90,AN90-AM90,IF($AI90<AM90,0,$AI90-AM90)) -> #DIV/0! | AO91: =AO90*AJ91 -> #N/A | AP91: =AP90*AK91 -> #N/A | AQ91: =AQ90*AL91 -> #N/A | AR91: =AR90*AM91 -> #N/A | AS91: =AS90*AN91 -> #N/A | AT91: =ROUND(($AH90-$AG90+1),0)*(AT90/365)*$H$70 -> #N/A | AU91: =ROUND(($AH90-$AG90),0)*(AU90/365)*$AW$65*$H$70 -> #N/A | AV91: =ROUND(($AH90-$AG90),0)*(AV90/365)*$AX$65*$H$70 -> #N/A | AW91: =AW90*$AI90*$AW$65 -> #N/A | AX91: =AX90*$AI90*$AX$65 -> #N/A | AY91: =AY90*AJ91 -> #N/A | AZ91: =AZ90*AK91 -> #N/A | BA91: =BA90*AL91 -> #N/A | BB91: =BB90*AM91 -> #N/A | BC91: =BC90*AN91 -> #N/A | BD91: =ROUND(($AH90-$AG90),0)*(BD90/365)*$H$70 -> #N/A | BE91: =ROUND(($AH90-$AG90),0)*(BE90/365)*$AW$65*$H$70 -> #N/A | BF91: =ROUND(($AH90-$AG90),0)*(BF90/365)*$AX$65*$H$70 -> #N/A | BG91: =BG90*$AI90*$AW$65 -> #N/A | BH91: =BH90*$AI90*$AX$65 -> #N/A | BI91: =$AI90*BI90*$BI$65 -> #DIV/0! | BJ91: =$AI90*BJ90*$BJ$65 -> #DIV/0! | BK91: =IF(AF90>2019,$AI90*BK90*$BK$65,$AI90*BK90*1) -> #DIV/0! | BM91: =IFERROR(SUM(AO91:AS91,AY91:BC91),0) -> 0 | BN91: =IFERROR(SUM(AW91,BG91),0) -> 0 | BO91: =IFERROR(SUM(AX91,BH91),0) -> 0 | BP91: =IFERROR(SUM(AT91:AV91,BD91:BF91),0) -> 0 | BQ91: =IFERROR(SUM(BI91:BK91),0) -> 0
I92: =+I69 -> 0 | K92: =IF($L$40=0,0,K69/$K$82) -> 0 | L92: =IF($R$51=0,0,L69/$L$82) -> 0 | M92: =IF($R$53=0,0,M69/$M$82) -> 0 | N92: =IF($R$54=0,0,N69/$N$82) -> 0 | O92: =IF($R$50=0,0,O69/$O$82) -> 0 | P92: =IF($R$52=0,0,P69/$P$82) -> 0 | Q92: =IF($P$57=0,0,Q69/$Q$82) -> 0 | AF92: =IF($AF$66>0,AF90+1,"") | AG92: =IF(AF92="","",CONCATENATE("01/01/",AF92)) | AH92: =IF(AF94="",IF(AF92="","",$L$30),(CONCATENATE("31/12/",AF92))) | AI92: =IF(AF92<>"",$K$70/($L$30-$J$30)*(AH92-AG92+1),"") | AJ92: =IF($AB$90=1,IF($J$70>6,ROUND(VLOOKUP($AE$90,INDIRECT(VLOOKUP($AF92,$AG$22:$AI$62,3,0),1),2,0)/365*($AH92-$AG92+1)/6*$J$70,0),ROUND(VLOOKUP($AE$90,INDIRECT(VLOOKUP($AF92,$AG$22:$AI$62,3,0),1),2,0)/365*($AH92-$AG92+1),0)),ROUND(VLOOKUP($AE$90,INDIRECT(VLOOKUP($AF92,$AG$22:$AI$62,3,0),1),2,0)/365*($AH92-$AG92+1),0)*$H$70) -> #N/A | AK92: =IF($AB$90=1,IF($J$70>6,ROUND(VLOOKUP($AE$90,INDIRECT(VLOOKUP($AF92,$AG$22:$AI$62,3,0),1),3,0)/365*($AH92-$AG92+1)/6*$J$70,0),ROUND(VLOOKUP($AE$90,INDIRECT(VLOOKUP($AF92,$AG$22:$AI$62,3,0),1),3,0)/365*($AH92-$AG92+1),0)),ROUND(VLOOKUP($AE$90,INDIRECT(VLOOKUP($AF92,$AG$22:$AI$62,3,0),1),3,0)/365*($AH92-$AG92+1),0)*$H$70) -> #N/A | AL92: =IF($AB$90=1,IF($J$70>6,ROUND(VLOOKUP($AE$90,INDIRECT(VLOOKUP($AF92,$AG$22:$AI$62,3,0),1),4,0)/365*($AH92-$AG92+1)/6*$J$70,0),ROUND(VLOOKUP($AE$90,INDIRECT(VLOOKUP($AF92,$AG$22:$AI$62,3,0),1),4,0)/365*($AH92-$AG92+1),0)),ROUND(VLOOKUP($AE$90,INDIRECT(VLOOKUP($AF92,$AG$22:$AI$62,3,0),1),4,0)/365*($AH92-$AG92+1),0)*$H$70) -> #N/A | AM92: =IF($AB$90=1,IF($J$70>6,ROUND(VLOOKUP($AE$90,INDIRECT(VLOOKUP($AF92,$AG$22:$AI$62,3,0),1),5,0)/365*($AH92-$AG92+1)/6*$J$70,0),ROUND(VLOOKUP($AE$90,INDIRECT(VLOOKUP($AF92,$AG$22:$AI$62,3,0),1),5,0)/365*($AH92-$AG92+1),0)),ROUND(VLOOKUP($AE$90,INDIRECT(VLOOKUP($AF92,$AG$22:$AI$62,3,0),1),5,0)/365*($AH92-$AG92+1),0)*$H$70) -> #N/A | AN92: =IF($AB$90=1,IF($J$70>6,ROUND(VLOOKUP($AE$90,INDIRECT(VLOOKUP($AF92,$AG$22:$AI$62,3,0),1),6,0)/365*($AH92-$AG92+1)/6*$J$70,0),ROUND(VLOOKUP($AE$90,INDIRECT(VLOOKUP($AF92,$AG$22:$AI$62,3,0),1),6,0)/365*($AH92-$AG92+1),0)),ROUND(VLOOKUP($AE$90,INDIRECT(VLOOKUP($AF92,$AG$22:$AI$62,3,0),1),6,0)/365*($AH92-$AG92+1),0)*$H$70) -> #N/A | AO92: =VLOOKUP($AE$90,INDIRECT(VLOOKUP(AF92,$AG$22:$AI$62,3,0),1),7,0) -> #N/A | AP92: =VLOOKUP($AE$90,INDIRECT(VLOOKUP(AF92,$AG$22:$AI$62,3,0),1),8,0) -> #N/A | AQ92: =VLOOKUP($AE$90,INDIRECT(VLOOKUP(AF92,$AG$22:$AI$62,3,0),1),9,0) -> #N/A | AR92: =VLOOKUP($AE$90,INDIRECT(VLOOKUP(AF92,$AG$22:$AI$62,3,0),1),10,0) -> #N/A | AS92: =VLOOKUP($AE$90,INDIRECT(VLOOKUP(AF92,$AG$22:$AI$62,3,0),1),11,0) -> #N/A | AT92: =VLOOKUP($AE$90,INDIRECT(VLOOKUP(AF92,$AG$22:$AI$62,3,0),1),12,0) -> #N/A | AU92: =VLOOKUP($AE$90,INDIRECT(VLOOKUP(AF92,$AG$22:$AI$62,3,0),1),13,0) -> #N/A | AV92: =VLOOKUP($AE$90,INDIRECT(VLOOKUP(AF92,$AG$22:$AI$62,3,0),1),14,0) -> #N/A | AW92: =VLOOKUP($AE$90,INDIRECT(VLOOKUP(AF92,$AG$22:$AI$62,3,0),1),15,0) -> #N/A | AX92: =VLOOKUP($AE$90,INDIRECT(VLOOKUP(AF92,$AG$22:$AI$62,3,0),1),16,0) -> #N/A | AY92: =VLOOKUP($AE$90,INDIRECT(VLOOKUP(AF92,$AG$22:$AI$62,3,0),1),17,0) -> #N/A | AZ92: =VLOOKUP($AE$90,INDIRECT(VLOOKUP(AF92,$AG$22:$AI$62,3,0),1),18,0) -> #N/A | BA92: =VLOOKUP($AE$90,INDIRECT(VLOOKUP(AF92,$AG$22:$AI$62,3,0),1),19,0) -> #N/A | BB92: =VLOOKUP($AE$90,INDIRECT(VLOOKUP(AF92,$AG$22:$AI$62,3,0),1),20,0) -> #N/A | BC92: =VLOOKUP($AE$90,INDIRECT(VLOOKUP(AF92,$AG$22:$AI$62,3,0),1),21,0) -> #N/A | BD92: =VLOOKUP($AE$90,INDIRECT(VLOOKUP(AF92,$AG$22:$AI$62,3,0),1),22,0) -> #N/A | BE92: =VLOOKUP($AE$90,INDIRECT(VLOOKUP(AF92,$AG$22:$AI$62,3,0),1),23,0) -> #N/A | BF92: =VLOOKUP($AE$90,INDIRECT(VLOOKUP(AF92,$AG$22:$AI$62,3,0),1),24,0) -> #N/A | BG92: =VLOOKUP($AE$90,INDIRECT(VLOOKUP(AF92,$AG$22:$AI$62,3,0),1),25,0) -> #N/A | BH92: =VLOOKUP($AE$90,INDIRECT(VLOOKUP(AF92,$AG$22:$AI$62,3,0),1),26,0) -> #N/A | BI92: =VLOOKUP($AE$90,INDIRECT(VLOOKUP(AF92,$AG$22:$AI$62,3,0),1),27,0) -> #N/A | BJ92: =VLOOKUP($AE$90,INDIRECT(VLOOKUP(AF92,$AG$22:$AI$62,3,0),1),28,0) -> #N/A | BK92: =VLOOKUP($AE$90,INDIRECT(VLOOKUP(AF92,$AG$22:$AI$62,3,0),1),29,0) -> #N/A
I93: =+I70 -> 0 | K93: =IF($L$40=0,0,K70/$K$82) -> 0 | L93: =IF($R$51=0,0,L70/$L$82) -> 0 | M93: =IF($R$53=0,0,M70/$M$82) -> 0 | N93: =IF($R$54=0,0,N70/$N$82) -> 0 | O93: =IF($R$50=0,0,O70/$O$82) -> 0 | P93: =IF($R$52=0,0,P70/$P$82) -> 0 | Q93: =IF($P$57=0,0,Q70/$Q$82) -> 0 | AJ93: =IF(AI92>AJ92,AJ92,AI92) -> #N/A | AK93: =IF($AI92>AK92,AK92-AJ92,IF($AI92<AJ92,0,$AI92-AJ92)) -> #N/A | AL93: =IF($AI92>AL92,AL92-AK92,IF($AI92<AK92,0,$AI92-AK92)) -> #N/A | AM93: =IF($AI92>AM92,AM92-AL92,IF($AI92<AL92,0,$AI92-AL92)) -> #N/A | AN93: =IF($AI92>AN92,AN92-AM92,IF($AI92<AM92,0,$AI92-AM92)) -> #N/A | AO93: =AO92*AJ93 -> #N/A | AP93: =AP92*AK93 -> #N/A | AQ93: =AQ92*AL93 -> #N/A | AR93: =AR92*AM93 -> #N/A | AS93: =AS92*AN93 -> #N/A | AT93: =ROUND(($AH92-$AG92+1),0)*(AT92/365)*$H$70 -> #VALUE! | AU93: =ROUND(($AH92-$AG92),0)*(AU92/365)*$AW$65*$H$70 -> #VALUE! | AV93: =ROUND(($AH92-$AG92),0)*(AV92/365)*$AX$65*$H$70 -> #VALUE! | AW93: =AW92*$AI92*$AW$65 -> #N/A | AX93: =AX92*$AI92*$AX$65 -> #N/A | AY93: =AY92*AJ93 -> #N/A | AZ93: =AZ92*AK93 -> #N/A | BA93: =BA92*AL93 -> #N/A | BB93: =BB92*AM93 -> #N/A | BC93: =BC92*AN93 -> #N/A | BD93: =ROUND(($AH92-$AG92),0)*(BD92/365)*$H$70 -> #VALUE! | BE93: =ROUND(($AH92-$AG92),0)*(BE92/365)*$AW$65*$H$70 -> #VALUE! | BF93: =ROUND(($AH92-$AG92),0)*(BF92/365)*$AX$65*$H$70 -> #VALUE! | BG93: =BG92*$AI92*$AW$65 -> #N/A | BH93: =BH92*$AI92*$AX$65 -> #N/A | BI93: =$AI92*BI92*$BI$65 -> #VALUE! | BJ93: =$AI92*BJ92*$BJ$65 -> #VALUE! | BK93: =IF(AF92>2019,$AI92*BK92*$BK$65,$AI92*BK92*1) -> #VALUE! | BM93: =IFERROR(SUM(AO93:AS93,AY93:BC93),0) -> 0 | BN93: =IFERROR(SUM(AW93,BG93),0) -> 0 | BO93: =IFERROR(SUM(AX93,BH93),0) -> 0 | BP93: =IFERROR(SUM(AT93:AV93,BD93:BF93),0) -> 0 | BQ93: =IFERROR(SUM(BI93:BK93),0) -> 0
I94: =+I71 -> 0 | K94: =IF($L$40=0,0,K71/$K$82) -> 0 | L94: =IF($R$51=0,0,L71/$L$82) -> 0 | M94: =IF($R$53=0,0,M71/$M$82) -> 0 | N94: =IF($R$54=0,0,N71/$N$82) -> 0 | O94: =IF($R$50=0,0,O71/$O$82) -> 0 | P94: =IF($R$52=0,0,P71/$P$82) -> 0 | Q94: =IF($P$57=0,0,Q71/$Q$82) -> 0 | AF94: =IF($AF$66>1,AF92+1,"") | AG94: =IF(AF94="","",CONCATENATE("01/01/",AF94)) | AH94: =IF(AF96="",IF(AF94="","",$L$30),(CONCATENATE("31/12/",AF94))) | AI94: =IF(AF94<>"",$K$70/($L$30-$J$30)*(AH94-AG94),"") | AJ94: =IF($AB$90=1,IF($J$70>6,ROUND(VLOOKUP($AE$90,INDIRECT(VLOOKUP($AF94,$AG$22:$AI$62,3,0),1),2,0)/365*($AH94-$AG94+1)/6*$J$70,0),ROUND(VLOOKUP($AE$90,INDIRECT(VLOOKUP($AF94,$AG$22:$AI$62,3,0),1),2,0)/365*($AH94-$AG94+1),0)),ROUND(VLOOKUP($AE$90,INDIRECT(VLOOKUP($AF94,$AG$22:$AI$62,3,0),1),2,0)/365*($AH94-$AG94+1),0)*$H$70) -> #N/A | AK94: =IF($AB$90=1,IF($J$70>6,ROUND(VLOOKUP($AE$90,INDIRECT(VLOOKUP($AF94,$AG$22:$AI$62,3,0),1),3,0)/365*($AH94-$AG94+1)/6*$J$70,0),ROUND(VLOOKUP($AE$90,INDIRECT(VLOOKUP($AF94,$AG$22:$AI$62,3,0),1),3,0)/365*($AH94-$AG94+1),0)),ROUND(VLOOKUP($AE$90,INDIRECT(VLOOKUP($AF94,$AG$22:$AI$62,3,0),1),3,0)/365*($AH94-$AG94+1),0)*$H$70) -> #N/A | AL94: =IF($AB$90=1,IF($J$70>6,ROUND(VLOOKUP($AE$90,INDIRECT(VLOOKUP($AF94,$AG$22:$AI$62,3,0),1),4,0)/365*($AH94-$AG94+1)/6*$J$70,0),ROUND(VLOOKUP($AE$90,INDIRECT(VLOOKUP($AF94,$AG$22:$AI$62,3,0),1),4,0)/365*($AH94-$AG94+1),0)),ROUND(VLOOKUP($AE$90,INDIRECT(VLOOKUP($AF94,$AG$22:$AI$62,3,0),1),4,0)/365*($AH94-$AG94+1),0)*$H$70) -> #N/A | AM94: =IF($AB$90=1,IF($J$70>6,ROUND(VLOOKUP($AE$90,INDIRECT(VLOOKUP($AF94,$AG$22:$AI$62,3,0),1),5,0)/365*($AH94-$AG94+1)/6*$J$70,0),ROUND(VLOOKUP($AE$90,INDIRECT(VLOOKUP($AF94,$AG$22:$AI$62,3,0),1),5,0)/365*($AH94-$AG94+1),0)),ROUND(VLOOKUP($AE$90,INDIRECT(VLOOKUP($AF94,$AG$22:$AI$62,3,0),1),5,0)/365*($AH94-$AG94+1),0)*$H$70) -> #N/A | AN94: =IF($AB$90=1,IF($J$70>6,ROUND(VLOOKUP($AE$90,INDIRECT(VLOOKUP($AF94,$AG$22:$AI$62,3,0),1),6,0)/365*($AH94-$AG94+1)/6*$J$70,0),ROUND(VLOOKUP($AE$90,INDIRECT(VLOOKUP($AF94,$AG$22:$AI$62,3,0),1),6,0)/365*($AH94-$AG94+1),0)),ROUND(VLOOKUP($AE$90,INDIRECT(VLOOKUP($AF94,$AG$22:$AI$62,3,0),1),6,0)/365*($AH94-$AG94+1),0)*$H$70) -> #N/A | AO94: =VLOOKUP($AE$90,INDIRECT(VLOOKUP(AF94,$AG$22:$AI$62,3,0),1),7,0) -> #N/A | AP94: =VLOOKUP($AE$90,INDIRECT(VLOOKUP(AF94,$AG$22:$AI$62,3,0),1),8,0) -> #N/A | AQ94: =VLOOKUP($AE$90,INDIRECT(VLOOKUP(AF94,$AG$22:$AI$62,3,0),1),9,0) -> #N/A | AR94: =VLOOKUP($AE$90,INDIRECT(VLOOKUP(AF94,$AG$22:$AI$62,3,0),1),10,0) -> #N/A | AS94: =VLOOKUP($AE$90,INDIRECT(VLOOKUP(AF94,$AG$22:$AI$62,3,0),1),11,0) -> #N/A | AT94: =VLOOKUP($AE$90,INDIRECT(VLOOKUP(AF94,$AG$22:$AI$62,3,0),1),12,0) -> #N/A | AU94: =VLOOKUP($AE$90,INDIRECT(VLOOKUP(AF94,$AG$22:$AI$62,3,0),1),13,0) -> #N/A | AV94: =VLOOKUP($AE$90,INDIRECT(VLOOKUP(AF94,$AG$22:$AI$62,3,0),1),14,0) -> #N/A | AW94: =VLOOKUP($AE$90,INDIRECT(VLOOKUP(AF94,$AG$22:$AI$62,3,0),1),15,0) -> #N/A | AX94: =VLOOKUP($AE$90,INDIRECT(VLOOKUP(AF94,$AG$22:$AI$62,3,0),1),16,0) -> #N/A | AY94: =VLOOKUP($AE$90,INDIRECT(VLOOKUP(AF94,$AG$22:$AI$62,3,0),1),17,0) -> #N/A | AZ94: =VLOOKUP($AE$90,INDIRECT(VLOOKUP(AF94,$AG$22:$AI$62,3,0),1),18,0) -> #N/A | BA94: =VLOOKUP($AE$90,INDIRECT(VLOOKUP(AF94,$AG$22:$AI$62,3,0),1),19,0) -> #N/A | BB94: =VLOOKUP($AE$90,INDIRECT(VLOOKUP(AF94,$AG$22:$AI$62,3,0),1),20,0) -> #N/A | BC94: =VLOOKUP($AE$90,INDIRECT(VLOOKUP(AF94,$AG$22:$AI$62,3,0),1),21,0) -> #N/A | BD94: =VLOOKUP($AE$90,INDIRECT(VLOOKUP(AF94,$AG$22:$AI$62,3,0),1),22,0) -> #N/A | BE94: =VLOOKUP($AE$90,INDIRECT(VLOOKUP(AF94,$AG$22:$AI$62,3,0),1),23,0) -> #N/A | BF94: =VLOOKUP($AE$90,INDIRECT(VLOOKUP(AF94,$AG$22:$AI$62,3,0),1),24,0) -> #N/A | BG94: =VLOOKUP($AE$90,INDIRECT(VLOOKUP(AF94,$AG$22:$AI$62,3,0),1),25,0) -> #N/A | BH94: =VLOOKUP($AE$90,INDIRECT(VLOOKUP(AF94,$AG$22:$AI$62,3,0),1),26,0) -> #N/A | BI94: =VLOOKUP($AE$90,INDIRECT(VLOOKUP(AF94,$AG$22:$AI$62,3,0),1),27,0) -> #N/A | BJ94: =VLOOKUP($AE$90,INDIRECT(VLOOKUP(AF94,$AG$22:$AI$62,3,0),1),28,0) -> #N/A | BK94: =VLOOKUP($AE$90,INDIRECT(VLOOKUP(AF94,$AG$22:$AI$62,3,0),1),29,0) -> #N/A
I95: =+I72 -> 0 | K95: =IF($L$40=0,0,K72/$K$82) -> 0 | L95: =IF($R$51=0,0,L72/$L$82) -> 0 | M95: =IF($R$53=0,0,M72/$M$82) -> 0 | N95: =IF($R$54=0,0,N72/$N$82) -> 0 | O95: =IF($R$50=0,0,O72/$O$82) -> 0 | P95: =IF($R$52=0,0,P72/$P$82) -> 0 | Q95: =IF($P$57=0,0,Q72/$Q$82) -> 0 | AJ95: =IF(AI94>AJ94,AJ94,AI94) -> #N/A | AK95: =IF($AI94>AK94,AK94-AJ94,IF($AI94<AJ94,0,$AI94-AJ94)) -> #N/A | AL95: =IF($AI94>AL94,AL94-AK94,IF($AI94<AK94,0,$AI94-AK94)) -> #N/A | AM95: =IF($AI94>AM94,AM94-AL94,IF($AI94<AL94,0,$AI94-AL94)) -> #N/A | AN95: =IF($AI94>AN94,AN94-AM94,IF($AI94<AM94,0,$AI94-AM94)) -> #N/A | AO95: =AO94*AJ95 -> #N/A | AP95: =AP94*AK95 -> #N/A | AQ95: =AQ94*AL95 -> #N/A | AR95: =AR94*AM95 -> #N/A | AS95: =AS94*AN95 -> #N/A | AT95: =ROUND(($AH94-$AG94+1),0)*(AT94/365)*$H$70 -> #VALUE! | AU95: =ROUND(($AH94-$AG94),0)*(AU94/365)*$AW$65*$H$70 -> #VALUE! | AV95: =ROUND(($AH94-$AG94),0)*(AV94/365)*$AX$65*$H$70 -> #VALUE! | AW95: =AW94*$AI94*$AW$65 -> #N/A | AX95: =AX94*$AI94*$AX$65 -> #N/A | AY95: =AY94*AJ95 -> #N/A | AZ95: =AZ94*AK95 -> #N/A | BA95: =BA94*AL95 -> #N/A | BB95: =BB94*AM95 -> #N/A | BC95: =BC94*AN95 -> #N/A | BD95: =ROUND(($AH94-$AG94),0)*(BD94/365)*$H$70 -> #VALUE! | BE95: =ROUND(($AH94-$AG94),0)*(BE94/365)*$AW$65*$H$70 -> #VALUE! | BF95: =ROUND(($AH94-$AG94),0)*(BF94/365)*$AX$65*$H$70 -> #VALUE! | BG95: =BG94*$AI94*$AW$65 -> #N/A | BH95: =BH94*$AI94*$AX$65 -> #N/A | BI95: =$AI94*BI94*$BI$65 -> #VALUE! | BJ95: =$AI94*BJ94*$BJ$65 -> #VALUE! | BK95: =IF(AF94>2019,$AI94*BK94*$BK$65,$AI94*BK94*1) -> #VALUE! | BM95: =IFERROR(SUM(AO95:AS95,AY95:BC95),0) -> 0 | BN95: =IFERROR(SUM(AW95,BG95),0) -> 0 | BO95: =IFERROR(SUM(AX95,BH95),0) -> 0 | BP95: =IFERROR(SUM(AT95:AV95,BD95:BF95),0) -> 0 | BQ95: =IFERROR(SUM(BI95:BK95),0) -> 0
I96: =+I73 -> 0 | K96: =IF($L$40=0,0,K73/$K$82) -> 0 | L96: =IF($R$51=0,0,L73/$L$82) -> 0 | M96: =IF($R$53=0,0,M73/$M$82) -> 0 | N96: =IF($R$54=0,0,N73/$N$82) -> 0 | O96: =IF($R$50=0,0,O73/$O$82) -> 0 | P96: =IF($R$52=0,0,P73/$P$82) -> 0 | Q96: =IF($P$57=0,0,Q73/$Q$82) -> 0 | AF96: =IF($AF$66>2,AF94+1,"") | AG96: =IF(AF96="","",CONCATENATE("01/01/",AF96)) | AH96: =IF(AF98="",IF(AF96="","",$L$30),(CONCATENATE("31/12/",AF96))) | AI96: =IF(AF96<>"",$K$70/($L$30-$J$30)*(AH96-AG96),"") | AJ96: =IF($AB$90=1,IF($J$70>6,ROUND(VLOOKUP($AE$90,INDIRECT(VLOOKUP($AF96,$AG$22:$AI$62,3,0),1),2,0)/365*($AH96-$AG96+1)/6*$J$70,0),ROUND(VLOOKUP($AE$90,INDIRECT(VLOOKUP($AF96,$AG$22:$AI$62,3,0),1),2,0)/365*($AH96-$AG96+1),0)),ROUND(VLOOKUP($AE$90,INDIRECT(VLOOKUP($AF96,$AG$22:$AI$62,3,0),1),2,0)/365*($AH96-$AG96+1),0)*$H$70) -> #N/A | AK96: =IF($AB$90=1,IF($J$70>6,ROUND(VLOOKUP($AE$90,INDIRECT(VLOOKUP($AF96,$AG$22:$AI$62,3,0),1),3,0)/365*($AH96-$AG96+1)/6*$J$70,0),ROUND(VLOOKUP($AE$90,INDIRECT(VLOOKUP($AF96,$AG$22:$AI$62,3,0),1),3,0)/365*($AH96-$AG96+1),0)),ROUND(VLOOKUP($AE$90,INDIRECT(VLOOKUP($AF96,$AG$22:$AI$62,3,0),1),3,0)/365*($AH96-$AG96+1),0)*$H$70) -> #N/A | AL96: =IF($AB$90=1,IF($J$70>6,ROUND(VLOOKUP($AE$90,INDIRECT(VLOOKUP($AF96,$AG$22:$AI$62,3,0),1),4,0)/365*($AH96-$AG96+1)/6*$J$70,0),ROUND(VLOOKUP($AE$90,INDIRECT(VLOOKUP($AF96,$AG$22:$AI$62,3,0),1),4,0)/365*($AH96-$AG96+1),0)),ROUND(VLOOKUP($AE$90,INDIRECT(VLOOKUP($AF96,$AG$22:$AI$62,3,0),1),4,0)/365*($AH96-$AG96+1),0)*$H$70) -> #N/A | AM96: =IF($AB$90=1,IF($J$70>6,ROUND(VLOOKUP($AE$90,INDIRECT(VLOOKUP($AF96,$AG$22:$AI$62,3,0),1),5,0)/365*($AH96-$AG96+1)/6*$J$70,0),ROUND(VLOOKUP($AE$90,INDIRECT(VLOOKUP($AF96,$AG$22:$AI$62,3,0),1),5,0)/365*($AH96-$AG96+1),0)),ROUND(VLOOKUP($AE$90,INDIRECT(VLOOKUP($AF96,$AG$22:$AI$62,3,0),1),5,0)/365*($AH96-$AG96+1),0)*$H$70) -> #N/A | AN96: =IF($AB$90=1,IF($J$70>6,ROUND(VLOOKUP($AE$90,INDIRECT(VLOOKUP($AF96,$AG$22:$AI$62,3,0),1),6,0)/365*($AH96-$AG96+1)/6*$J$70,0),ROUND(VLOOKUP($AE$90,INDIRECT(VLOOKUP($AF96,$AG$22:$AI$62,3,0),1),6,0)/365*($AH96-$AG96+1),0)),ROUND(VLOOKUP($AE$90,INDIRECT(VLOOKUP($AF96,$AG$22:$AI$62,3,0),1),6,0)/365*($AH96-$AG96+1),0)*$H$70) -> #N/A | AO96: =VLOOKUP($AE$90,INDIRECT(VLOOKUP(AF96,$AG$22:$AI$62,3,0),1),7,0) -> #N/A | AP96: =VLOOKUP($AE$90,INDIRECT(VLOOKUP(AF96,$AG$22:$AI$62,3,0),1),8,0) -> #N/A | AQ96: =VLOOKUP($AE$90,INDIRECT(VLOOKUP(AF96,$AG$22:$AI$62,3,0),1),9,0) -> #N/A | AR96: =VLOOKUP($AE$90,INDIRECT(VLOOKUP(AF96,$AG$22:$AI$62,3,0),1),10,0) -> #N/A | AS96: =VLOOKUP($AE$90,INDIRECT(VLOOKUP(AF96,$AG$22:$AI$62,3,0),1),11,0) -> #N/A | AT96: =VLOOKUP($AE$90,INDIRECT(VLOOKUP(AF96,$AG$22:$AI$62,3,0),1),12,0) -> #N/A | AU96: =VLOOKUP($AE$90,INDIRECT(VLOOKUP(AF96,$AG$22:$AI$62,3,0),1),13,0) -> #N/A | AV96: =VLOOKUP($AE$90,INDIRECT(VLOOKUP(AF96,$AG$22:$AI$62,3,0),1),14,0) -> #N/A | AW96: =VLOOKUP($AE$90,INDIRECT(VLOOKUP(AF96,$AG$22:$AI$62,3,0),1),15,0) -> #N/A | AX96: =VLOOKUP($AE$90,INDIRECT(VLOOKUP(AF96,$AG$22:$AI$62,3,0),1),16,0) -> #N/A | AY96: =VLOOKUP($AE$90,INDIRECT(VLOOKUP(AF96,$AG$22:$AI$62,3,0),1),17,0) -> #N/A | AZ96: =VLOOKUP($AE$90,INDIRECT(VLOOKUP(AF96,$AG$22:$AI$62,3,0),1),18,0) -> #N/A | BA96: =VLOOKUP($AE$90,INDIRECT(VLOOKUP(AF96,$AG$22:$AI$62,3,0),1),19,0) -> #N/A | BB96: =VLOOKUP($AE$90,INDIRECT(VLOOKUP(AF96,$AG$22:$AI$62,3,0),1),20,0) -> #N/A | BC96: =VLOOKUP($AE$90,INDIRECT(VLOOKUP(AF96,$AG$22:$AI$62,3,0),1),21,0) -> #N/A | BD96: =VLOOKUP($AE$90,INDIRECT(VLOOKUP(AF96,$AG$22:$AI$62,3,0),1),22,0) -> #N/A | BE96: =VLOOKUP($AE$90,INDIRECT(VLOOKUP(AF96,$AG$22:$AI$62,3,0),1),23,0) -> #N/A | BF96: =VLOOKUP($AE$90,INDIRECT(VLOOKUP(AF96,$AG$22:$AI$62,3,0),1),24,0) -> #N/A | BG96: =VLOOKUP($AE$90,INDIRECT(VLOOKUP(AF96,$AG$22:$AI$62,3,0),1),25,0) -> #N/A | BH96: =VLOOKUP($AE$90,INDIRECT(VLOOKUP(AF96,$AG$22:$AI$62,3,0),1),26,0) -> #N/A | BI96: =VLOOKUP($AE$90,INDIRECT(VLOOKUP(AF96,$AG$22:$AI$62,3,0),1),27,0) -> #N/A | BJ96: =VLOOKUP($AE$90,INDIRECT(VLOOKUP(AF96,$AG$22:$AI$62,3,0),1),28,0) -> #N/A | BK96: =VLOOKUP($AE$90,INDIRECT(VLOOKUP(AF96,$AG$22:$AI$62,3,0),1),29,0) -> #N/A
I97: =+I74 -> 0 | K97: =IF($L$40=0,0,K74/$K$82) -> 0 | L97: =IF($R$51=0,0,L74/$L$82) -> 0 | M97: =IF($R$53=0,0,M74/$M$82) -> 0 | N97: =IF($R$54=0,0,N74/$N$82) -> 0 | O97: =IF($R$50=0,0,O74/$O$82) -> 0 | P97: =IF($R$52=0,0,P74/$P$82) -> 0 | Q97: =IF($P$57=0,0,Q74/$Q$82) -> 0 | AJ97: =IF(AI96>AJ96,AJ96,AI96) -> #N/A | AK97: =IF($AI96>AK96,AK96-AJ96,IF($AI96<AJ96,0,$AI96-AJ96)) -> #N/A | AL97: =IF($AI96>AL96,AL96-AK96,IF($AI96<AK96,0,$AI96-AK96)) -> #N/A | AM97: =IF($AI96>AM96,AM96-AL96,IF($AI96<AL96,0,$AI96-AL96)) -> #N/A | AN97: =IF($AI96>AN96,AN96-AM96,IF($AI96<AM96,0,$AI96-AM96)) -> #N/A | AO97: =AO96*AJ97 -> #N/A | AP97: =AP96*AK97 -> #N/A | AQ97: =AQ96*AL97 -> #N/A | AR97: =AR96*AM97 -> #N/A | AS97: =AS96*AN97 -> #N/A | AT97: =ROUND(($AH96-$AG96+1),0)*(AT96/365)*$H$70 -> #VALUE! | AU97: =ROUND(($AH96-$AG96),0)*(AU96/365)*$AW$65*$H$70 -> #VALUE! | AV97: =ROUND(($AH96-$AG96),0)*(AV96/365)*$AX$65*$H$70 -> #VALUE! | AW97: =AW96*$AI96*$AW$65 -> #N/A | AX97: =AX96*$AI96*$AX$65 -> #N/A | AY97: =AY96*AJ97 -> #N/A | AZ97: =AZ96*AK97 -> #N/A | BA97: =BA96*AL97 -> #N/A | BB97: =BB96*AM97 -> #N/A | BC97: =BC96*AN97 -> #N/A | BD97: =ROUND(($AH96-$AG96),0)*(BD96/365)*$H$70 -> #VALUE! | BE97: =ROUND(($AH96-$AG96),0)*(BE96/365)*$AW$65*$H$70 -> #VALUE! | BF97: =ROUND(($AH96-$AG96),0)*(BF96/365)*$AX$65*$H$70 -> #VALUE! | BG97: =BG96*$AI96*$AW$65 -> #N/A | BH97: =BH96*$AI96*$AX$65 -> #N/A | BI97: =$AI96*BI96*$BI$65 -> #VALUE! | BJ97: =$AI96*BJ96*$BJ$65 -> #VALUE! | BK97: =IF(AF96>2019,$AI96*BK96*$BK$65,$AI96*BK96*1) -> #VALUE! | BM97: =IFERROR(SUM(AO97:AS97,AY97:BC97),0) -> 0 | BN97: =IFERROR(SUM(AW97,BG97),0) -> 0 | BO97: =IFERROR(SUM(AX97,BH97),0) -> 0 | BP97: =IFERROR(SUM(AT97:AV97,BD97:BF97),0) -> 0 | BQ97: =IFERROR(SUM(BI97:BK97),0) -> 0
I98: =+I75 -> 0 | K98: =IF($L$40=0,0,K75/$K$82) -> 0 | L98: =IF($R$51=0,0,L75/$L$82) -> 0 | M98: =IF($R$53=0,0,M75/$M$82) -> 0 | N98: =IF($R$54=0,0,N75/$N$82) -> 0 | O98: =IF($R$50=0,0,O75/$O$82) -> 0 | P98: =IF($R$52=0,0,P75/$P$82) -> 0 | Q98: =IF($P$57=0,0,Q75/$Q$82) -> 0 | AF98: =IF($AF$66>3,AF96+1,"") | AG98: =IF(AF98="","",CONCATENATE("01/01/",AF98)) | AH98: =IF(AF100="",IF(AF98="","",$L$30),(CONCATENATE("31/12/",AF98))) | AI98: =IF(AF98<>"",$K$70/($L$30-$J$30)*(AH98-AG98),"") | AJ98: =IF($AB$90=1,IF($J$70>6,ROUND(VLOOKUP($AE$90,INDIRECT(VLOOKUP($AF98,$AG$22:$AI$62,3,0),1),2,0)/365*($AH98-$AG98+1)/6*$J$70,0),ROUND(VLOOKUP($AE$90,INDIRECT(VLOOKUP($AF98,$AG$22:$AI$62,3,0),1),2,0)/365*($AH98-$AG98+1),0)),ROUND(VLOOKUP($AE$90,INDIRECT(VLOOKUP($AF98,$AG$22:$AI$62,3,0),1),2,0)/365*($AH98-$AG98+1),0)*$H$70) -> #N/A | AK98: =IF($AB$90=1,IF($J$70>6,ROUND(VLOOKUP($AE$90,INDIRECT(VLOOKUP($AF98,$AG$22:$AI$62,3,0),1),3,0)/365*($AH98-$AG98+1)/6*$J$70,0),ROUND(VLOOKUP($AE$90,INDIRECT(VLOOKUP($AF98,$AG$22:$AI$62,3,0),1),3,0)/365*($AH98-$AG98+1),0)),ROUND(VLOOKUP($AE$90,INDIRECT(VLOOKUP($AF98,$AG$22:$AI$62,3,0),1),3,0)/365*($AH98-$AG98+1),0)*$H$70) -> #N/A | AL98: =IF($AB$90=1,IF($J$70>6,ROUND(VLOOKUP($AE$90,INDIRECT(VLOOKUP($AF98,$AG$22:$AI$62,3,0),1),4,0)/365*($AH98-$AG98+1)/6*$J$70,0),ROUND(VLOOKUP($AE$90,INDIRECT(VLOOKUP($AF98,$AG$22:$AI$62,3,0),1),4,0)/365*($AH98-$AG98+1),0)),ROUND(VLOOKUP($AE$90,INDIRECT(VLOOKUP($AF98,$AG$22:$AI$62,3,0),1),4,0)/365*($AH98-$AG98+1),0)*$H$70) -> #N/A | AM98: =IF($AB$90=1,IF($J$70>6,ROUND(VLOOKUP($AE$90,INDIRECT(VLOOKUP($AF98,$AG$22:$AI$62,3,0),1),5,0)/365*($AH98-$AG98+1)/6*$J$70,0),ROUND(VLOOKUP($AE$90,INDIRECT(VLOOKUP($AF98,$AG$22:$AI$62,3,0),1),5,0)/365*($AH98-$AG98+1),0)),ROUND(VLOOKUP($AE$90,INDIRECT(VLOOKUP($AF98,$AG$22:$AI$62,3,0),1),5,0)/365*($AH98-$AG98+1),0)*$H$70) -> #N/A | AN98: =IF($AB$90=1,IF($J$70>6,ROUND(VLOOKUP($AE$90,INDIRECT(VLOOKUP($AF98,$AG$22:$AI$62,3,0),1),6,0)/365*($AH98-$AG98+1)/6*$J$70,0),ROUND(VLOOKUP($AE$90,INDIRECT(VLOOKUP($AF98,$AG$22:$AI$62,3,0),1),6,0)/365*($AH98-$AG98+1),0)),ROUND(VLOOKUP($AE$90,INDIRECT(VLOOKUP($AF98,$AG$22:$AI$62,3,0),1),6,0)/365*($AH98-$AG98+1),0)*$H$70) -> #N/A | AO98: =VLOOKUP($AE$90,INDIRECT(VLOOKUP(AF98,$AG$22:$AI$62,3,0),1),7,0) -> #N/A | AP98: =VLOOKUP($AE$90,INDIRECT(VLOOKUP(AF98,$AG$22:$AI$62,3,0),1),8,0) -> #N/A | AQ98: =VLOOKUP($AE$90,INDIRECT(VLOOKUP(AF98,$AG$22:$AI$62,3,0),1),9,0) -> #N/A | AR98: =VLOOKUP($AE$90,INDIRECT(VLOOKUP(AF98,$AG$22:$AI$62,3,0),1),10,0) -> #N/A | AS98: =VLOOKUP($AE$90,INDIRECT(VLOOKUP(AF98,$AG$22:$AI$62,3,0),1),11,0) -> #N/A | AT98: =VLOOKUP($AE$90,INDIRECT(VLOOKUP(AF98,$AG$22:$AI$62,3,0),1),12,0) -> #N/A | AU98: =VLOOKUP($AE$90,INDIRECT(VLOOKUP(AF98,$AG$22:$AI$62,3,0),1),13,0) -> #N/A | AV98: =VLOOKUP($AE$90,INDIRECT(VLOOKUP(AF98,$AG$22:$AI$62,3,0),1),14,0) -> #N/A | AW98: =VLOOKUP($AE$90,INDIRECT(VLOOKUP(AF98,$AG$22:$AI$62,3,0),1),15,0) -> #N/A | AX98: =VLOOKUP($AE$90,INDIRECT(VLOOKUP(AF98,$AG$22:$AI$62,3,0),1),16,0) -> #N/A | AY98: =VLOOKUP($AE$90,INDIRECT(VLOOKUP(AF98,$AG$22:$AI$62,3,0),1),17,0) -> #N/A | AZ98: =VLOOKUP($AE$90,INDIRECT(VLOOKUP(AF98,$AG$22:$AI$62,3,0),1),18,0) -> #N/A | BA98: =VLOOKUP($AE$90,INDIRECT(VLOOKUP(AF98,$AG$22:$AI$62,3,0),1),19,0) -> #N/A | BB98: =VLOOKUP($AE$90,INDIRECT(VLOOKUP(AF98,$AG$22:$AI$62,3,0),1),20,0) -> #N/A | BC98: =VLOOKUP($AE$90,INDIRECT(VLOOKUP(AF98,$AG$22:$AI$62,3,0),1),21,0) -> #N/A | BD98: =VLOOKUP($AE$90,INDIRECT(VLOOKUP(AF98,$AG$22:$AI$62,3,0),1),22,0) -> #N/A | BE98: =VLOOKUP($AE$90,INDIRECT(VLOOKUP(AF98,$AG$22:$AI$62,3,0),1),23,0) -> #N/A | BF98: =VLOOKUP($AE$90,INDIRECT(VLOOKUP(AF98,$AG$22:$AI$62,3,0),1),24,0) -> #N/A | BG98: =VLOOKUP($AE$90,INDIRECT(VLOOKUP(AF98,$AG$22:$AI$62,3,0),1),25,0) -> #N/A | BH98: =VLOOKUP($AE$90,INDIRECT(VLOOKUP(AF98,$AG$22:$AI$62,3,0),1),26,0) -> #N/A | BI98: =VLOOKUP($AE$90,INDIRECT(VLOOKUP(AF98,$AG$22:$AI$62,3,0),1),27,0) -> #N/A | BJ98: =VLOOKUP($AE$90,INDIRECT(VLOOKUP(AF98,$AG$22:$AI$62,3,0),1),28,0) -> #N/A | BK98: =VLOOKUP($AE$90,INDIRECT(VLOOKUP(AF98,$AG$22:$AI$62,3,0),1),29,0) -> #N/A
I99: =+I76 -> 0 | K99: =IF($L$40=0,0,K76/$K$82) -> 0 | L99: =IF($R$51=0,0,L76/$L$82) -> 0 | M99: =IF($R$53=0,0,M76/$M$82) -> 0 | N99: =IF($R$54=0,0,N76/$N$82) -> 0 | O99: =IF($R$50=0,0,O76/$O$82) -> 0 | P99: =IF($R$52=0,0,P76/$P$82) -> 0 | Q99: =IF($P$57=0,0,Q76/$Q$82) -> 0 | AJ99: =IF(AI98>AJ98,AJ98,AI98) -> #N/A | AK99: =IF($AI98>AK98,AK98-AJ98,IF($AI98<AJ98,0,$AI98-AJ98)) -> #N/A | AL99: =IF($AI98>AL98,AL98-AK98,IF($AI98<AK98,0,$AI98-AK98)) -> #N/A | AM99: =IF($AI98>AM98,AM98-AL98,IF($AI98<AL98,0,$AI98-AL98)) -> #N/A | AN99: =IF($AI98>AN98,AN98-AM98,IF($AI98<AM98,0,$AI98-AM98)) -> #N/A | AO99: =AO98*AJ99 -> #N/A | AP99: =AP98*AK99 -> #N/A | AQ99: =AQ98*AL99 -> #N/A | AR99: =AR98*AM99 -> #N/A | AS99: =AS98*AN99 -> #N/A | AT99: =ROUND(($AH98-$AG98+1),0)*(AT98/365)*$H$70 -> #VALUE! | AU99: =ROUND(($AH98-$AG98),0)*(AU98/365)*$AW$65*$H$70 -> #VALUE! | AV99: =ROUND(($AH98-$AG98),0)*(AV98/365)*$AX$65*$H$70 -> #VALUE! | AW99: =AW98*$AI98*$AW$65 -> #N/A | AX99: =AX98*$AI98*$AX$65 -> #N/A | AY99: =AY98*AJ99 -> #N/A | AZ99: =AZ98*AK99 -> #N/A | BA99: =BA98*AL99 -> #N/A | BB99: =BB98*AM99 -> #N/A | BC99: =BC98*AN99 -> #N/A | BD99: =ROUND(($AH98-$AG98),0)*(BD98/365)*$H$70 -> #VALUE! | BE99: =ROUND(($AH98-$AG98),0)*(BE98/365)*$AW$65*$H$70 -> #VALUE! | BF99: =ROUND(($AH98-$AG98),0)*(BF98/365)*$AX$65*$H$70 -> #VALUE! | BG99: =BG98*$AI98*$AW$65 -> #N/A | BH99: =BH98*$AI98*$AX$65 -> #N/A | BI99: =$AI98*BI98*$BI$65 -> #VALUE! | BJ99: =$AI98*BJ98*$BJ$65 -> #VALUE! | BK99: =IF(AF98>2019,$AI98*BK98*$BK$65,$AI98*BK98*1) -> #VALUE! | BM99: =IFERROR(SUM(AO99:AS99,AY99:BC99),0) -> 0 | BN99: =IFERROR(SUM(AW99,BG99),0) -> 0 | BO99: =IFERROR(SUM(AX99,BH99),0) -> 0 | BP99: =IFERROR(SUM(AT99:AV99,BD99:BF99),0) -> 0 | BQ99: =IFERROR(SUM(BI99:BK99),0) -> 0
I100: =+I77 -> 0 | K100: =IF($L$40=0,0,K77/$K$82) -> 0 | L100: =IF($R$51=0,0,L77/$L$82) -> 0 | M100: =IF($R$53=0,0,M77/$M$82) -> 0 | N100: =IF($R$54=0,0,N77/$N$82) -> 0 | O100: =IF($R$50=0,0,O77/$O$82) -> 0 | P100: =IF($R$52=0,0,P77/$P$82) -> 0 | Q100: =IF($P$57=0,0,Q77/$Q$82) -> 0
I101: =+I78 -> 0 | K101: =IF($L$40=0,0,K78/$K$82) -> 0 | L101: =IF($R$51=0,0,L78/$L$82) -> 0 | M101: =IF($R$53=0,0,M78/$M$82) -> 0 | N101: =IF($R$54=0,0,N78/$N$82) -> 0 | O101: =IF($R$50=0,0,O78/$O$82) -> 0 | P101: =IF($R$52=0,0,P78/$P$82) -> 0 | Q101: =IF($P$57=0,0,Q78/$Q$82) -> 0 | AB101: =IFERROR(FIND($AB$67,AD101,1),0) -> 0 | AD101: =+I71 -> 0 | AE101: =VLOOKUP(I71,$AD$22:$AE$66,2,0) -> #N/A | AF101: =YEAR($J$30) -> 1900 | AG101: =$J$30 -> 0 | AH101: =IF(AF103="",$L$30,(CONCATENATE("31/12/",AF101))) -> 0 | AI101: =IF(AF101<>"",$K$71/($L$30-$J$30)*(AH101-AG101),"") -> #DIV/0! | AJ101: =IF($AB$101=1,IF($J$71>6,ROUND(VLOOKUP($AE$101,INDIRECT(VLOOKUP($AF101,$AG$22:$AI$62,3,0),1),2,0)/365*($AH101-$AG101+1)/6*$J$71,0),ROUND(VLOOKUP($AE$101,INDIRECT(VLOOKUP($AF101,$AG$22:$AI$62,3,0),1),2,0)/365*($AH101-$AG101+1),0)),ROUND(VLOOKUP($AE$101,INDIRECT(VLOOKUP($AF101,$AG$22:$AI$62,3,0),1),2,0)/365*($AH101-$AG101+1),0)*$H$71) -> #N/A | AK101: =IF($AB$101=1,IF($J$71>6,ROUND(VLOOKUP($AE$101,INDIRECT(VLOOKUP($AF101,$AG$22:$AI$62,3,0),1),3,0)/365*($AH101-$AG101+1)/6*$J$71,0),ROUND(VLOOKUP($AE$101,INDIRECT(VLOOKUP($AF101,$AG$22:$AI$62,3,0),1),3,0)/365*($AH101-$AG101+1),0)),ROUND(VLOOKUP($AE$101,INDIRECT(VLOOKUP($AF101,$AG$22:$AI$62,3,0),1),3,0)/365*($AH101-$AG101+1),0)*$H$71) -> #N/A | AL101: =IF($AB$101=1,IF($J$71>6,ROUND(VLOOKUP($AE$101,INDIRECT(VLOOKUP($AF101,$AG$22:$AI$62,3,0),1),4,0)/365*($AH101-$AG101+1)/6*$J$71,0),ROUND(VLOOKUP($AE$101,INDIRECT(VLOOKUP($AF101,$AG$22:$AI$62,3,0),1),4,0)/365*($AH101-$AG101+1),0)),ROUND(VLOOKUP($AE$101,INDIRECT(VLOOKUP($AF101,$AG$22:$AI$62,3,0),1),4,0)/365*($AH101-$AG101+1),0)*$H$71) -> #N/A | AM101: =IF($AB$101=1,IF($J$71>6,ROUND(VLOOKUP($AE$101,INDIRECT(VLOOKUP($AF101,$AG$22:$AI$62,3,0),1),5,0)/365*($AH101-$AG101+1)/6*$J$71,0),ROUND(VLOOKUP($AE$101,INDIRECT(VLOOKUP($AF101,$AG$22:$AI$62,3,0),1),5,0)/365*($AH101-$AG101+1),0)),ROUND(VLOOKUP($AE$101,INDIRECT(VLOOKUP($AF101,$AG$22:$AI$62,3,0),1),5,0)/365*($AH101-$AG101+1),0)*$H$71) -> #N/A | AN101: =IF($AB$101=1,IF($J$71>6,ROUND(VLOOKUP($AE$101,INDIRECT(VLOOKUP($AF101,$AG$22:$AI$62,3,0),1),6,0)/365*($AH101-$AG101+1)/6*$J$71,0),ROUND(VLOOKUP($AE$101,INDIRECT(VLOOKUP($AF101,$AG$22:$AI$62,3,0),1),6,0)/365*($AH101-$AG101+1),0)),ROUND(VLOOKUP($AE$101,INDIRECT(VLOOKUP($AF101,$AG$22:$AI$62,3,0),1),6,0)/365*($AH101-$AG101+1),0)*$H$71) -> #N/A | AO101: =VLOOKUP($AE$101,INDIRECT(VLOOKUP(AF101,$AG$22:$AI$62,3,0),1),7,0) -> #N/A | AP101: =VLOOKUP($AE$101,INDIRECT(VLOOKUP(AF101,$AG$22:$AI$62,3,0),1),8,0) -> #N/A | AQ101: =VLOOKUP($AE$101,INDIRECT(VLOOKUP(AF101,$AG$22:$AI$62,3,0),1),9,0) -> #N/A | AR101: =VLOOKUP($AE$101,INDIRECT(VLOOKUP(AF101,$AG$22:$AI$62,3,0),1),10,0) -> #N/A | AS101: =VLOOKUP($AE$101,INDIRECT(VLOOKUP(AF101,$AG$22:$AI$62,3,0),1),11,0) -> #N/A | AT101: =VLOOKUP($AE$101,INDIRECT(VLOOKUP(AF101,$AG$22:$AI$62,3,0),1),12,0) -> #N/A | AU101: =VLOOKUP($AE$101,INDIRECT(VLOOKUP(AF101,$AG$22:$AI$62,3,0),1),13,0) -> #N/A | AV101: =VLOOKUP($AE$101,INDIRECT(VLOOKUP(AF101,$AG$22:$AI$62,3,0),1),14,0) -> #N/A | AW101: =VLOOKUP($AE$101,INDIRECT(VLOOKUP(AF101,$AG$22:$AI$62,3,0),1),15,0) -> #N/A | AX101: =VLOOKUP($AE$101,INDIRECT(VLOOKUP(AF101,$AG$22:$AI$62,3,0),1),16,0) -> #N/A | AY101: =VLOOKUP($AE$101,INDIRECT(VLOOKUP(AF101,$AG$22:$AI$62,3,0),1),17,0) -> #N/A | AZ101: =VLOOKUP($AE$101,INDIRECT(VLOOKUP(AF101,$AG$22:$AI$62,3,0),1),18,0) -> #N/A | BA101: =VLOOKUP($AE$101,INDIRECT(VLOOKUP(AF101,$AG$22:$AI$62,3,0),1),19,0) -> #N/A | BB101: =VLOOKUP($AE$101,INDIRECT(VLOOKUP(AF101,$AG$22:$AI$62,3,0),1),20,0) -> #N/A | BC101: =VLOOKUP($AE$101,INDIRECT(VLOOKUP(AF101,$AG$22:$AI$62,3,0),1),21,0) -> #N/A | BD101: =VLOOKUP($AE$101,INDIRECT(VLOOKUP(AF101,$AG$22:$AI$62,3,0),1),22,0) -> #N/A | BE101: =VLOOKUP($AE$101,INDIRECT(VLOOKUP(AF101,$AG$22:$AI$62,3,0),1),23,0) -> #N/A | BF101: =VLOOKUP($AE$101,INDIRECT(VLOOKUP(AF101,$AG$22:$AI$62,3,0),1),24,0) -> #N/A | BG101: =VLOOKUP($AE$101,INDIRECT(VLOOKUP(AF101,$AG$22:$AI$62,3,0),1),25,0) -> #N/A | BH101: =VLOOKUP($AE$101,INDIRECT(VLOOKUP(AF101,$AG$22:$AI$62,3,0),1),26,0) -> #N/A | BI101: =VLOOKUP($AE$101,INDIRECT(VLOOKUP(AF101,$AG$22:$AI$62,3,0),1),27,0) -> #N/A | BJ101: =VLOOKUP($AE$101,INDIRECT(VLOOKUP(AF101,$AG$22:$AI$62,3,0),1),28,0) -> #N/A | BK101: =VLOOKUP($AE$101,INDIRECT(VLOOKUP(AF101,$AG$22:$AI$62,3,0),1),29,0) -> #N/A
I102: =+I79 -> 0 | K102: =IF($L$40=0,0,K79/$K$82) -> 0 | L102: =IF($R$51=0,0,L79/$L$82) -> 0 | M102: =IF($R$53=0,0,M79/$M$82) -> 0 | N102: =IF($R$54=0,0,N79/$N$82) -> 0 | O102: =IF($R$50=0,0,O79/$O$82) -> 0 | P102: =IF($R$52=0,0,P79/$P$82) -> 0 | Q102: =IF($P$57=0,0,Q79/$Q$82) -> 0 | AJ102: =IF(AI101>AJ101,AJ101,AI101) -> #DIV/0! | AK102: =IF($AI101>AK101,AK101-AJ101,IF($AI101<AJ101,0,$AI101-AJ101)) -> #DIV/0! | AL102: =IF($AI101>AL101,AL101-AK101,IF($AI101<AK101,0,$AI101-AK101)) -> #DIV/0! | AM102: =IF($AI101>AM101,AM101-AL101,IF($AI101<AL101,0,$AI101-AL101)) -> #DIV/0! | AN102: =IF($AI101>AN101,AN101-AM101,IF($AI101<AM101,0,$AI101-AM101)) -> #DIV/0! | AO102: =AO101*AJ102 -> #N/A | AP102: =AP101*AK102 -> #N/A | AQ102: =AQ101*AL102 -> #N/A | AR102: =AR101*AM102 -> #N/A | AS102: =AS101*AN102 -> #N/A | AT102: =ROUND(($AH101-$AG101+1),0)*(AT101/365)*$H$71 -> #N/A | AU102: =ROUND(($AH101-$AG101),0)*(AU101/365)*$AW$65*$H$71 -> #N/A | AV102: =ROUND(($AH101-$AG101),0)*(AV101/365)*$AX$65*$H$71 -> #N/A | AW102: =AW101*$AI101*$AW$65 -> #N/A | AX102: =AX101*$AI101*$AX$65 -> #N/A | AY102: =AY101*AJ102 -> #N/A | AZ102: =AZ101*AK102 -> #N/A | BA102: =BA101*AL102 -> #N/A | BB102: =BB101*AM102 -> #N/A | BC102: =BC101*AN102 -> #N/A | BD102: =ROUND(($AH101-$AG101),0)*(BD101/365)*$H$71 -> #N/A | BE102: =ROUND(($AH101-$AG101),0)*(BE101/365)*$AW$65*$H$71 -> #N/A | BF102: =ROUND(($AH101-$AG101),0)*(BF101/365)*$AX$65*$H$71 -> #N/A | BG102: =BG101*$AI101*$AW$65 -> #N/A | BH102: =BH101*$AI101*$AX$65 -> #N/A | BI102: =$AI101*BI101*$BI$65 -> #DIV/0! | BJ102: =$AI101*BJ101*$BJ$65 -> #DIV/0! | BK102: =IF(AF101>2019,$AI101*BK101*$BK$65,$AI101*BK101*1) -> #DIV/0! | BM102: =IFERROR(SUM(AO102:AS102,AY102:BC102),0) -> 0 | BN102: =IFERROR(SUM(AW102,BG102),0) -> 0 | BO102: =IFERROR(SUM(AX102,BH102),0) -> 0 | BP102: =IFERROR(SUM(AT102:AV102,BD102:BF102),0) -> 0 | BQ102: =IFERROR(SUM(BI102:BK102),0) -> 0
I103: =+I80 -> 0 | K103: =IF($L$40=0,0,K80/$K$82) -> 0 | L103: =IF($R$51=0,0,L80/$L$82) -> 0 | M103: =IF($R$53=0,0,M80/$M$82) -> 0 | N103: =IF($R$54=0,0,N80/$N$82) -> 0 | O103: =IF($R$50=0,0,O80/$O$82) -> 0 | P103: =IF($R$52=0,0,P80/$P$82) -> 0 | Q103: =IF($P$57=0,0,Q80/$Q$82) -> 0 | AF103: =IF($AF$66>0,AF101+1,"") | AG103: =IF(AF103="","",CONCATENATE("01/01/",AF103)) | AH103: =IF(AF105="",IF(AF103="","",$L$30),(CONCATENATE("31/12/",AF103))) | AI103: =IF(AF103<>"",$K$71/($L$30-$J$30)*(AH103-AG103),"") | AJ103: =IF($AB$101=1,IF($J$71>6,ROUND(VLOOKUP($AE$101,INDIRECT(VLOOKUP($AF103,$AG$22:$AI$62,3,0),1),2,0)/365*($AH103-$AG103+1)/6*$J$71,0),ROUND(VLOOKUP($AE$101,INDIRECT(VLOOKUP($AF103,$AG$22:$AI$62,3,0),1),2,0)/365*($AH103-$AG103+1),0)),ROUND(VLOOKUP($AE$101,INDIRECT(VLOOKUP($AF103,$AG$22:$AI$62,3,0),1),2,0)/365*($AH103-$AG103+1),0)*$H$71) -> #N/A | AK103: =IF($AB$101=1,IF($J$71>6,ROUND(VLOOKUP($AE$101,INDIRECT(VLOOKUP($AF103,$AG$22:$AI$62,3,0),1),3,0)/365*($AH103-$AG103+1)/6*$J$71,0),ROUND(VLOOKUP($AE$101,INDIRECT(VLOOKUP($AF103,$AG$22:$AI$62,3,0),1),3,0)/365*($AH103-$AG103+1),0)),ROUND(VLOOKUP($AE$101,INDIRECT(VLOOKUP($AF103,$AG$22:$AI$62,3,0),1),3,0)/365*($AH103-$AG103+1),0)*$H$71) -> #N/A | AL103: =IF($AB$101=1,IF($J$71>6,ROUND(VLOOKUP($AE$101,INDIRECT(VLOOKUP($AF103,$AG$22:$AI$62,3,0),1),4,0)/365*($AH103-$AG103+1)/6*$J$71,0),ROUND(VLOOKUP($AE$101,INDIRECT(VLOOKUP($AF103,$AG$22:$AI$62,3,0),1),4,0)/365*($AH103-$AG103+1),0)),ROUND(VLOOKUP($AE$101,INDIRECT(VLOOKUP($AF103,$AG$22:$AI$62,3,0),1),4,0)/365*($AH103-$AG103+1),0)*$H$71) -> #N/A | AM103: =IF($AB$101=1,IF($J$71>6,ROUND(VLOOKUP($AE$101,INDIRECT(VLOOKUP($AF103,$AG$22:$AI$62,3,0),1),5,0)/365*($AH103-$AG103+1)/6*$J$71,0),ROUND(VLOOKUP($AE$101,INDIRECT(VLOOKUP($AF103,$AG$22:$AI$62,3,0),1),5,0)/365*($AH103-$AG103+1),0)),ROUND(VLOOKUP($AE$101,INDIRECT(VLOOKUP($AF103,$AG$22:$AI$62,3,0),1),5,0)/365*($AH103-$AG103+1),0)*$H$71) -> #N/A | AN103: =IF($AB$101=1,IF($J$71>6,ROUND(VLOOKUP($AE$101,INDIRECT(VLOOKUP($AF103,$AG$22:$AI$62,3,0),1),6,0)/365*($AH103-$AG103+1)/6*$J$71,0),ROUND(VLOOKUP($AE$101,INDIRECT(VLOOKUP($AF103,$AG$22:$AI$62,3,0),1),6,0)/365*($AH103-$AG103+1),0)),ROUND(VLOOKUP($AE$101,INDIRECT(VLOOKUP($AF103,$AG$22:$AI$62,3,0),1),6,0)/365*($AH103-$AG103+1),0)*$H$71) -> #N/A | AO103: =VLOOKUP($AE$101,INDIRECT(VLOOKUP(AF103,$AG$22:$AI$62,3,0),1),7,0) -> #N/A | AP103: =VLOOKUP($AE$101,INDIRECT(VLOOKUP(AF103,$AG$22:$AI$62,3,0),1),8,0) -> #N/A | AQ103: =VLOOKUP($AE$101,INDIRECT(VLOOKUP(AF103,$AG$22:$AI$62,3,0),1),9,0) -> #N/A | AR103: =VLOOKUP($AE$101,INDIRECT(VLOOKUP(AF103,$AG$22:$AI$62,3,0),1),10,0) -> #N/A | AS103: =VLOOKUP($AE$101,INDIRECT(VLOOKUP(AF103,$AG$22:$AI$62,3,0),1),11,0) -> #N/A | AT103: =VLOOKUP($AE$101,INDIRECT(VLOOKUP(AF103,$AG$22:$AI$62,3,0),1),12,0) -> #N/A | AU103: =VLOOKUP($AE$101,INDIRECT(VLOOKUP(AF103,$AG$22:$AI$62,3,0),1),13,0) -> #N/A | AV103: =VLOOKUP($AE$101,INDIRECT(VLOOKUP(AF103,$AG$22:$AI$62,3,0),1),14,0) -> #N/A | AW103: =VLOOKUP($AE$101,INDIRECT(VLOOKUP(AF103,$AG$22:$AI$62,3,0),1),15,0) -> #N/A | AX103: =VLOOKUP($AE$101,INDIRECT(VLOOKUP(AF103,$AG$22:$AI$62,3,0),1),16,0) -> #N/A | AY103: =VLOOKUP($AE$101,INDIRECT(VLOOKUP(AF103,$AG$22:$AI$62,3,0),1),17,0) -> #N/A | AZ103: =VLOOKUP($AE$101,INDIRECT(VLOOKUP(AF103,$AG$22:$AI$62,3,0),1),18,0) -> #N/A | BA103: =VLOOKUP($AE$101,INDIRECT(VLOOKUP(AF103,$AG$22:$AI$62,3,0),1),19,0) -> #N/A | BB103: =VLOOKUP($AE$101,INDIRECT(VLOOKUP(AF103,$AG$22:$AI$62,3,0),1),20,0) -> #N/A | BC103: =VLOOKUP($AE$101,INDIRECT(VLOOKUP(AF103,$AG$22:$AI$62,3,0),1),21,0) -> #N/A | BD103: =VLOOKUP($AE$101,INDIRECT(VLOOKUP(AF103,$AG$22:$AI$62,3,0),1),22,0) -> #N/A | BE103: =VLOOKUP($AE$101,INDIRECT(VLOOKUP(AF103,$AG$22:$AI$62,3,0),1),23,0) -> #N/A | BF103: =VLOOKUP($AE$101,INDIRECT(VLOOKUP(AF103,$AG$22:$AI$62,3,0),1),24,0) -> #N/A | BG103: =VLOOKUP($AE$101,INDIRECT(VLOOKUP(AF103,$AG$22:$AI$62,3,0),1),25,0) -> #N/A | BH103: =VLOOKUP($AE$101,INDIRECT(VLOOKUP(AF103,$AG$22:$AI$62,3,0),1),26,0) -> #N/A | BI103: =VLOOKUP($AE$101,INDIRECT(VLOOKUP(AF103,$AG$22:$AI$62,3,0),1),27,0) -> #N/A | BJ103: =VLOOKUP($AE$101,INDIRECT(VLOOKUP(AF103,$AG$22:$AI$62,3,0),1),28,0) -> #N/A | BK103: =VLOOKUP($AE$101,INDIRECT(VLOOKUP(AF103,$AG$22:$AI$62,3,0),1),29,0) -> #N/A
AJ104: =IF(AI103>AJ103,AJ103,AI103) -> #N/A | AK104: =IF($AI103>AK103,AK103-AJ103,IF($AI103<AJ103,0,$AI103-AJ103)) -> #N/A | AL104: =IF($AI103>AL103,AL103-AK103,IF($AI103<AK103,0,$AI103-AK103)) -> #N/A | AM104: =IF($AI103>AM103,AM103-AL103,IF($AI103<AL103,0,$AI103-AL103)) -> #N/A | AN104: =IF($AI103>AN103,AN103-AM103,IF($AI103<AM103,0,$AI103-AM103)) -> #N/A | AO104: =AO103*AJ104 -> #N/A | AP104: =AP103*AK104 -> #N/A | AQ104: =AQ103*AL104 -> #N/A | AR104: =AR103*AM104 -> #N/A | AS104: =AS103*AN104 -> #N/A | AT104: =ROUND(($AH103-$AG103+1),0)*(AT103/365)*$H$71 -> #VALUE! | AU104: =ROUND(($AH103-$AG103),0)*(AU103/365)*$AW$65*$H$71 -> #VALUE! | AV104: =ROUND(($AH103-$AG103),0)*(AV103/365)*$AX$65*$H$71 -> #VALUE! | AW104: =AW103*$AI103*$AW$65 -> #N/A | AX104: =AX103*$AI103*$AX$65 -> #N/A | AY104: =AY103*AJ104 -> #N/A | AZ104: =AZ103*AK104 -> #N/A | BA104: =BA103*AL104 -> #N/A | BB104: =BB103*AM104 -> #N/A | BC104: =BC103*AN104 -> #N/A | BD104: =ROUND(($AH103-$AG103),0)*(BD103/365)*$H$71 -> #VALUE! | BE104: =ROUND(($AH103-$AG103),0)*(BE103/365)*$AW$65*$H$71 -> #VALUE! | BF104: =ROUND(($AH103-$AG103),0)*(BF103/365)*$AX$65*$H$71 -> #VALUE! | BG104: =BG103*$AI103*$AW$65 -> #N/A | BH104: =BH103*$AI103*$AX$65 -> #N/A | BI104: =$AI103*BI103*$BI$65 -> #VALUE! | BJ104: =$AI103*BJ103*$BJ$65 -> #VALUE! | BK104: =IF(AF103>2019,$AI103*BK103*$BK$65,$AI103*BK103*1) -> #VALUE! | BM104: =IFERROR(SUM(AO104:AS104,AY104:BC104),0) -> 0 | BN104: =IFERROR(SUM(AW104,BG104),0) -> 0 | BO104: =IFERROR(SUM(AX104,BH104),0) -> 0 | BP104: =IFERROR(SUM(AT104:AV104,BD104:BF104),0) -> 0 | BQ104: =IFERROR(SUM(BI104:BK104),0) -> 0
K105: =SUM(K91:K104) -> 0 | L105: =SUM(L91:L104) -> 0 | M105: =SUM(M91:M104) -> 0 | N105: =SUM(N91:N104) -> 0 | O105: =SUM(O91:O104) -> 0 | P105: =SUM(P91:P104) -> 0 | Q105: =SUM(Q91:Q104) -> 0 | AF105: =IF($AF$66>1,AF103+1,"") | AG105: =IF(AF105="","",CONCATENATE("01/01/",AF105)) | AH105: =IF(AF107="",IF(AF105="","",$L$30),(CONCATENATE("31/12/",AF105))) | AI105: =IF(AF105<>"",$K$71/($L$30-$J$30)*(AH105-AG105),"") | AJ105: =IF($AB$101=1,IF($J$71>6,ROUND(VLOOKUP($AE$101,INDIRECT(VLOOKUP($AF105,$AG$22:$AI$62,3,0),1),2,0)/365*($AH105-$AG105+1)/6*$J$71,0),ROUND(VLOOKUP($AE$101,INDIRECT(VLOOKUP($AF105,$AG$22:$AI$62,3,0),1),2,0)/365*($AH105-$AG105+1),0)),ROUND(VLOOKUP($AE$101,INDIRECT(VLOOKUP($AF105,$AG$22:$AI$62,3,0),1),2,0)/365*($AH105-$AG105+1),0)*$H$71) -> #N/A | AK105: =IF($AB$101=1,IF($J$71>6,ROUND(VLOOKUP($AE$101,INDIRECT(VLOOKUP($AF105,$AG$22:$AI$62,3,0),1),3,0)/365*($AH105-$AG105+1)/6*$J$71,0),ROUND(VLOOKUP($AE$101,INDIRECT(VLOOKUP($AF105,$AG$22:$AI$62,3,0),1),3,0)/365*($AH105-$AG105+1),0)),ROUND(VLOOKUP($AE$101,INDIRECT(VLOOKUP($AF105,$AG$22:$AI$62,3,0),1),3,0)/365*($AH105-$AG105+1),0)*$H$71) -> #N/A | AL105: =IF($AB$101=1,IF($J$71>6,ROUND(VLOOKUP($AE$101,INDIRECT(VLOOKUP($AF105,$AG$22:$AI$62,3,0),1),4,0)/365*($AH105-$AG105+1)/6*$J$71,0),ROUND(VLOOKUP($AE$101,INDIRECT(VLOOKUP($AF105,$AG$22:$AI$62,3,0),1),4,0)/365*($AH105-$AG105+1),0)),ROUND(VLOOKUP($AE$101,INDIRECT(VLOOKUP($AF105,$AG$22:$AI$62,3,0),1),4,0)/365*($AH105-$AG105+1),0)*$H$71) -> #N/A | AM105: =IF($AB$101=1,IF($J$71>6,ROUND(VLOOKUP($AE$101,INDIRECT(VLOOKUP($AF105,$AG$22:$AI$62,3,0),1),5,0)/365*($AH105-$AG105+1)/6*$J$71,0),ROUND(VLOOKUP($AE$101,INDIRECT(VLOOKUP($AF105,$AG$22:$AI$62,3,0),1),5,0)/365*($AH105-$AG105+1),0)),ROUND(VLOOKUP($AE$101,INDIRECT(VLOOKUP($AF105,$AG$22:$AI$62,3,0),1),5,0)/365*($AH105-$AG105+1),0)*$H$71) -> #N/A | AN105: =IF($AB$101=1,IF($J$71>6,ROUND(VLOOKUP($AE$101,INDIRECT(VLOOKUP($AF105,$AG$22:$AI$62,3,0),1),6,0)/365*($AH105-$AG105+1)/6*$J$71,0),ROUND(VLOOKUP($AE$101,INDIRECT(VLOOKUP($AF105,$AG$22:$AI$62,3,0),1),6,0)/365*($AH105-$AG105+1),0)),ROUND(VLOOKUP($AE$101,INDIRECT(VLOOKUP($AF105,$AG$22:$AI$62,3,0),1),6,0)/365*($AH105-$AG105+1),0)*$H$71) -> #N/A | AO105: =VLOOKUP($AE$101,INDIRECT(VLOOKUP(AF105,$AG$22:$AI$62,3,0),1),7,0) -> #N/A | AP105: =VLOOKUP($AE$101,INDIRECT(VLOOKUP(AF105,$AG$22:$AI$62,3,0),1),8,0) -> #N/A | AQ105: =VLOOKUP($AE$101,INDIRECT(VLOOKUP(AF105,$AG$22:$AI$62,3,0),1),9,0) -> #N/A | AR105: =VLOOKUP($AE$101,INDIRECT(VLOOKUP(AF105,$AG$22:$AI$62,3,0),1),10,0) -> #N/A | AS105: =VLOOKUP($AE$101,INDIRECT(VLOOKUP(AF105,$AG$22:$AI$62,3,0),1),11,0) -> #N/A | AT105: =VLOOKUP($AE$101,INDIRECT(VLOOKUP(AF105,$AG$22:$AI$62,3,0),1),12,0) -> #N/A | AU105: =VLOOKUP($AE$101,INDIRECT(VLOOKUP(AF105,$AG$22:$AI$62,3,0),1),13,0) -> #N/A | AV105: =VLOOKUP($AE$101,INDIRECT(VLOOKUP(AF105,$AG$22:$AI$62,3,0),1),14,0) -> #N/A | AW105: =VLOOKUP($AE$101,INDIRECT(VLOOKUP(AF105,$AG$22:$AI$62,3,0),1),15,0) -> #N/A | AX105: =VLOOKUP($AE$101,INDIRECT(VLOOKUP(AF105,$AG$22:$AI$62,3,0),1),16,0) -> #N/A | AY105: =VLOOKUP($AE$101,INDIRECT(VLOOKUP(AF105,$AG$22:$AI$62,3,0),1),17,0) -> #N/A | AZ105: =VLOOKUP($AE$101,INDIRECT(VLOOKUP(AF105,$AG$22:$AI$62,3,0),1),18,0) -> #N/A | BA105: =VLOOKUP($AE$101,INDIRECT(VLOOKUP(AF105,$AG$22:$AI$62,3,0),1),19,0) -> #N/A | BB105: =VLOOKUP($AE$101,INDIRECT(VLOOKUP(AF105,$AG$22:$AI$62,3,0),1),20,0) -> #N/A | BC105: =VLOOKUP($AE$101,INDIRECT(VLOOKUP(AF105,$AG$22:$AI$62,3,0),1),21,0) -> #N/A | BD105: =VLOOKUP($AE$101,INDIRECT(VLOOKUP(AF105,$AG$22:$AI$62,3,0),1),22,0) -> #N/A | BE105: =VLOOKUP($AE$101,INDIRECT(VLOOKUP(AF105,$AG$22:$AI$62,3,0),1),23,0) -> #N/A | BF105: =VLOOKUP($AE$101,INDIRECT(VLOOKUP(AF105,$AG$22:$AI$62,3,0),1),24,0) -> #N/A | BG105: =VLOOKUP($AE$101,INDIRECT(VLOOKUP(AF105,$AG$22:$AI$62,3,0),1),25,0) -> #N/A | BH105: =VLOOKUP($AE$101,INDIRECT(VLOOKUP(AF105,$AG$22:$AI$62,3,0),1),26,0) -> #N/A | BI105: =VLOOKUP($AE$101,INDIRECT(VLOOKUP(AF105,$AG$22:$AI$62,3,0),1),27,0) -> #N/A | BJ105: =VLOOKUP($AE$101,INDIRECT(VLOOKUP(AF105,$AG$22:$AI$62,3,0),1),28,0) -> #N/A | BK105: =VLOOKUP($AE$101,INDIRECT(VLOOKUP(AF105,$AG$22:$AI$62,3,0),1),29,0) -> #N/A
AJ106: =IF(AI105>AJ105,AJ105,AI105) -> #N/A | AK106: =IF($AI105>AK105,AK105-AJ105,IF($AI105<AJ105,0,$AI105-AJ105)) -> #N/A | AL106: =IF($AI105>AL105,AL105-AK105,IF($AI105<AK105,0,$AI105-AK105)) -> #N/A | AM106: =IF($AI105>AM105,AM105-AL105,IF($AI105<AL105,0,$AI105-AL105)) -> #N/A | AN106: =IF($AI105>AN105,AN105-AM105,IF($AI105<AM105,0,$AI105-AM105)) -> #N/A | AO106: =AO105*AJ106 -> #N/A | AP106: =AP105*AK106 -> #N/A | AQ106: =AQ105*AL106 -> #N/A | AR106: =AR105*AM106 -> #N/A | AS106: =AS105*AN106 -> #N/A | AT106: =ROUND(($AH105-$AG105),0)*(AT105/365)*$H$71 -> #VALUE! | AU106: =ROUND(($AH105-$AG105),0)*(AU105/365)*$AW$65*$H$71 -> #VALUE! | AV106: =ROUND(($AH105-$AG105),0)*(AV105/365)*$AX$65*$H$71 -> #VALUE! | AW106: =AW105*$AI105*$AW$65 -> #N/A | AX106: =AX105*$AI105*$AX$65 -> #N/A | AY106: =AY105*AJ106 -> #N/A | AZ106: =AZ105*AK106 -> #N/A | BA106: =BA105*AL106 -> #N/A | BB106: =BB105*AM106 -> #N/A | BC106: =BC105*AN106 -> #N/A | BD106: =ROUND(($AH105-$AG105),0)*(BD105/365)*$H$71 -> #VALUE! | BE106: =ROUND(($AH105-$AG105),0)*(BE105/365)*$AW$65*$H$71 -> #VALUE! | BF106: =ROUND(($AH105-$AG105),0)*(BF105/365)*$AX$65*$H$71 -> #VALUE! | BG106: =BG105*$AI105*$AW$65 -> #N/A | BH106: =BH105*$AI105*$AX$65 -> #N/A | BI106: =$AI105*BI105*$BI$65 -> #VALUE! | BJ106: =$AI105*BJ105*$BJ$65 -> #VALUE! | BK106: =IF(AF105>2019,$AI105*BK105*$BK$65,$AI105*BK105*1) -> #VALUE! | BM106: =IFERROR(SUM(AO106:AS106,AY106:BC106),0) -> 0 | BN106: =IFERROR(SUM(AW106,BG106),0) -> 0 | BO106: =IFERROR(SUM(AX106,BH106),0) -> 0 | BP106: =IFERROR(SUM(AT106:AV106,BD106:BF106),0) -> 0 | BQ106: =IFERROR(SUM(BI106:BK106),0) -> 0
AF107: =IF($AF$66>2,AF105+1,"") | AG107: =IF(AF107="","",CONCATENATE("01/01/",AF107)) | AH107: =IF(AF109="",IF(AF107="","",$L$30),(CONCATENATE("31/12/",AF107))) | AI107: =IF(AF107<>"",$K$71/($L$30-$J$30)*(AH107-AG107),"") | AJ107: =IF($AB$101=1,IF($J$71>6,ROUND(VLOOKUP($AE$101,INDIRECT(VLOOKUP($AF107,$AG$22:$AI$62,3,0),1),2,0)/365*($AH107-$AG107+1)/6*$J$71,0),ROUND(VLOOKUP($AE$101,INDIRECT(VLOOKUP($AF107,$AG$22:$AI$62,3,0),1),2,0)/365*($AH107-$AG107+1),0)),ROUND(VLOOKUP($AE$101,INDIRECT(VLOOKUP($AF107,$AG$22:$AI$62,3,0),1),2,0)/365*($AH107-$AG107+1),0)*$H$71) -> #N/A | AK107: =IF($AB$101=1,IF($J$71>6,ROUND(VLOOKUP($AE$101,INDIRECT(VLOOKUP($AF107,$AG$22:$AI$62,3,0),1),3,0)/365*($AH107-$AG107+1)/6*$J$71,0),ROUND(VLOOKUP($AE$101,INDIRECT(VLOOKUP($AF107,$AG$22:$AI$62,3,0),1),3,0)/365*($AH107-$AG107+1),0)),ROUND(VLOOKUP($AE$101,INDIRECT(VLOOKUP($AF107,$AG$22:$AI$62,3,0),1),3,0)/365*($AH107-$AG107+1),0)*$H$71) -> #N/A | AL107: =IF($AB$101=1,IF($J$71>6,ROUND(VLOOKUP($AE$101,INDIRECT(VLOOKUP($AF107,$AG$22:$AI$62,3,0),1),4,0)/365*($AH107-$AG107+1)/6*$J$71,0),ROUND(VLOOKUP($AE$101,INDIRECT(VLOOKUP($AF107,$AG$22:$AI$62,3,0),1),4,0)/365*($AH107-$AG107+1),0)),ROUND(VLOOKUP($AE$101,INDIRECT(VLOOKUP($AF107,$AG$22:$AI$62,3,0),1),4,0)/365*($AH107-$AG107+1),0)*$H$71) -> #N/A | AM107: =IF($AB$101=1,IF($J$71>6,ROUND(VLOOKUP($AE$101,INDIRECT(VLOOKUP($AF107,$AG$22:$AI$62,3,0),1),5,0)/365*($AH107-$AG107+1)/6*$J$71,0),ROUND(VLOOKUP($AE$101,INDIRECT(VLOOKUP($AF107,$AG$22:$AI$62,3,0),1),5,0)/365*($AH107-$AG107+1),0)),ROUND(VLOOKUP($AE$101,INDIRECT(VLOOKUP($AF107,$AG$22:$AI$62,3,0),1),5,0)/365*($AH107-$AG107+1),0)*$H$71) -> #N/A | AN107: =IF($AB$101=1,IF($J$71>6,ROUND(VLOOKUP($AE$101,INDIRECT(VLOOKUP($AF107,$AG$22:$AI$62,3,0),1),6,0)/365*($AH107-$AG107+1)/6*$J$71,0),ROUND(VLOOKUP($AE$101,INDIRECT(VLOOKUP($AF107,$AG$22:$AI$62,3,0),1),6,0)/365*($AH107-$AG107+1),0)),ROUND(VLOOKUP($AE$101,INDIRECT(VLOOKUP($AF107,$AG$22:$AI$62,3,0),1),6,0)/365*($AH107-$AG107+1),0)*$H$71) -> #N/A | AO107: =VLOOKUP($AE$101,INDIRECT(VLOOKUP(AF107,$AG$22:$AI$62,3,0),1),7,0) -> #N/A | AP107: =VLOOKUP($AE$101,INDIRECT(VLOOKUP(AF107,$AG$22:$AI$62,3,0),1),8,0) -> #N/A | AQ107: =VLOOKUP($AE$101,INDIRECT(VLOOKUP(AF107,$AG$22:$AI$62,3,0),1),9,0) -> #N/A | AR107: =VLOOKUP($AE$101,INDIRECT(VLOOKUP(AF107,$AG$22:$AI$62,3,0),1),10,0) -> #N/A | AS107: =VLOOKUP($AE$101,INDIRECT(VLOOKUP(AF107,$AG$22:$AI$62,3,0),1),11,0) -> #N/A | AT107: =VLOOKUP($AE$101,INDIRECT(VLOOKUP(AF107,$AG$22:$AI$62,3,0),1),12,0) -> #N/A | AU107: =VLOOKUP($AE$101,INDIRECT(VLOOKUP(AF107,$AG$22:$AI$62,3,0),1),13,0) -> #N/A | AV107: =VLOOKUP($AE$101,INDIRECT(VLOOKUP(AF107,$AG$22:$AI$62,3,0),1),14,0) -> #N/A | AW107: =VLOOKUP($AE$101,INDIRECT(VLOOKUP(AF107,$AG$22:$AI$62,3,0),1),15,0) -> #N/A | AX107: =VLOOKUP($AE$101,INDIRECT(VLOOKUP(AF107,$AG$22:$AI$62,3,0),1),16,0) -> #N/A | AY107: =VLOOKUP($AE$101,INDIRECT(VLOOKUP(AF107,$AG$22:$AI$62,3,0),1),17,0) -> #N/A | AZ107: =VLOOKUP($AE$101,INDIRECT(VLOOKUP(AF107,$AG$22:$AI$62,3,0),1),18,0) -> #N/A | BA107: =VLOOKUP($AE$101,INDIRECT(VLOOKUP(AF107,$AG$22:$AI$62,3,0),1),19,0) -> #N/A | BB107: =VLOOKUP($AE$101,INDIRECT(VLOOKUP(AF107,$AG$22:$AI$62,3,0),1),20,0) -> #N/A | BC107: =VLOOKUP($AE$101,INDIRECT(VLOOKUP(AF107,$AG$22:$AI$62,3,0),1),21,0) -> #N/A | BD107: =VLOOKUP($AE$101,INDIRECT(VLOOKUP(AF107,$AG$22:$AI$62,3,0),1),22,0) -> #N/A | BE107: =VLOOKUP($AE$101,INDIRECT(VLOOKUP(AF107,$AG$22:$AI$62,3,0),1),23,0) -> #N/A | BF107: =VLOOKUP($AE$101,INDIRECT(VLOOKUP(AF107,$AG$22:$AI$62,3,0),1),24,0) -> #N/A | BG107: =VLOOKUP($AE$101,INDIRECT(VLOOKUP(AF107,$AG$22:$AI$62,3,0),1),25,0) -> #N/A | BH107: =VLOOKUP($AE$101,INDIRECT(VLOOKUP(AF107,$AG$22:$AI$62,3,0),1),26,0) -> #N/A | BI107: =VLOOKUP($AE$101,INDIRECT(VLOOKUP(AF107,$AG$22:$AI$62,3,0),1),27,0) -> #N/A | BJ107: =VLOOKUP($AE$101,INDIRECT(VLOOKUP(AF107,$AG$22:$AI$62,3,0),1),28,0) -> #N/A | BK107: =VLOOKUP($AE$101,INDIRECT(VLOOKUP(AF107,$AG$22:$AI$62,3,0),1),29,0) -> #N/A
AJ108: =IF(AI107>AJ107,AJ107,AI107) -> #N/A | AK108: =IF($AI107>AK107,AK107-AJ107,IF($AI107<AJ107,0,$AI107-AJ107)) -> #N/A | AL108: =IF($AI107>AL107,AL107-AK107,IF($AI107<AK107,0,$AI107-AK107)) -> #N/A | AM108: =IF($AI107>AM107,AM107-AL107,IF($AI107<AL107,0,$AI107-AL107)) -> #N/A | AN108: =IF($AI107>AN107,AN107-AM107,IF($AI107<AM107,0,$AI107-AM107)) -> #N/A | AO108: =AO107*AJ108 -> #N/A | AP108: =AP107*AK108 -> #N/A | AQ108: =AQ107*AL108 -> #N/A | AR108: =AR107*AM108 -> #N/A | AS108: =AS107*AN108 -> #N/A | AT108: =ROUND(($AH107-$AG107),0)*(AT107/365)*$H$71 -> #VALUE! | AU108: =ROUND(($AH107-$AG107),0)*(AU107/365)*$AW$65*$H$71 -> #VALUE! | AV108: =ROUND(($AH107-$AG107),0)*(AV107/365)*$AX$65*$H$71 -> #VALUE! | AW108: =AW107*$AI107*$AW$65 -> #N/A | AX108: =AX107*$AI107*$AX$65 -> #N/A | AY108: =AY107*AJ108 -> #N/A | AZ108: =AZ107*AK108 -> #N/A | BA108: =BA107*AL108 -> #N/A | BB108: =BB107*AM108 -> #N/A | BC108: =BC107*AN108 -> #N/A | BD108: =ROUND(($AH107-$AG107),0)*(BD107/365)*$H$71 -> #VALUE! | BE108: =ROUND(($AH107-$AG107),0)*(BE107/365)*$AW$65*$H$71 -> #VALUE! | BF108: =ROUND(($AH107-$AG107),0)*(BF107/365)*$AX$65*$H$71 -> #VALUE! | BG108: =BG107*$AI107*$AW$65 -> #N/A | BH108: =BH107*$AI107*$AX$65 -> #N/A | BI108: =$AI107*BI107*$BI$65 -> #VALUE! | BJ108: =$AI107*BJ107*$BJ$65 -> #VALUE! | BK108: =IF(AF107>2019,$AI107*BK107*$BK$65,$AI107*BK107*1) -> #VALUE! | BM108: =IFERROR(SUM(AO108:AS108,AY108:BC108),0) -> 0 | BN108: =IFERROR(SUM(AW108,BG108),0) -> 0 | BO108: =IFERROR(SUM(AX108,BH108),0) -> 0 | BP108: =IFERROR(SUM(AT108:AV108,BD108:BF108),0) -> 0 | BQ108: =IFERROR(SUM(BI108:BK108),0) -> 0
AF109: =IF($AF$66>3,AF107+1,"") | AG109: =IF(AF109="","",CONCATENATE("01/01/",AF109)) | AH109: =IF(AF111="",IF(AF109="","",$L$30),(CONCATENATE("31/12/",AF109))) | AI109: =IF(AF109<>"",$K$71/($L$30-$J$30)*(AH109-AG109),"") | AJ109: =IF($AB$101=1,IF($J$71>6,ROUND(VLOOKUP($AE$101,INDIRECT(VLOOKUP($AF109,$AG$22:$AI$62,3,0),1),2,0)/365*($AH109-$AG109+1)/6*$J$71,0),ROUND(VLOOKUP($AE$101,INDIRECT(VLOOKUP($AF109,$AG$22:$AI$62,3,0),1),2,0)/365*($AH109-$AG109+1),0)),ROUND(VLOOKUP($AE$101,INDIRECT(VLOOKUP($AF109,$AG$22:$AI$62,3,0),1),2,0)/365*($AH109-$AG109+1),0)*$H$71) -> #N/A | AK109: =IF($AB$101=1,IF($J$71>6,ROUND(VLOOKUP($AE$101,INDIRECT(VLOOKUP($AF109,$AG$22:$AI$62,3,0),1),3,0)/365*($AH109-$AG109+1)/6*$J$71,0),ROUND(VLOOKUP($AE$101,INDIRECT(VLOOKUP($AF109,$AG$22:$AI$62,3,0),1),3,0)/365*($AH109-$AG109+1),0)),ROUND(VLOOKUP($AE$101,INDIRECT(VLOOKUP($AF109,$AG$22:$AI$62,3,0),1),3,0)/365*($AH109-$AG109+1),0)*$H$71) -> #N/A | AL109: =IF($AB$101=1,IF($J$71>6,ROUND(VLOOKUP($AE$101,INDIRECT(VLOOKUP($AF109,$AG$22:$AI$62,3,0),1),4,0)/365*($AH109-$AG109+1)/6*$J$71,0),ROUND(VLOOKUP($AE$101,INDIRECT(VLOOKUP($AF109,$AG$22:$AI$62,3,0),1),4,0)/365*($AH109-$AG109+1),0)),ROUND(VLOOKUP($AE$101,INDIRECT(VLOOKUP($AF109,$AG$22:$AI$62,3,0),1),4,0)/365*($AH109-$AG109+1),0)*$H$71) -> #N/A | AM109: =IF($AB$101=1,IF($J$71>6,ROUND(VLOOKUP($AE$101,INDIRECT(VLOOKUP($AF109,$AG$22:$AI$62,3,0),1),5,0)/365*($AH109-$AG109+1)/6*$J$71,0),ROUND(VLOOKUP($AE$101,INDIRECT(VLOOKUP($AF109,$AG$22:$AI$62,3,0),1),5,0)/365*($AH109-$AG109+1),0)),ROUND(VLOOKUP($AE$101,INDIRECT(VLOOKUP($AF109,$AG$22:$AI$62,3,0),1),5,0)/365*($AH109-$AG109+1),0)*$H$71) -> #N/A | AN109: =IF($AB$101=1,IF($J$71>6,ROUND(VLOOKUP($AE$101,INDIRECT(VLOOKUP($AF109,$AG$22:$AI$62,3,0),1),6,0)/365*($AH109-$AG109+1)/6*$J$71,0),ROUND(VLOOKUP($AE$101,INDIRECT(VLOOKUP($AF109,$AG$22:$AI$62,3,0),1),6,0)/365*($AH109-$AG109+1),0)),ROUND(VLOOKUP($AE$101,INDIRECT(VLOOKUP($AF109,$AG$22:$AI$62,3,0),1),6,0)/365*($AH109-$AG109+1),0)*$H$71) -> #N/A | AO109: =VLOOKUP($AE$101,INDIRECT(VLOOKUP(AF109,$AG$22:$AI$62,3,0),1),7,0) -> #N/A | AP109: =VLOOKUP($AE$101,INDIRECT(VLOOKUP(AF109,$AG$22:$AI$62,3,0),1),8,0) -> #N/A | AQ109: =VLOOKUP($AE$101,INDIRECT(VLOOKUP(AF109,$AG$22:$AI$62,3,0),1),9,0) -> #N/A | AR109: =VLOOKUP($AE$101,INDIRECT(VLOOKUP(AF109,$AG$22:$AI$62,3,0),1),10,0) -> #N/A | AS109: =VLOOKUP($AE$101,INDIRECT(VLOOKUP(AF109,$AG$22:$AI$62,3,0),1),11,0) -> #N/A | AT109: =VLOOKUP($AE$101,INDIRECT(VLOOKUP(AF109,$AG$22:$AI$62,3,0),1),12,0) -> #N/A | AU109: =VLOOKUP($AE$101,INDIRECT(VLOOKUP(AF109,$AG$22:$AI$62,3,0),1),13,0) -> #N/A | AV109: =VLOOKUP($AE$101,INDIRECT(VLOOKUP(AF109,$AG$22:$AI$62,3,0),1),14,0) -> #N/A | AW109: =VLOOKUP($AE$101,INDIRECT(VLOOKUP(AF109,$AG$22:$AI$62,3,0),1),15,0) -> #N/A | AX109: =VLOOKUP($AE$101,INDIRECT(VLOOKUP(AF109,$AG$22:$AI$62,3,0),1),16,0) -> #N/A | AY109: =VLOOKUP($AE$101,INDIRECT(VLOOKUP(AF109,$AG$22:$AI$62,3,0),1),17,0) -> #N/A | AZ109: =VLOOKUP($AE$101,INDIRECT(VLOOKUP(AF109,$AG$22:$AI$62,3,0),1),18,0) -> #N/A | BA109: =VLOOKUP($AE$101,INDIRECT(VLOOKUP(AF109,$AG$22:$AI$62,3,0),1),19,0) -> #N/A | BB109: =VLOOKUP($AE$101,INDIRECT(VLOOKUP(AF109,$AG$22:$AI$62,3,0),1),20,0) -> #N/A | BC109: =VLOOKUP($AE$101,INDIRECT(VLOOKUP(AF109,$AG$22:$AI$62,3,0),1),21,0) -> #N/A | BD109: =VLOOKUP($AE$101,INDIRECT(VLOOKUP(AF109,$AG$22:$AI$62,3,0),1),22,0) -> #N/A | BE109: =VLOOKUP($AE$101,INDIRECT(VLOOKUP(AF109,$AG$22:$AI$62,3,0),1),23,0) -> #N/A | BF109: =VLOOKUP($AE$101,INDIRECT(VLOOKUP(AF109,$AG$22:$AI$62,3,0),1),24,0) -> #N/A | BG109: =VLOOKUP($AE$101,INDIRECT(VLOOKUP(AF109,$AG$22:$AI$62,3,0),1),25,0) -> #N/A | BH109: =VLOOKUP($AE$101,INDIRECT(VLOOKUP(AF109,$AG$22:$AI$62,3,0),1),26,0) -> #N/A | BI109: =VLOOKUP($AE$101,INDIRECT(VLOOKUP(AF109,$AG$22:$AI$62,3,0),1),27,0) -> #N/A | BJ109: =VLOOKUP($AE$101,INDIRECT(VLOOKUP(AF109,$AG$22:$AI$62,3,0),1),28,0) -> #N/A | BK109: =VLOOKUP($AE$101,INDIRECT(VLOOKUP(AF109,$AG$22:$AI$62,3,0),1),29,0) -> #N/A
AJ110: =IF(AI109>AJ109,AJ109,AI109) -> #N/A | AK110: =IF($AI109>AK109,AK109-AJ109,IF($AI109<AJ109,0,$AI109-AJ109)) -> #N/A | AL110: =IF($AI109>AL109,AL109-AK109,IF($AI109<AK109,0,$AI109-AK109)) -> #N/A | AM110: =IF($AI109>AM109,AM109-AL109,IF($AI109<AL109,0,$AI109-AL109)) -> #N/A | AN110: =IF($AI109>AN109,AN109-AM109,IF($AI109<AM109,0,$AI109-AM109)) -> #N/A | AO110: =AO109*AJ110 -> #N/A | AP110: =AP109*AK110 -> #N/A | AQ110: =AQ109*AL110 -> #N/A | AR110: =AR109*AM110 -> #N/A | AS110: =AS109*AN110 -> #N/A | AT110: =ROUND(($AH109-$AG109),0)*(AT109/365)*$H$71 -> #VALUE! | AU110: =ROUND(($AH109-$AG109),0)*(AU109/365)*$AW$65*$H$71 -> #VALUE! | AV110: =ROUND(($AH109-$AG109),0)*(AV109/365)*$AX$65*$H$71 -> #VALUE! | AW110: =AW109*$AI109*$AW$65 -> #N/A | AX110: =AX109*$AI109*$AX$65 -> #N/A | AY110: =AY109*AJ110 -> #N/A | AZ110: =AZ109*AK110 -> #N/A | BA110: =BA109*AL110 -> #N/A | BB110: =BB109*AM110 -> #N/A | BC110: =BC109*AN110 -> #N/A | BD110: =ROUND(($AH109-$AG109),0)*(BD109/365)*$H$71 -> #VALUE! | BE110: =ROUND(($AH109-$AG109),0)*(BE109/365)*$AW$65*$H$71 -> #VALUE! | BF110: =ROUND(($AH109-$AG109),0)*(BF109/365)*$AX$65*$H$71 -> #VALUE! | BG110: =BG109*$AI109*$AW$65 -> #N/A | BH110: =BH109*$AI109*$AX$65 -> #N/A | BI110: =$AI109*BI109*$BI$65 -> #VALUE! | BJ110: =$AI109*BJ109*$BJ$65 -> #VALUE! | BK110: =IF(AF109>2019,$AI109*BK109*$BK$65,$AI109*BK109*1) -> #VALUE! | BM110: =IFERROR(SUM(AO110:AS110,AY110:BC110),0) -> 0 | BN110: =IFERROR(SUM(AW110,BG110),0) -> 0 | BO110: =IFERROR(SUM(AX110,BH110),0) -> 0 | BP110: =IFERROR(SUM(AT110:AV110,BD110:BF110),0) -> 0 | BQ110: =IFERROR(SUM(BI110:BK110),0) -> 0
AB112: =IFERROR(FIND($AB$67,AD112,1),0) -> 0 | AD112: =+I72 -> 0 | AE112: =VLOOKUP(I72,$AD$22:$AE$66,2,0) -> #N/A | AF112: =YEAR($J$30) -> 1900 | AG112: =$J$30 -> 0 | AH112: =IF(AF114="",$L$30,(CONCATENATE("31/12/",AF112))) -> 0 | AI112: =IF(AF112<>"",$K$72/($L$30-$J$30)*(AH112-AG112),"") -> #DIV/0! | AJ112: =IF($AB$112=1,IF($J$72>6,ROUND(VLOOKUP($AE$112,INDIRECT(VLOOKUP($AF112,$AG$22:$AI$62,3,0),1),2,0)/365*($AH112-$AG112+1)/6*$J$72,0),ROUND(VLOOKUP($AE$112,INDIRECT(VLOOKUP($AF112,$AG$22:$AI$62,3,0),1),2,0)/365*($AH112-$AG112+1),0)),ROUND(VLOOKUP($AE$112,INDIRECT(VLOOKUP($AF112,$AG$22:$AI$62,3,0),1),2,0)/365*($AH112-$AG112+1),0)*$H$72) -> #N/A | AK112: =IF($AB$112=1,IF($J$72>6,ROUND(VLOOKUP($AE$112,INDIRECT(VLOOKUP($AF112,$AG$22:$AI$62,3,0),1),3,0)/365*($AH112-$AG112+1)/6*$J$72,0),ROUND(VLOOKUP($AE$112,INDIRECT(VLOOKUP($AF112,$AG$22:$AI$62,3,0),1),3,0)/365*($AH112-$AG112+1),0)),ROUND(VLOOKUP($AE$112,INDIRECT(VLOOKUP($AF112,$AG$22:$AI$62,3,0),1),3,0)/365*($AH112-$AG112+1),0)*$H$72) -> #N/A | AL112: =IF($AB$112=1,IF($J$72>6,ROUND(VLOOKUP($AE$112,INDIRECT(VLOOKUP($AF112,$AG$22:$AI$62,3,0),1),4,0)/365*($AH112-$AG112+1)/6*$J$72,0),ROUND(VLOOKUP($AE$112,INDIRECT(VLOOKUP($AF112,$AG$22:$AI$62,3,0),1),4,0)/365*($AH112-$AG112+1),0)),ROUND(VLOOKUP($AE$112,INDIRECT(VLOOKUP($AF112,$AG$22:$AI$62,3,0),1),4,0)/365*($AH112-$AG112+1),0)*$H$72) -> #N/A | AM112: =IF($AB$112=1,IF($J$72>6,ROUND(VLOOKUP($AE$112,INDIRECT(VLOOKUP($AF112,$AG$22:$AI$62,3,0),1),5,0)/365*($AH112-$AG112+1)/6*$J$72,0),ROUND(VLOOKUP($AE$112,INDIRECT(VLOOKUP($AF112,$AG$22:$AI$62,3,0),1),5,0)/365*($AH112-$AG112+1),0)),ROUND(VLOOKUP($AE$112,INDIRECT(VLOOKUP($AF112,$AG$22:$AI$62,3,0),1),5,0)/365*($AH112-$AG112+1),0)*$H$72) -> #N/A | AN112: =IF($AB$112=1,IF($J$72>6,ROUND(VLOOKUP($AE$112,INDIRECT(VLOOKUP($AF112,$AG$22:$AI$62,3,0),1),6,0)/365*($AH112-$AG112+1)/6*$J$72,0),ROUND(VLOOKUP($AE$112,INDIRECT(VLOOKUP($AF112,$AG$22:$AI$62,3,0),1),6,0)/365*($AH112-$AG112+1),0)),ROUND(VLOOKUP($AE$112,INDIRECT(VLOOKUP($AF112,$AG$22:$AI$62,3,0),1),6,0)/365*($AH112-$AG112+1),0)*$H$72) -> #N/A | AO112: =VLOOKUP($AE$112,INDIRECT(VLOOKUP(AF112,$AG$22:$AI$62,3,0),1),7,0) -> #N/A | AP112: =VLOOKUP($AE$112,INDIRECT(VLOOKUP(AF112,$AG$22:$AI$62,3,0),1),8,0) -> #N/A | AQ112: =VLOOKUP($AE$112,INDIRECT(VLOOKUP(AF112,$AG$22:$AI$62,3,0),1),9,0) -> #N/A | AR112: =VLOOKUP($AE$112,INDIRECT(VLOOKUP(AF112,$AG$22:$AI$62,3,0),1),10,0) -> #N/A | AS112: =VLOOKUP($AE$112,INDIRECT(VLOOKUP(AF112,$AG$22:$AI$62,3,0),1),11,0) -> #N/A | AT112: =VLOOKUP($AE$112,INDIRECT(VLOOKUP(AF112,$AG$22:$AI$62,3,0),1),12,0) -> #N/A | AU112: =VLOOKUP($AE$112,INDIRECT(VLOOKUP(AF112,$AG$22:$AI$62,3,0),1),13,0) -> #N/A | AV112: =VLOOKUP($AE$112,INDIRECT(VLOOKUP(AF112,$AG$22:$AI$62,3,0),1),14,0) -> #N/A | AW112: =VLOOKUP($AE$112,INDIRECT(VLOOKUP(AF112,$AG$22:$AI$62,3,0),1),15,0) -> #N/A | AX112: =VLOOKUP($AE$112,INDIRECT(VLOOKUP(AF112,$AG$22:$AI$62,3,0),1),16,0) -> #N/A | AY112: =VLOOKUP($AE$112,INDIRECT(VLOOKUP(AF112,$AG$22:$AI$62,3,0),1),17,0) -> #N/A | AZ112: =VLOOKUP($AE$112,INDIRECT(VLOOKUP(AF112,$AG$22:$AI$62,3,0),1),18,0) -> #N/A | BA112: =VLOOKUP($AE$112,INDIRECT(VLOOKUP(AF112,$AG$22:$AI$62,3,0),1),19,0) -> #N/A | BB112: =VLOOKUP($AE$112,INDIRECT(VLOOKUP(AF112,$AG$22:$AI$62,3,0),1),20,0) -> #N/A | BC112: =VLOOKUP($AE$112,INDIRECT(VLOOKUP(AF112,$AG$22:$AI$62,3,0),1),21,0) -> #N/A | BD112: =VLOOKUP($AE$112,INDIRECT(VLOOKUP(AF112,$AG$22:$AI$62,3,0),1),22,0) -> #N/A | BE112: =VLOOKUP($AE$112,INDIRECT(VLOOKUP(AF112,$AG$22:$AI$62,3,0),1),23,0) -> #N/A | BF112: =VLOOKUP($AE$112,INDIRECT(VLOOKUP(AF112,$AG$22:$AI$62,3,0),1),24,0) -> #N/A | BG112: =VLOOKUP($AE$112,INDIRECT(VLOOKUP(AF112,$AG$22:$AI$62,3,0),1),25,0) -> #N/A | BH112: =VLOOKUP($AE$112,INDIRECT(VLOOKUP(AF112,$AG$22:$AI$62,3,0),1),26,0) -> #N/A | BI112: =VLOOKUP($AE$112,INDIRECT(VLOOKUP(AF112,$AG$22:$AI$62,3,0),1),27,0) -> #N/A | BJ112: =VLOOKUP($AE$112,INDIRECT(VLOOKUP(AF112,$AG$22:$AI$62,3,0),1),28,0) -> #N/A | BK112: =VLOOKUP($AE$112,INDIRECT(VLOOKUP(AF112,$AG$22:$AI$62,3,0),1),29,0) -> #N/A
...

Sheet Importi per tipo concessione
A1: IMPORTI IMPUTATI IN BASE ALLA TIPOLOGIA DI CONCESSIONE
A6: Nr. concessioni | B6: Tipologia concessione | C6: =Simulatore!S31 -> Quota fissa | D6: =Simulatore!T31 -> Acquedotto | E6: =Simulatore!U31 -> Oneri perequazione | F6: =Simulatore!V31 -> Fognatura | G6: =Simulatore!W31 -> Depurazione | H6: =Simulatore!X31 -> Altre partite | I6: =Simulatore!Y31 -> Acconti Bollette Precedenti | J6: =Simulatore!Z31 -> Imputazione IVA | K6: =Simulatore!AC31 -> TOTALE (per tipologia concessione)
A7: =Simulatore!O32 -> 0 | B7: =+Simulatore!P32 -> 0 | C7: =Simulatore!S32 -> 0 | D7: =Simulatore!T32 -> 0 | E7: =Simulatore!U32 -> 0 | F7: =Simulatore!V32 -> 0 | G7: =Simulatore!W32 -> 0 | H7: =Simulatore!X32 -> 0 | I7: =Simulatore!Y32 -> 0 | J7: =Simulatore!Z32 -> 0 | K7: =Simulatore!AC32 -> 0
A8: =Simulatore!O33 -> 0 | B8: =+Simulatore!P33 -> 0 | C8: =Simulatore!S33 -> 0 | D8: =Simulatore!T33 -> 0 | E8: =Simulatore!U33 -> 0 | F8: =Simulatore!V33 -> 0 | G8: =Simulatore!W33 -> 0 | H8: =Simulatore!X33 -> 0 | I8: =Simulatore!Y33 -> 0 | J8: =Simulatore!Z33 -> 0 | K8: =Simulatore!AC33 -> 0
A9: =Simulatore!O34 -> 0 | B9: =+Simulatore!P34 -> 0 | C9: =Simulatore!S34 -> 0 | D9: =Simulatore!T34 -> 0 | E9: =Simulatore!U34 -> 0 | F9: =Simulatore!V34 -> 0 | G9: =Simulatore!W34 -> 0 | H9: =Simulatore!X34 -> 0 | I9: =Simulatore!Y34 -> 0 | J9: =Simulatore!Z34 -> 0 | K9: =Simulatore!AC34 -> 0
A10: =Simulatore!O35 -> 0 | B10: =+Simulatore!P35 -> 0 | C10: =Simulatore!S35 -> 0 | D10: =Simulatore!T35 -> 0 | E10: =Simulatore!U35 -> 0 | F10: =Simulatore!V35 -> 0 | G10: =Simulatore!W35 -> 0 | H10: =Simulatore!X35 -> 0 | I10: =Simulatore!Y35 -> 0 | J10: =Simulatore!Z35 -> 0 | K10: =Simulatore!AC35 -> 0
A11: =Simulatore!O36 -> 0 | B11: =+Simulatore!P36 -> 0 | C11: =Simulatore!S36 -> 0 | D11: =Simulatore!T36 -> 0 | E11: =Simulatore!U36 -> 0 | F11: =Simulatore!V36 -> 0 | G11: =Simulatore!W36 -> 0 | H11: =Simulatore!X36 -> 0 | I11: =Simulatore!Y36 -> 0 | J11: =Simulatore!Z36 -> 0 | K11: =Simulatore!AC36 -> 0
A12: =Simulatore!O37 -> 0 | B12: =+Simulatore!P37 -> 0 | C12: =Simulatore!S37 -> 0 | D12: =Simulatore!T37 -> 0 | E12: =Simulatore!U37 -> 0 | F12: =Simulatore!V37 -> 0 | G12: =Simulatore!W37 -> 0 | H12: =Simulatore!X37 -> 0 | I12: =Simulatore!Y37 -> 0 | J12: =Simulatore!Z37 -> 0 | K12: =Simulatore!AC37 -> 0
A13: =Simulatore!O38 -> 0 | B13: =+Simulatore!P38 -> 0 | C13: =Simulatore!S38 -> 0 | D13: =Simulatore!T38 -> 0 | E13: =Simulatore!U38 -> 0 | F13: =Simulatore!V38 -> 0 | G13: =Simulatore!W38 -> 0 | H13: =Simulatore!X38 -> 0 | I13: =Simulatore!Y38 -> 0 | J13: =Simulatore!Z38 -> 0 | K13: =Simulatore!AC38 -> 0
A14: =Simulatore!O39 -> 0 | B14: =+Simulatore!P39 -> 0 | C14: =Simulatore!S39 -> 0 | D14: =Simulatore!T39 -> 0 | E14: =Simulatore!U39 -> 0 | F14: =Simulatore!V39 -> 0 | G14: =Simulatore!W39 -> 0 | H14: =Simulatore!X39 -> 0 | I14: =Simulatore!Y39 -> 0 | J14: =Simulatore!Z39 -> 0 | K14: =Simulatore!AC39 -> 0
A15: =Simulatore!O40 -> 0 | B15: =+Simulatore!P40 -> 0 | C15: =Simulatore!S40 -> 0 | D15: =Simulatore!T40 -> 0 | E15: =Simulatore!U40 -> 0 | F15: =Simulatore!V40 -> 0 | G15: =Simulatore!W40 -> 0 | H15: =Simulatore!X40 -> 0 | I15: =Simulatore!Y40 -> 0 | J15: =Simulatore!Z40 -> 0 | K15: =Simulatore!AC40 -> 0
A17: =Simulatore!S42 -> TOTALI
A18: =SUM(A7:A16) -> 0 | C18: =Simulatore!S43 -> 0 | D18: =Simulatore!T43 -> 0 | E18: =Simulatore!U43 -> 0 | F18: =Simulatore!V43 -> 0 | G18: =Simulatore!W43 -> 0 | H18: =Simulatore!X43 -> 0 | I18: =Simulatore!Y43 -> 0 | J18: =Simulatore!Z43 -> 0 | K18: =Simulatore!AC43 -> 0

Sheet Tariffe
A1: DESCRIZIONE | B1: TIPOLOGIA UTENZA | C1: SOTTO TIPOLOGIA | D1: DESCRIZIONE | E1: VOLUME AGEVOLATA | F1: VOLUME BASE | G1: VOLUME 1^ecc | H1: VOLUME 2^ecc | I1: VOLUME 3^ecc | J1: tariffa agevolata | K1: tariffa base | L1: tariffa 1^ecc | M1: tariffa 2^ecc | N1: tariffa 3^ecc | O1: quota fissa ACQ | P1: quota fissa FOGN | Q1: quota fissa DEP | R1: tariffa FOGN | S1: tariffa DEP | T1: tariffa agevolata | U1: tariffa base | V1: tariffa 1^ecc | W1: tariffa 2^ecc | X1: tariffa 3^ecc | Y1: quota fissa ACQ | Z1: quota fissa FOGN | AA1: quota fissa DEP | AB1: tariffa FOGN | AC1: tariffa DEP | AD1: UI1 acq/fog/ dep | AE1: UI2 + UI4 (2020) acq/fog/ dep | AF1: UI3 solo acquedotto
D2: 2018 | T2: ADDIZIONALE | V2: 0.1228 | AD2: UI
A3: UTENZA DOMESTICA | B3: USI DOMESTICI | C3: a.1.1 | D3: UTENZA DOMESTICA RESIDENTE CON 1 COMPONENTE | E3: 55 | F3: 77 | G3: 99 | H3: 121 | I3: 100000121 | J3: 0.36 | K3: 0.72 | L3: 0.96 | M3: 1.42 | N3: 1.6 | O3: 26.1 | P3: 0.5 | Q3: 0.5 | R3: 0.33 | S3: 0.62 | T3: =+J3*$V$2 -> 0.044208 | U3: =+K3*$V$2 -> 0.088416 | V3: =+L3*$V$2 -> 0.117888 | W3: =+M3*$V$2 -> 0.174376 | X3: =+N3*$V$2 -> 0.19648 | Y3: =+O3*$V$2 -> 3.20508 | Z3: =+P3*$V$2 -> 0.0614 | AA3: =+Q3*$V$2 -> 0.0614 | ... AC3: =+S3*$V$2 -> 0.076136 | AD3: 0.004 | AE3: 0.009 | AF3: 0.005
C4: a.1.2 | D4: UTENZA DOMESTICA RESIDENTE CON 2 COMPONENTI | E4: 90 | F4: 126 | G4: 162 | H4: 198 | I4: 100000198 | J4: 0.36 | K4: 0.72 | L4: 0.96 | M4: 1.42 | N4: 1.6 | O4: 26.1 | P4: 0.5 | Q4: 0.5 | R4: 0.33 | S4: 0.62 | T4: =+J4*$V$2 -> 0.044208 | U4: =+K4*$V$2 -> 0.088416 | V4: =+L4*$V$2 -> 0.117888 | W4: =+M4*$V$2 -> 0.174376 | X4: =+N4*$V$2 -> 0.19648 | Y4: =+O4*$V$2 -> 3.20508 | Z4: =+P4*$V$2 -> 0.0614 | AA4: =+Q4*$V$2 -> 0.0614 | ... AC4: =+S4*$V$2 -> 0.076136 | AD4: 0.004 | AE4: 0.009 | AF4: 0.005
C5: a.1.3 | D5: UTENZA DOMESTICA RESIDENTE CON 3 COMPONENTI | E5: 124 | F5: 174 | G5: 224 | H5: 274 | I5: 100000274 | J5: 0.36 | K5: 0.72 | L5: 0.96 | M5: 1.42 | N5: 1.6 | O5: 26.1 | P5: 0.5 | Q5: 0.5 | R5: 0.33 | S5: 0.62 | T5: =+J5*$V$2 -> 0.044208 | U5: =+K5*$V$2 -> 0.088416 | V5: =+L5*$V$2 -> 0.117888 | W5: =+M5*$V$2 -> 0.174376 | X5: =+N5*$V$2 -> 0.19648 | Y5: =+O5*$V$2 -> 3.20508 | Z5: =+P5*$V$2 -> 0.0614 | AA5: =+Q5*$V$2 -> 0.0614 | ... AC5: =+S5*$V$2 -> 0.076136 | AD5: 0.004 | AE5: 0.009 | AF5: 0.005
C6: a.1.4 | D6: UTENZA DOMESTICA RESIDENTE CON 4 COMPONENTI | E6: 160 | F6: 224 | G6: 288 | H6: 352 | I6: 100000352 | J6: 0.36 | K6: 0.72 | L6: 0.96 | M6: 1.42 | N6: 1.6 | O6: 26.1 | P6: 0.5 | Q6: 0.5 | R6: 0.33 | S6: 0.62 | T6: =+J6*$V$2 -> 0.044208 | U6: =+K6*$V$2 -> 0.088416 | V6: =+L6*$V$2 -> 0.117888 | W6: =+M6*$V$2 -> 0.174376 | X6: =+N6*$V$2 -> 0.19648 | Y6: =+O6*$V$2 -> 3.20508 | Z6: =+P6*$V$2 -> 0.0614 | AA6: =+Q6*$V$2 -> 0.0614 | ... AC6: =+S6*$V$2 -> 0.076136 | AD6: 0.004 | AE6: 0.009 | AF6: 0.005
C7: a.1.5 | D7: UTENZA DOMESTICA RESIDENTE CON 5 COMPONENTI | E7: 195 | F7: 273 | G7: 351 | H7: 429 | I7: 100000429 | J7: 0.36 | K7: 0.72 | L7: 0.96 | M7: 1.42 | N7: 1.6 | O7: 26.1 | P7: 0.5 | Q7: 0.5 | R7: 0.33 | S7: 0.62 | T7: =+J7*$V$2 -> 0.044208 | U7: =+K7*$V$2 -> 0.088416 | V7: =+L7*$V$2 -> 0.117888 | W7: =+M7*$V$2 -> 0.174376 | X7: =+N7*$V$2 -> 0.19648 | Y7: =+O7*$V$2 -> 3.20508 | Z7: =+P7*$V$2 -> 0.0614 | AA7: =+Q7*$V$2 -> 0.0614 | ... AC7: =+S7*$V$2 -> 0.076136 | AD7: 0.004 | AE7: 0.009 | AF7: 0.005
C8: a.1.6 | D8: UTENZA DOMESTICA RESIDENTE CON 6 COMPONENTI | E8: 230 | F8: 322 | G8: 414 | H8: 506 | I8: 100000506 | J8: 0.36 | K8: 0.72 | L8: 0.96 | M8: 1.42 | N8: 1.6 | O8: 26.1 | P8: 0.5 | Q8: 0.5 | R8: 0.33 | S8: 0.62 | T8: =+J8*$V$2 -> 0.044208 | U8: =+K8*$V$2 -> 0.088416 | V8: =+L8*$V$2 -> 0.117888 | W8: =+M8*$V$2 -> 0.174376 | X8: =+N8*$V$2 -> 0.19648 | Y8: =+O8*$V$2 -> 3.20508 | Z8: =+P8*$V$2 -> 0.0614 | AA8: =+Q8*$V$2 -> 0.0614 | ... AC8: =+S8*$V$2 -> 0.076136 | AD8: 0.004 | AE8: 0.009 | AF8: 0.005
C9: a.2 | D9: UTENZA DOMESTICA NON RESIDENTE | E9: 24 | F9: 55 | G9: 77 | H9: 99 | I9: 10000099 | J9: 0.36 | K9: 0.72 | L9: 0.96 | M9: 1.42 | N9: 1.6 | O9: 83.8 | P9: =0.5*2 -> 1 | Q9: 1 | R9: 0.33 | S9: 0.62 | T9: =+J9*$V$2 -> 0.044208 | U9: =+K9*$V$2 -> 0.088416 | V9: =+L9*$V$2 -> 0.117888 | W9: =+M9*$V$2 -> 0.174376 | X9: =+N9*$V$2 -> 0.19648 | Y9: =+O9*$V$2 -> 10.29064 | Z9: =+P9*$V$2 -> 0.1228 | AA9: =+Q9*$V$2 -> 0.1228 | ... AC9: =+S9*$V$2 -> 0.076136 | AD9: 0.004 | AE9: 0.009 | AF9: 0.005
C10: a.3 | D10: UTENZA SERVIZI COMUNI DI CONDOMINIO (SCALE, GIARDINO, SCANTINATI,...) E PERTINENZE (GARAGE, CANTINA,…) | E10: 124 | F10: 174 | G10: 224 | H10: 274 | I10: 100000274 | J10: 0.36 | K10: 0.72 | L10: 0.96 | M10: 1.42 | N10: 1.6 | O10: 26.1 | P10: 0.5 | Q10: 0.5 | R10: 0.33 | S10: 0.62 | T10: =+J10*$V$2 -> 0.044208 | U10: =+K10*$V$2 -> 0.088416 | V10: =+L10*$V$2 -> 0.117888 | W10: =+M10*$V$2 -> 0.174376 | X10: =+N10*$V$2 -> 0.19648 | Y10: =+O10*$V$2 -> 3.20508 | Z10: =+P10*$V$2 -> 0.0614 | AA10: =+Q10*$V$2 -> 0.0614 | ... AC10: =+S10*$V$2 -> 0.076136 | AD10: 0.004 | AE10: 0.009 | AF10: 0.005
A11: PRODUTTIVA SECONDARIA (USO INDUSTRIALE) | B11: UTENZA PRODUTTIVA SECONDARIA (USO INDUSTRIALE) | C11: b.1 | D11: CON USO IDRICO ESCLUSIVAMENTE CIVILE prod (idrotermosanitario) | E11: 0 | F11: 100 | G11: 200 | H11: 300 | I11: 100000300 | J11: 0 | K11: 0.85 | L11: 0.96 | M11: 1.42 | N11: 1.6 | O11: 41.9 | P11: 0.5 | Q11: 0.5 | R11: 0.33 | S11: 0.62 | U11: =+K11*$V$2 -> 0.10438 | V11: =+L11*$V$2 -> 0.117888 | W11: =+M11*$V$2 -> 0.174376 | X11: =+N11*$V$2 -> 0.19648 | Y11: =+O11*$V$2 -> 5.14532 | Z11: =+P11*$V$2 -> 0.0614 | AA11: =+Q11*$V$2 -> 0.0614 | AB11: =+R11*$V$2 -> 0.040524 | AC11: =+S11*$V$2 -> 0.076136 | AD11: 0.004 | AE11: 0.009 | AF11: 0.005
C12: b.2 | D12: A BASSA IDROESIGENZA DI PROCESSO (consumi STD < 1000 MC/ANNO) | E12: 0 | F12: 200 | G12: 400 | H12: 600 | I12: 100000600 | J12: 0 | K12: 0.85 | L12: 0.96 | M12: 1.42 | N12: 1.6 | O12: 41.9 | P12: 0.5 | Q12: 0.5 | R12: 0.33 | S12: 0.62 | U12: =+K12*$V$2 -> 0.10438 | V12: =+L12*$V$2 -> 0.117888 | W12: =+M12*$V$2 -> 0.174376 | X12: =+N12*$V$2 -> 0.19648 | Y12: =+O12*$V$2 -> 5.14532 | Z12: =+P12*$V$2 -> 0.0614 | AA12: =+Q12*$V$2 -> 0.0614 | AB12: =+R12*$V$2 -> 0.040524 | AC12: =+S12*$V$2 -> 0.076136 | AD12: 0.004 | AE12: 0.009 | AF12: 0.005
C13: b.3 | D13: AD ALTA IDROESIGENZA DI PROCESSO (consumi STD > 1000 MC/ANNO) | E13: 0 | F13: 1000 | G13: 20000 | H13: 50000 | I13: 10000050000 | J13: 0 | K13: 1.42 | L13: 1.6 | M13: 1.7 | N13: 1.8 | O13: =41.9*2 -> 83.8 | P13: =0.5*2 -> 1 | Q13: 1 | R13: 0.33 | S13: 0.62 | U13: =+K13*$V$2 -> 0.174376 | V13: =+L13*$V$2 -> 0.19648 | W13: =+M13*$V$2 -> 0.20876 | X13: =+N13*$V$2 -> 0.22104 | Y13: =+O13*$V$2 -> 10.29064 | Z13: =+P13*$V$2 -> 0.1228 | AA13: =+Q13*$V$2 -> 0.1228 | AB13: =+R13*$V$2 -> 0.040524 | AC13: =+S13*$V$2 -> 0.076136 | AD13: 0.004 | AE13: 0.009 | AF13: 0.005
A14: PRODUTTIVA TERZIARIA (USO ARTIGIANALE E COMMERCIALE) | B14: UTENZA PRODUTTIVA TERZIARIA (USO ARTIGIANALE E COMMERCIALE) | C14: c1 | D14: CON USO IDRICO ESCLUSIVAMENTE CIVILE (idrotermosanitario) | E14: 0 | F14: 200 | G14: 250 | H14: 300 | I14: 100000300 | J14: 0 | K14: 0.85 | L14: 0.96 | M14: 1.42 | N14: 1.6 | O14: 41.9 | P14: 0.5 | Q14: 0.5 | R14: 0.33 | S14: 0.62 | U14: =+K14*$V$2 -> 0.10438 | V14: =+L14*$V$2 -> 0.117888 | W14: =+M14*$V$2 -> 0.174376 | X14: =+N14*$V$2 -> 0.19648 | Y14: =+O14*$V$2 -> 5.14532 | Z14: =+P14*$V$2 -> 0.0614 | AA14: =+Q14*$V$2 -> 0.0614 | AB14: =+R14*$V$2 -> 0.040524 | AC14: =+S14*$V$2 -> 0.076136 | AD14: 0.004 | AE14: 0.009 | AF14: 0.005
C15: c.2 | D15: ATTIVITA' ALIMENTARE (ortofrutta, pescheria, panifici, pasticcerie, gastronomie,…) | E15: 0 | F15: 200 | G15: 400 | H15: 600 | I15: 100000600 | J15: 0 | K15: 0.85 | L15: 0.96 | M15: 1.42 | N15: 1.6 | O15: 41.9 | P15: 0.5 | Q15: 0.5 | R15: 0.33 | S15: 0.62 | U15: =+K15*$V$2 -> 0.10438 | V15: =+L15*$V$2 -> 0.117888 | W15: =+M15*$V$2 -> 0.174376 | X15: =+N15*$V$2 -> 0.19648 | Y15: =+O15*$V$2 -> 5.14532 | Z15: =+P15*$V$2 -> 0.0614 | AA15: =+Q15*$V$2 -> 0.0614 | AB15: =+R15*$V$2 -> 0.040524 | AC15: =+S15*$V$2 -> 0.076136 | AD15: 0.004 | AE15: 0.009 | AF15: 0.005
C16: c.3 | D16: PUBBLICO ESERCIZIO (bar, pub, ristorante, trattoria, mensa,…) | E16: 0 | F16: 200 | G16: 400 | H16: 600 | I16: 100000600 | J16: 0 | K16: 0.85 | L16: 0.96 | M16: 1.42 | N16: 1.6 | O16: 41.9 | P16: 0.5 | Q16: 0.5 | R16: 0.33 | S16: 0.62 | U16: =+K16*$V$2 -> 0.10438 | V16: =+L16*$V$2 -> 0.117888 | W16: =+M16*$V$2 -> 0.174376 | X16: =+N16*$V$2 -> 0.19648 | Y16: =+O16*$V$2 -> 5.14532 | Z16: =+P16*$V$2 -> 0.0614 | AA16: =+Q16*$V$2 -> 0.0614 | AB16: =+R16*$V$2 -> 0.040524 | AC16: =+S16*$V$2 -> 0.076136 | AD16: 0.004 | AE16: 0.009 | AF16: 0.005
C17: c.4 | D17: ATTIVITA' RICETTIVA SENZA PISCINA (albergo, residence, colonia, campeggio,... escluso agriturismo) ANCHE EXTRALBERGHIERA | E17: 0 | F17: 400 | G17: 600 | H17: 800 | I17: 100000800 | J17: 0 | K17: 0.85 | L17: 0.96 | M17: 1.42 | N17: 1.6 | O17: 41.9 | P17: 0.5 | Q17: 0.5 | R17: 0.33 | S17: 0.62 | U17: =+K17*$V$2 -> 0.10438 | V17: =+L17*$V$2 -> 0.117888 | W17: =+M17*$V$2 -> 0.174376 | X17: =+N17*$V$2 -> 0.19648 | Y17: =+O17*$V$2 -> 5.14532 | Z17: =+P17*$V$2 -> 0.0614 | AA17: =+Q17*$V$2 -> 0.0614 | AB17: =+R17*$V$2 -> 0.040524 | AC17: =+S17*$V$2 -> 0.076136 | AD17: 0.004 | AE17: 0.009 | AF17: 0.005
C18: c.5 | D18: ATTIVITA' RICETTIVA CON PISCINA (albergo, residence, colonia, campeggio,... escluso agriturismo) ANCHE EXTRALBERGHIERA | E18: 0 | F18: 800 | G18: 1200 | H18: 1600 | I18: 1000001600 | J18: 0 | K18: 0.85 | L18: 0.96 | M18: 1.42 | N18: 1.6 | O18: =41.9*2 -> 83.8 | P18: 1 | Q18: 1 | R18: 0.33 | S18: 0.62 | U18: =+K18*$V$2 -> 0.10438 | V18: =+L18*$V$2 -> 0.117888 | W18: =+M18*$V$2 -> 0.174376 | X18: =+N18*$V$2 -> 0.19648 | Y18: =+O18*$V$2 -> 10.29064 | Z18: =+P18*$V$2 -> 0.1228 | AA18: =+Q18*$V$2 -> 0.1228 | AB18: =+R18*$V$2 -> 0.040524 | AC18: =+S18*$V$2 -> 0.076136 | AD18: 0.004 | AE18: 0.009 | AF18: 0.005
C19: c.6 | D19: ATTIVITA' ESTETICO-SANITARIE (parrucchiere, barbiere, estetista, palestra fitness, studio medico, dentistico-odontoiatrico…) | E19: 0 | F19: 200 | G19: 400 | H19: 800 | I19: 100000800 | J19: 0 | K19: 0.85 | L19: 0.96 | M19: 1.42 | N19: 1.6 | O19: 41.9 | P19: 0.5 | Q19: 0.5 | R19: 0.33 | S19: 0.62 | U19: =+K19*$V$2 -> 0.10438 | V19: =+L19*$V$2 -> 0.117888 | W19: =+M19*$V$2 -> 0.174376 | X19: =+N19*$V$2 -> 0.19648 | Y19: =+O19*$V$2 -> 5.14532 | Z19: =+P19*$V$2 -> 0.0614 | AA19: =+Q19*$V$2 -> 0.0614 | AB19: =+R19*$V$2 -> 0.040524 | AC19: =+S19*$V$2 -> 0.076136 | AD19: 0.004 | AE19: 0.009 | AF19: 0.005
C20: c.7 | D20: ATTIVITA' DI LAVANDERIA | E20: 0 | F20: 200 | G20: 400 | H20: 800 | I20: 100000800 | J20: 0 | K20: 0.96 | L20: 1.42 | M20: 1.6 | N20: 1.7 | O20: 41.9 | P20: 0.5 | Q20: 0.5 | R20: 0.33 | S20: 0.62 | U20: =+K20*$V$2 -> 0.117888 | V20: =+L20*$V$2 -> 0.174376 | W20: =+M20*$V$2 -> 0.19648 | X20: =+N20*$V$2 -> 0.20876 | Y20: =+O20*$V$2 -> 5.14532 | Z20: =+P20*$V$2 -> 0.0614 | AA20: =+Q20*$V$2 -> 0.0614 | AB20: =+R20*$V$2 -> 0.040524 | AC20: =+S20*$V$2 -> 0.076136 | AD20: 0.004 | AE20: 0.009 | AF20: 0.005
C21: c.8 | D21: ATTIVITA' DI AUTOLAVAGGIO (anche con altre attività tipo distributore carburanti) | E21: 0 | F21: 200 | G21: 400 | H21: 800 | I21: 100000800 | J21: 0 | K21: 0.96 | L21: 1.42 | M21: 1.6 | N21: 1.7 | O21: =41.9*2 -> 83.8 | P21: 1 | Q21: 1 | R21: 0.33 | S21: 0.62 | U21: =+K21*$V$2 -> 0.117888 | V21: =+L21*$V$2 -> 0.174376 | W21: =+M21*$V$2 -> 0.19648 | X21: =+N21*$V$2 -> 0.20876 | Y21: =+O21*$V$2 -> 10.29064 | Z21: =+P21*$V$2 -> 0.1228 | AA21: =+Q21*$V$2 -> 0.1228 | AB21: =+R21*$V$2 -> 0.040524 | AC21: =+S21*$V$2 -> 0.076136 | AD21: 0.004 | AE21: 0.009 | AF21: 0.005
C22: c.9 | D22: ATTIVITA' DIVERSE A BASSA IDROESIGENZA DI PROCESSO (consumi STD < 600 MC/ANNO) | E22: 0 | F22: 200 | G22: 300 | H22: 400 | I22: 100000400 | J22: 0 | K22: 0.85 | L22: 0.96 | M22: 1.42 | N22: 1.6 | O22: 41.9 | P22: 0.5 | Q22: 0.5 | R22: 0.33 | S22: 0.62 | U22: =+K22*$V$2 -> 0.10438 | V22: =+L22*$V$2 -> 0.117888 | W22: =+M22*$V$2 -> 0.174376 | X22: =+N22*$V$2 -> 0.19648 | Y22: =+O22*$V$2 -> 5.14532 | Z22: =+P22*$V$2 -> 0.0614 | AA22: =+Q22*$V$2 -> 0.0614 | AB22: =+R22*$V$2 -> 0.040524 | AC22: =+S22*$V$2 -> 0.076136 | AD22: 0.004 | AE22: 0.009 | AF22: 0.005
C23: c.10 | D23: ATTIVITA' DIVERSE AD ALTA IDROESIGENZA DI PROCESSO (consumi STD > 600 MC/ANNO) | E23: 0 | F23: 500 | G23: 750 | H23: 1000 | I23: 1000001000 | J23: 0 | K23: 0.96 | L23: 1.42 | M23: 1.6 | N23: 1.7 | O23: =41.9*2 -> 83.8 | P23: 1 | Q23: 1 | R23: 0.33 | S23: 0.62 | U23: =+K23*$V$2 -> 0.117888 | V23: =+L23*$V$2 -> 0.174376 | W23: =+M23*$V$2 -> 0.19648 | X23: =+N23*$V$2 -> 0.20876 | Y23: =+O23*$V$2 -> 10.29064 | Z23: =+P23*$V$2 -> 0.1228 | AA23: =+Q23*$V$2 -> 0.1228 | AB23: =+R23*$V$2 -> 0.040524 | AC23: =+S23*$V$2 -> 0.076136 | AD23: 0.004 | AE23: 0.009 | AF23: 0.005
A24: PRODUTTIVA PRIMARIA (USO AGRICOLO E ZOOTECNICO) | B24: UTENZA PRODUTTIVA PRIMARIA (USO AGRICOLO E ZOOTECNICO) | C24: d.1 | D24: ATTIVITA' CON USO IDRICO ESCLUSIVAMENTE CIVILE (idrotermosanitario) | E24: 0 | F24: 100 | G24: 200 | H24: 300 | I24: 100000300 | J24: 0 | K24: 0.85 | L24: 0.96 | M24: 1.42 | N24: 1.6 | O24: 26.1 | P24: 0.5 | Q24: 0.5 | R24: 0.33 | S24: 0.62 | U24: =+K24*$V$2 -> 0.10438 | V24: =+L24*$V$2 -> 0.117888 | W24: =+M24*$V$2 -> 0.174376 | X24: =+N24*$V$2 -> 0.19648 | Y24: =+O24*$V$2 -> 3.20508 | Z24: =+P24*$V$2 -> 0.0614 | AA24: =+Q24*$V$2 -> 0.0614 | AB24: =+R24*$V$2 -> 0.040524 | AC24: =+S24*$V$2 -> 0.076136 | AD24: 0.004 | AE24: 0.009 | AF24: 0.005
C25: d.2 | D25: ATTIVITA' AGRITURISTICA | E25: 0 | F25: 800 | G25: 100000800 | H25: 100000800 | I25: 100000800 | J25: 0 | K25: 0.36 | L25: 0.72 | M25: 0 | N25: 0 | O25: 26.1 | P25: 0.5 | Q25: 0.5 | R25: 0.33 | S25: 0.62 | U25: =+K25*$V$2 -> 0.044208 | V25: =+L25*$V$2 -> 0.088416 | Y25: =+O25*$V$2 -> 3.20508 | Z25: =+P25*$V$2 -> 0.0614 | AA25: =+Q25*$V$2 -> 0.0614 | AB25: =+R25*$V$2 -> 0.040524 | AC25: =+S25*$V$2 -> 0.076136 | AD25: 0.004 | AE25: 0.009 | AF25: 0.005
C26: d.3 | D26: UTENZA RURALE CON USO IDRICO STAGIONALE ESCLUSIVAMENTE CIVILE (idrotermosanitario) | E26: 0 | F26: 24 | G26: 55 | H26: 77 | I26: 10000077 | J26: 0 | K26: 0.36 | L26: 0.72 | M26: 0.96 | N26: 1.42 | O26: 26.1 | P26: 0.5 | Q26: 0.5 | R26: 0.33 | S26: 0.62 | U26: =+K26*$V$2 -> 0.044208 | V26: =+L26*$V$2 -> 0.088416 | W26: =+M26*$V$2 -> 0.117888 | X26: =+N26*$V$2 -> 0.174376 | Y26: =+O26*$V$2 -> 3.20508 | Z26: =+P26*$V$2 -> 0.0614 | AA26: =+Q26*$V$2 -> 0.0614 | AB26: =+R26*$V$2 -> 0.040524 | AC26: =+S26*$V$2 -> 0.076136 | AD26: 0.004 | AE26: 0.009 | AF26: 0.005
C27: d.4 | D27: ATTIVITA' ESCLUSIVAMENTE AGRICOLA | E27: 0 | F27: 5000 | G27: 1000005000 | H27: 1000005000 | I27: 1000005000 | J27: 0 | K27: 0.36 | L27: 0.72 | M27: 0 | N27: 0 | O27: 26.1 | P27: 0.5 | Q27: 0.5 | R27: 0.33 | S27: 0.62 | U27: =+K27*$V$2 -> 0.044208 | V27: =+L27*$V$2 -> 0.088416 | Y27: =+O27*$V$2 -> 3.20508 | Z27: =+P27*$V$2 -> 0.0614 | AA27: =+Q27*$V$2 -> 0.0614 | AB27: =+R27*$V$2 -> 0.040524 | AC27: =+S27*$V$2 -> 0.076136 | AD27: 0.004 | AE27: 0.009 | AF27: 0.005
C28: d.5 | D28: ATTIVITA' ZOOTECNICA | E28: 0 | F28: 100 | G28: 8000 | H28: 1000008000 | I28: 1000008000 | J28: 0 | K28: 0.1 | L28: 0.36 | M28: 0.72 | N28: 0 | O28: 26.1 | P28: 0.5 | Q28: 0.5 | R28: 0.33 | S28: 0.62 | U28: =+K28*$V$2 -> 0.01228 | V28: =+L28*$V$2 -> 0.044208 | W28: =+M28*$V$2 -> 0.088416 | Y28: =+O28*$V$2 -> 3.20508 | Z28: =+P28*$V$2 -> 0.0614 | AA28: =+Q28*$V$2 -> 0.0614 | AB28: =+R28*$V$2 -> 0.040524 | AC28: =+S28*$V$2 -> 0.076136 | AD28: 0.004 | AE28: 0.009 | AF28: 0.005
C29: d.6 | D29: ATTIVITA' DI TRASFORMAZIONI PRODOTTI AGRO-ZOOTECNICI | E29: 0 | F29: 100 | G29: 5000 | H29: 1000005000 | I29: 1000005000 | J29: 0 | K29: 0.1 | L29: 0.36 | M29: 0.72 | N29: 0 | O29: 26.1 | P29: 0.5 | Q29: 0.5 | R29: 0.33 | S29: 0.62 | U29: =+K29*$V$2 -> 0.01228 | V29: =+L29*$V$2 -> 0.044208 | W29: =+M29*$V$2 -> 0.088416 | Y29: =+O29*$V$2 -> 3.20508 | Z29: =+P29*$V$2 -> 0.0614 | AA29: =+Q29*$V$2 -> 0.0614 | AB29: =+R29*$V$2 -> 0.040524 | AC29: =+S29*$V$2 -> 0.076136 | AD29: 0.004 | AE29: 0.009 | AF29: 0.005
A30: USO PUBBLICO NON DISALIMENTABILE | B30: UTENZA USO PUBBLICO NON DISALIMENTABILE | C30: e.1 | D30: OSPEDALI | E30: 0 | F30: 80000 | G30: 150000 | H30: 300000 | I30: 100000300000 | J30: 0 | K30: 0.85 | L30: 0.96 | M30: 1.42 | N30: 1.6 | O30: =26.1*2 -> 52.2 | P30: 1 | Q30: 1 | R30: 0.16 | S30: 0.31 | U30: =+K30*$V$2 -> 0.10438 | V30: =+L30*$V$2 -> 0.117888 | W30: =+M30*$V$2 -> 0.174376 | X30: =+N30*$V$2 -> 0.19648 | Y30: =+O30*$V$2 -> 6.41016 | Z30: =+P30*$V$2 -> 0.1228 | AA30: =+Q30*$V$2 -> 0.1228 | AB30: =+R30*$V$2 -> 0.019648 | AC30: =+S30*$V$2 -> 0.038068 | AD30: 0.004 | AE30: 0.009 | AF30: 0.005
C31: e.2 | D31: CASE DI RIPOSO E ASSISTENZA come tutte mix | E31: 0 | F31: 40000 | G31: 50000 | H31: 60000 | I31: 100000 60.000 | J31: 0 | K31: 0.1 | L31: 0.36 | M31: 0.85 | N31: 0.96 | O31: 26.1 | P31: 0.5 | Q31: 0.5 | R31: 0.16 | S31: 0.31 | U31: =+K31*$V$2 -> 0.01228 | V31: =+L31*$V$2 -> 0.044208 | W31: =+M31*$V$2 -> 0.10438 | X31: =+N31*$V$2 -> 0.117888 | Y31: =+O31*$V$2 -> 3.20508 | Z31: =+P31*$V$2 -> 0.0614 | AA31: =+Q31*$V$2 -> 0.0614 | AB31: =+R31*$V$2 -> 0.019648 | AC31: =+S31*$V$2 -> 0.038068 | AD31: 0.004 | AE31: 0.009 | AF31: 0.005
C32: e.3 | D32: PRESIDI DI SICUREZZA (posti di polizia, caserme militari, Vigili del Fuoco, basi protezione civile…) | E32: 0 | F32: 200 | G32: 400 | H32: 800 | I32: 100000800 | J32: 0 | K32: 0.85 | L32: 0.96 | M32: 1.42 | N32: 1.6 | O32: 26.1 | P32: 0.5 | Q32: 0.5 | R32: 0.33 | S32: 0.62 | U32: =+K32*$V$2 -> 0.10438 | V32: =+L32*$V$2 -> 0.117888 | W32: =+M32*$V$2 -> 0.174376 | X32: =+N32*$V$2 -> 0.19648 | Y32: =+O32*$V$2 -> 3.20508 | Z32: =+P32*$V$2 -> 0.0614 | AA32: =+Q32*$V$2 -> 0.0614 | AB32: =+R32*$V$2 -> 0.040524 | AC32: =+S32*$V$2 -> 0.076136 | AD32: 0.004 | AE32: 0.009 | AF32: 0.005
C33: e.4 | D33: carceri | E33: 0 | F33: 1000 | G33: 20000 | H33: 50000 | I33: 10000050000 | J33: 0 | K33: 1.42 | L33: 1.6 | M33: 1.7 | N33: 1.8 | O33: =26.1*2 -> 52.2 | P33: 1 | Q33: 1 | R33: 0.33 | S33: 0.62 | U33: =+K33*$V$2 -> 0.174376 | V33: =+L33*$V$2 -> 0.19648 | W33: =+M33*$V$2 -> 0.20876 | X33: =+N33*$V$2 -> 0.22104 | Y33: =+O33*$V$2 -> 6.41016 | Z33: =+P33*$V$2 -> 0.1228 | AA33: =+Q33*$V$2 -> 0.1228 | AB33: =+R33*$V$2 -> 0.040524 | AC33: =+S33*$V$2 -> 0.076136 | AD33: 0.004 | AE33: 0.009 | AF33: 0.005
C34: e.5 | D34: SCUOLE PUBBLICHE E PRIVATE (asili, scuole di ogni ordine e grado, istituzioni professionali...) | E34: 0 | F34: 6000 | G34: 10000 | H34: 50000 | I34: 10000050000 | J34: 0 | K34: 0.1 | L34: 0.36 | M34: 0.85 | N34: 0.96 | O34: 26.1 | P34: 0.5 | Q34: 0.5 | R34: 0.01 | S34: 0.01 | U34: =+K34*$V$2 -> 0.01228 | V34: =+L34*$V$2 -> 0.044208 | W34: =+M34*$V$2 -> 0.10438 | X34: =+N34*$V$2 -> 0.117888 | Y34: =+O34*$V$2 -> 3.20508 | Z34: =+P34*$V$2 -> 0.0614 | AA34: =+Q34*$V$2 -> 0.0614 | AB34: =+R34*$V$2 -> 0.001228 | AC34: =+S34*$V$2 -> 0.001228 | AD34: 0.004 | AE34: 0.009 | AF34: 0.005
C35: e.6 | D35: CONVITTI (comunità, conventi, centri di accoglienza,...) | E35: 0 | F35: 100 | G35: 200 | H35: 400 | I35: 100000400 | J35: 0 | K35: 0.85 | L35: 0.96 | M35: 1.42 | N35: 1.6 | O35: 26.1 | P35: 0.5 | Q35: 0.5 | R35: 0.16 | S35: 0.31 | U35: =+K35*$V$2 -> 0.10438 | V35: =+L35*$V$2 -> 0.117888 | W35: =+M35*$V$2 -> 0.174376 | X35: =+N35*$V$2 -> 0.19648 | Y35: =+O35*$V$2 -> 3.20508 | Z35: =+P35*$V$2 -> 0.0614 | AA35: =+Q35*$V$2 -> 0.0614 | AB35: =+R35*$V$2 -> 0.019648 | AC35: =+S35*$V$2 -> 0.038068 | AD35: 0.004 | AE35: 0.009 | AF35: 0.005
C36: e.7 | D36: IDRANTI ANTINCENDIO | E36: 0 | F36: 0 | G36: 0 | H36: 0 | I36: 0 | J36: 0 | K36: 0.85 | L36: 0 | M36: 0 | N36: 0 | O36: 41.9 | P36: 0 | Q36: 0 | R36: 0 | S36: 0 | U36: =+K36*$V$2 -> 0.10438 | Y36: =+O36*$V$2 -> 5.14532 | AD36: 0.004 | AE36: 0.009 | AF36: 0.005
A37: USO PUBBLICO DISALIMENTABILE | B37: UTENZA USO PUBBLICO DISALIMENTABILE | C37: f.1 | D37: UFFICI PUBBLICI | E37: 0 | F37: 1000 | G37: 10000 | H37: 50000 | I37: 10000050000 | J37: 0 | K37: 0.1 | L37: 0.36 | M37: 0.85 | N37: 0.96 | O37: 26.1 | P37: 0.5 | Q37: 0.5 | R37: 0.16 | S37: 0.31 | U37: =+K37*$V$2 -> 0.01228 | V37: =+L37*$V$2 -> 0.044208 | W37: =+M37*$V$2 -> 0.10438 | X37: =+N37*$V$2 -> 0.117888 | Y37: =+O37*$V$2 -> 3.20508 | Z37: =+P37*$V$2 -> 0.0614 | AA37: =+Q37*$V$2 -> 0.0614 | AB37: =+R37*$V$2 -> 0.019648 | AC37: =+S37*$V$2 -> 0.038068 | AD37: 0.004 | AE37: 0.009 | AF37: 0.005
C38: f.2 | D38: SALE PUBBLICHE (auditorium, cinema, teatri, luoghi di culto, sale espositive e musei,…) E SEDI ONLUS/ASD/REGOLE | E38: 0 | F38: 100 | G38: 1000 | H38: 5000 | I38: 1000005000 | J38: 0 | K38: 0.1 | L38: 0.36 | M38: 0.85 | N38: 0.96 | O38: 26.1 | P38: 0.5 | Q38: 0.5 | R38: 0.16 | S38: 0.31 | U38: =+K38*$V$2 -> 0.01228 | V38: =+L38*$V$2 -> 0.044208 | W38: =+M38*$V$2 -> 0.10438 | X38: =+N38*$V$2 -> 0.117888 | Y38: =+O38*$V$2 -> 3.20508 | Z38: =+P38*$V$2 -> 0.0614 | AA38: =+Q38*$V$2 -> 0.0614 | AB38: =+R38*$V$2 -> 0.019648 | AC38: =+S38*$V$2 -> 0.038068 | AD38: 0.004 | AE38: 0.009 | AF38: 0.005
C39: f.3 | D39: IMPIANTI SPORTIVI DI NUOTO (con allaccio per piscina) | E39: 0 | F39: 80000 | G39: 100000 | H39: 120000 | I39: 100000120000 | J39: 0 | K39: 0.01 | L39: 0.1 | M39: 0.36 | N39: 0.85 | O39: =26.1*2 -> 52.2 | P39: 1 | Q39: 1 | R39: 0.01 | S39: 0.01 | U39: =+K39*$V$2 -> 0.001228 | V39: =+L39*$V$2 -> 0.01228 | W39: =+M39*$V$2 -> 0.044208 | X39: =+N39*$V$2 -> 0.10438 | Y39: =+O39*$V$2 -> 6.41016 | Z39: =+P39*$V$2 -> 0.1228 | AA39: =+Q39*$V$2 -> 0.1228 | AB39: =+R39*$V$2 -> 0.001228 | AC39: =+S39*$V$2 -> 0.001228 | AD39: 0.004 | AE39: 0.009 | AF39: 0.005
C40: f.4 | D40: IMPIANTI SPORTIVI INVERNALI DEL GHIACCIO (con allaccio per ghiaccio) | E40: 0 | F40: 20000 | G40: 22000 | H40: 25000 | I40: 10000025000 | J40: 0 | K40: 0.01 | L40: 0.1 | M40: 0.36 | N40: 0.85 | O40: 26.1 | P40: 0.5 | Q40: 0.5 | R40: 0.01 | S40: 0.01 | U40: =+K40*$V$2 -> 0.001228 | V40: =+L40*$V$2 -> 0.01228 | W40: =+M40*$V$2 -> 0.044208 | X40: =+N40*$V$2 -> 0.10438 | Y40: =+O40*$V$2 -> 3.20508 | Z40: =+P40*$V$2 -> 0.0614 | AA40: =+Q40*$V$2 -> 0.0614 | AB40: =+R40*$V$2 -> 0.001228 | AC40: =+S40*$V$2 -> 0.001228 | AD40: 0.004 | AE40: 0.009 | AF40: 0.005
C41: f.5 | D41: ALTRI IMPIANTI SPORTIVI pubblici e privati | E41: 0 | F41: 100 | G41: 5000 | H41: 10000 | I41: 10000010000 | J41: 0 | K41: 0.01 | L41: 0.1 | M41: 0.36 | N41: 0.85 | O41: 26.1 | P41: 0.5 | Q41: 0.5 | R41: 0.01 | S41: 0.01 | U41: =+K41*$V$2 -> 0.001228 | V41: =+L41*$V$2 -> 0.01228 | W41: =+M41*$V$2 -> 0.044208 | X41: =+N41*$V$2 -> 0.10438 | Y41: =+O41*$V$2 -> 3.20508 | Z41: =+P41*$V$2 -> 0.0614 | AA41: =+Q41*$V$2 -> 0.0614 | AB41: =+R41*$V$2 -> 0.001228 | AC41: =+S41*$V$2 -> 0.001228 | AD41: 0.004 | AE41: 0.009 | AF41: 0.005
C42: f.6 | D42: MAGAZZINI PUBBLICI - ECOCENTRI - BAGNI PUBBLICI - AREE SOSTA ATTREZZATA CAMPER - altre utenze pubbliche | E42: 0 | F42: 100 | G42: 5000 | H42: 10000 | I42: 10000010000 | J42: 0 | K42: 0.01 | L42: 0.1 | M42: 0.36 | N42: 0.85 | O42: 26.1 | P42: 0.5 | Q42: 0.5 | R42: 0.01 | S42: 0.01 | U42: =+K42*$V$2 -> 0.001228 | V42: =+L42*$V$2 -> 0.01228 | W42: =+M42*$V$2 -> 0.044208 | X42: =+N42*$V$2 -> 0.10438 | Y42: =+O42*$V$2 -> 3.20508 | Z42: =+P42*$V$2 -> 0.0614 | AA42: =+Q42*$V$2 -> 0.0614 | AB42: =+R42*$V$2 -> 0.001228 | AC42: =+S42*$V$2 -> 0.001228 | AD42: 0.004 | AE42: 0.009 | AF42: 0.005
C43: f.7 | D43: IMPIANTI A SERVIZIO DEL VERDE PUBBLICO (aiuole e giardini, con irrigazione e giochi d'acqua) E CIMITERI | E43: 0 | F43: 100 | G43: 5000 | H43: 10000 | I43: 10000010000 | J43: 0 | K43: 0.01 | L43: 0.1 | M43: 0.36 | N43: 0.85 | O43: 26.1 | P43: 0.5 | Q43: 0.5 | R43: 0.01 | S43: 0.01 | U43: =+K43*$V$2 -> 0.001228 | V43: =+L43*$V$2 -> 0.01228 | W43: =+M43*$V$2 -> 0.044208 | X43: =+N43*$V$2 -> 0.10438 | Y43: =+O43*$V$2 -> 3.20508 | Z43: =+P43*$V$2 -> 0.0614 | AA43: =+Q43*$V$2 -> 0.0614 | AB43: =+R43*$V$2 -> 0.001228 | AC43: =+S43*$V$2 -> 0.001228 | AD43: 0.004 | AE43: 0.009 | AF43: 0.005
C44: f.9 | D44: ALLACCI TEMPORANEI PUBBLICI | E44: 0 | F44: 200 | G44: 2000 | H44: 1000002000 | I44: 1000002000 | J44: 0 | K44: 0.1 | L44: 0.36 | M44: 0.85 | N44: 0 | O44: =4*365 -> 1460 | P44: 0 | Q44: 0 | R44: 0.01 | S44: 0.01 | U44: =+K44*$V$2 -> 0.01228 | V44: =+L44*$V$2 -> 0.044208 | W44: =+M44*$V$2 -> 0.10438 | Y44: =+O44*$V$2 -> 179.288 | AB44: =+R44*$V$2 -> 0.001228 | AC44: =+S44*$V$2 -> 0.001228 | AD44: 0.004 | AE44: 0.009 | AF44: 0.005
A45: ALTRI USI | B45: ALTRI USI | C45: g.1 | D45: CANTIERI EDILI | E45: 0 | F45: 200 | G45: 400 | H45: 800 | I45: 100000800 | J45: 0 | K45: 0.85 | L45: 0.96 | M45: 1.42 | N45: 1.6 | O45: =41.9*2 -> 83.8 | P45: 1 | Q45: 1 | R45: 0.33 | S45: 0.62 | U45: =+K45*$V$2 -> 0.10438 | V45: =+L45*$V$2 -> 0.117888 | W45: =+M45*$V$2 -> 0.174376 | X45: =+N45*$V$2 -> 0.19648 | Y45: =+O45*$V$2 -> 10.29064 | Z45: =+P45*$V$2 -> 0.1228 | AA45: =+Q45*$V$2 -> 0.1228 | AB45: =+R45*$V$2 -> 0.040524 | AC45: =+S45*$V$2 -> 0.076136 | AD45: 0.004 | AE45: 0.009 | AF45: 0.005
C46: g.2 | D46: ALLACCI TEMPORANEI PRIVATI | E46: 0 | F46: 200 | G46: 400 | H46: 800 | I46: 100000800 | J46: 0 | K46: 0.96 | L46: 1.42 | M46: 1.6 | N46: 1.7 | O46: =8*365 -> 2920 | P46: 0 | Q46: 0 | R46: 0.33 | S46: 0.62 | U46: =+K46*$V$2 -> 0.117888 | V46: =+L46*$V$2 -> 0.174376 | W46: =+M46*$V$2 -> 0.19648 | X46: =+N46*$V$2 -> 0.20876 | Y46: =+O46*$V$2 -> 358.576 | AB46: =+R46*$V$2 -> 0.040524 | AC46: =+S46*$V$2 -> 0.076136 | AD46: 0.004 | AE46: 0.009 | AF46: 0.005
D47: 2019 | T47: ADDIZIONALE | V47: 0.1228
A48: UTENZA DOMESTICA | B48: USI DOMESTICI | C48: a.1.1 | D48: UTENZA DOMESTICA RESIDENTE CON 1 COMPONENTE | E48: 55 | F48: 77 | G48: 99 | H48: 121 | I48: 100000121 | J48: 0.36 | K48: 0.72 | L48: 0.96 | M48: 1.42 | N48: 1.6 | O48: 26.1 | P48: 0.5 | Q48: 0.5 | R48: 0.33 | S48: 0.62 | T48: =+J48*$V$2 -> 0.044208 | U48: =+K48*$V$2 -> 0.088416 | V48: =+L48*$V$2 -> 0.117888 | W48: =+M48*$V$2 -> 0.174376 | X48: =+N48*$V$2 -> 0.19648 | Y48: =+O48*$V$2 -> 3.20508 | Z48: =+P48*$V$2 -> 0.0614 | AA48: =+Q48*$V$2 -> 0.0614 | ... AC48: =+S48*$V$2 -> 0.076136 | AD48: 0.004 | AE48: 0.009 | AF48: 0.005
C49: a.1.2 | D49: UTENZA DOMESTICA RESIDENTE CON 2 COMPONENTI | E49: 90 | F49: 126 | G49: 162 | H49: 198 | I49: 100000198 | J49: 0.36 | K49: 0.72 | L49: 0.96 | M49: 1.42 | N49: 1.6 | O49: 26.1 | P49: 0.5 | Q49: 0.5 | R49: 0.33 | S49: 0.62 | T49: =+J49*$V$2 -> 0.044208 | U49: =+K49*$V$2 -> 0.088416 | V49: =+L49*$V$2 -> 0.117888 | W49: =+M49*$V$2 -> 0.174376 | X49: =+N49*$V$2 -> 0.19648 | Y49: =+O49*$V$2 -> 3.20508 | Z49: =+P49*$V$2 -> 0.0614 | AA49: =+Q49*$V$2 -> 0.0614 | ... AC49: =+S49*$V$2 -> 0.076136 | AD49: 0.004 | AE49: 0.009 | AF49: 0.005
C50: a.1.3 | D50: UTENZA DOMESTICA RESIDENTE CON 3 COMPONENTI | E50: 124 | F50: 174 | G50: 224 | H50: 274 | I50: 100000274 | J50: 0.36 | K50: 0.72 | L50: 0.96 | M50: 1.42 | N50: 1.6 | O50: 26.1 | P50: 0.5 | Q50: 0.5 | R50: 0.33 | S50: 0.62 | T50: =+J50*$V$2 -> 0.044208 | U50: =+K50*$V$2 -> 0.088416 | V50: =+L50*$V$2 -> 0.117888 | W50: =+M50*$V$2 -> 0.174376 | X50: =+N50*$V$2 -> 0.19648 | Y50: =+O50*$V$2 -> 3.20508 | Z50: =+P50*$V$2 -> 0.0614 | AA50: =+Q50*$V$2 -> 0.0614 | ... AC50: =+S50*$V$2 -> 0.076136 | AD50: 0.004 | AE50: 0.009 | AF50: 0.005
C51: a.1.4 | D51: UTENZA DOMESTICA RESIDENTE CON 4 COMPONENTI | E51: 160 | F51: 224 | G51: 288 | H51: 352 | I51: 100000352 | J51: 0.36 | K51: 0.72 | L51: 0.96 | M51: 1.42 | N51: 1.6 | O51: 26.1 | P51: 0.5 | Q51: 0.5 | R51: 0.33 | S51: 0.62 | T51: =+J51*$V$2 -> 0.044208 | U51: =+K51*$V$2 -> 0.088416 | V51: =+L51*$V$2 -> 0.117888 | W51: =+M51*$V$2 -> 0.174376 | X51: =+N51*$V$2 -> 0.19648 | Y51: =+O51*$V$2 -> 3.20508 | Z51: =+P51*$V$2 -> 0.0614 | AA51: =+Q51*$V$2 -> 0.0614 | ... AC51: =+S51*$V$2 -> 0.076136 | AD51: 0.004 | AE51: 0.009 | AF51: 0.005
C52: a.1.5 | D52: UTENZA DOMESTICA RESIDENTE CON 5 COMPONENTI | E52: 195 | F52: 273 | G52: 351 | H52: 429 | I52: 100000429 | J52: 0.36 | K52: 0.72 | L52: 0.96 | M52: 1.42 | N52: 1.6 | O52: 26.1 | P52: 0.5 | Q52: 0.5 | R52: 0.33 | S52: 0.62 | T52: =+J52*$V$2 -> 0.044208 | U52: =+K52*$V$2 -> 0.088416 | V52: =+L52*$V$2 -> 0.117888 | W52: =+M52*$V$2 -> 0.174376 | X52: =+N52*$V$2 -> 0.19648 | Y52: =+O52*$V$2 -> 3.20508 | Z52: =+P52*$V$2 -> 0.0614 | AA52: =+Q52*$V$2 -> 0.0614 | ... AC52: =+S52*$V$2 -> 0.076136 | AD52: 0.004 | AE52: 0.009 | AF52: 0.005
C53: a.1.6 | D53: UTENZA DOMESTICA RESIDENTE CON 6 COMPONENTI | E53: 230 | F53: 322 | G53: 414 | H53: 506 | I53: 100000506 | J53: 0.36 | K53: 0.72 | L53: 0.96 | M53: 1.42 | N53: 1.6 | O53: 26.1 | P53: 0.5 | Q53: 0.5 | R53: 0.33 | S53: 0.62 | T53: =+J53*$V$2 -> 0.044208 | U53: =+K53*$V$2 -> 0.088416 | V53: =+L53*$V$2 -> 0.117888 | W53: =+M53*$V$2 -> 0.174376 | X53: =+N53*$V$2 -> 0.19648 | Y53: =+O53*$V$2 -> 3.20508 | Z53: =+P53*$V$2 -> 0.0614 | AA53: =+Q53*$V$2 -> 0.0614 | ... AC53: =+S53*$V$2 -> 0.076136 | AD53: 0.004 | AE53: 0.009 | AF53: 0.005
C54: a.2 | D54: UTENZA DOMESTICA NON RESIDENTE | E54: 24 | F54: 55 | G54: 77 | H54: 99 | I54: 10000099 | J54: 0.36 | K54: 0.72 | L54: 0.96 | M54: 1.42 | N54: 1.6 | O54: 83.8 | P54: =0.5*2 -> 1 | Q54: 1 | R54: 0.33 | S54: 0.62 | T54: =+J54*$V$2 -> 0.044208 | U54: =+K54*$V$2 -> 0.088416 | V54: =+L54*$V$2 -> 0.117888 | W54: =+M54*$V$2 -> 0.174376 | X54: =+N54*$V$2 -> 0.19648 | Y54: =+O54*$V$2 -> 10.29064 | Z54: =+P54*$V$2 -> 0.1228 | AA54: =+Q54*$V$2 -> 0.1228 | ... AC54: =+S54*$V$2 -> 0.076136 | AD54: 0.004 | AE54: 0.009 | AF54: 0.005
C55: a.3 | D55: UTENZA SERVIZI COMUNI DI CONDOMINIO (SCALE, GIARDINO, SCANTINATI,...) E PERTINENZE (GARAGE, CANTINA,…) | E55: 124 | F55: 174 | G55: 224 | H55: 274 | I55: 100000274 | J55: 0.36 | K55: 0.72 | L55: 0.96 | M55: 1.42 | N55: 1.6 | O55: 26.1 | P55: 0.5 | Q55: 0.5 | R55: 0.33 | S55: 0.62 | T55: =+J55*$V$2 -> 0.044208 | U55: =+K55*$V$2 -> 0.088416 | V55: =+L55*$V$2 -> 0.117888 | W55: =+M55*$V$2 -> 0.174376 | X55: =+N55*$V$2 -> 0.19648 | Y55: =+O55*$V$2 -> 3.20508 | Z55: =+P55*$V$2 -> 0.0614 | AA55: =+Q55*$V$2 -> 0.0614 | ... AC55: =+S55*$V$2 -> 0.076136 | AD55: 0.004 | AE55: 0.009 | AF55: 0.005
A56: PRODUTTIVA SECONDARIA (USO INDUSTRIALE) | B56: UTENZA PRODUTTIVA SECONDARIA (USO INDUSTRIALE) | C56: b.1 | D56: CON USO IDRICO ESCLUSIVAMENTE CIVILE prod (idrotermosanitario) | E56: 0 | F56: 100 | G56: 200 | H56: 300 | I56: 100000300 | J56: 0 | K56: 0.85 | L56: 0.96 | M56: 1.42 | N56: 1.6 | O56: 41.9 | P56: 0.5 | Q56: 0.5 | R56: 0.33 | S56: 0.62 | U56: =+K56*$V$2 -> 0.10438 | V56: =+L56*$V$2 -> 0.117888 | W56: =+M56*$V$2 -> 0.174376 | X56: =+N56*$V$2 -> 0.19648 | Y56: =+O56*$V$2 -> 5.14532 | Z56: =+P56*$V$2 -> 0.0614 | AA56: =+Q56*$V$2 -> 0.0614 | AB56: =+R56*$V$2 -> 0.040524 | AC56: =+S56*$V$2 -> 0.076136 | AD56: 0.004 | AE56: 0.009 | AF56: 0.005
C57: b.2 | D57: A BASSA IDROESIGENZA DI PROCESSO (consumi STD < 1000 MC/ANNO) | E57: 0 | F57: 200 | G57: 400 | H57: 600 | I57: 100000600 | J57: 0 | K57: 0.85 | L57: 0.96 | M57: 1.42 | N57: 1.6 | O57: 41.9 | P57: 0.5 | Q57: 0.5 | R57: 0.33 | S57: 0.62 | U57: =+K57*$V$2 -> 0.10438 | V57: =+L57*$V$2 -> 0.117888 | W57: =+M57*$V$2 -> 0.174376 | X57: =+N57*$V$2 -> 0.19648 | Y57: =+O57*$V$2 -> 5.14532 | Z57: =+P57*$V$2 -> 0.0614 | AA57: =+Q57*$V$2 -> 0.0614 | AB57: =+R57*$V$2 -> 0.040524 | AC57: =+S57*$V$2 -> 0.076136 | AD57: 0.004 | AE57: 0.009 | AF57: 0.005
C58: b.3 | D58: AD ALTA IDROESIGENZA DI PROCESSO (consumi STD > 1000 MC/ANNO) | E58: 0 | F58: 1000 | G58: 20000 | H58: 50000 | I58: 10000050000 | J58: 0 | K58: 1.42 | L58: 1.6 | M58: 1.7 | N58: 1.8 | O58: =41.9*2 -> 83.8 | P58: =0.5*2 -> 1 | Q58: 1 | R58: 0.33 | S58: 0.62 | U58: =+K58*$V$2 -> 0.174376 | V58: =+L58*$V$2 -> 0.19648 | W58: =+M58*$V$2 -> 0.20876 | X58: =+N58*$V$2 -> 0.22104 | Y58: =+O58*$V$2 -> 10.29064 | Z58: =+P58*$V$2 -> 0.1228 | AA58: =+Q58*$V$2 -> 0.1228 | AB58: =+R58*$V$2 -> 0.040524 | AC58: =+S58*$V$2 -> 0.076136 | AD58: 0.004 | AE58: 0.009 | AF58: 0.005
A59: PRODUTTIVA TERZIARIA (USO ARTIGIANALE E COMMERCIALE) | B59: UTENZA PRODUTTIVA TERZIARIA (USO ARTIGIANALE E COMMERCIALE) | C59: c1 | D59: CON USO IDRICO ESCLUSIVAMENTE CIVILE (idrotermosanitario) | E59: 0 | F59: 200 | G59: 250 | H59: 300 | I59: 100000300 | J59: 0 | K59: 0.85 | L59: 0.96 | M59: 1.42 | N59: 1.6 | O59: 41.9 | P59: 0.5 | Q59: 0.5 | R59: 0.33 | S59: 0.62 | U59: =+K59*$V$2 -> 0.10438 | V59: =+L59*$V$2 -> 0.117888 | W59: =+M59*$V$2 -> 0.174376 | X59: =+N59*$V$2 -> 0.19648 | Y59: =+O59*$V$2 -> 5.14532 | Z59: =+P59*$V$2 -> 0.0614 | AA59: =+Q59*$V$2 -> 0.0614 | AB59: =+R59*$V$2 -> 0.040524 | AC59: =+S59*$V$2 -> 0.076136 | AD59: 0.004 | AE59: 0.009 | AF59: 0.005
C60: c.2 | D60: ATTIVITA' ALIMENTARE (ortofrutta, pescheria, panifici, pasticcerie, gastronomie,…) | E60: 0 | F60: 200 | G60: 400 | H60: 600 | I60: 100000600 | J60: 0 | K60: 0.85 | L60: 0.96 | M60: 1.42 | N60: 1.6 | O60: 41.9 | P60: 0.5 | Q60: 0.5 | R60: 0.33 | S60: 0.62 | U60: =+K60*$V$2 -> 0.10438 | V60: =+L60*$V$2 -> 0.117888 | W60: =+M60*$V$2 -> 0.174376 | X60: =+N60*$V$2 -> 0.19648 | Y60: =+O60*$V$2 -> 5.14532 | Z60: =+P60*$V$2 -> 0.0614 | AA60: =+Q60*$V$2 -> 0.0614 | AB60: =+R60*$V$2 -> 0.040524 | AC60: =+S60*$V$2 -> 0.076136 | AD60: 0.004 | AE60: 0.009 | AF60: 0.005
C61: c.3 | D61: PUBBLICO ESERCIZIO (bar, pub, ristorante, trattoria, mensa,…) | E61: 0 | F61: 200 | G61: 400 | H61: 600 | I61: 100000600 | J61: 0 | K61: 0.85 | L61: 0.96 | M61: 1.42 | N61: 1.6 | O61: 41.9 | P61: 0.5 | Q61: 0.5 | R61: 0.33 | S61: 0.62 | U61: =+K61*$V$2 -> 0.10438 | V61: =+L61*$V$2 -> 0.117888 | W61: =+M61*$V$2 -> 0.174376 | X61: =+N61*$V$2 -> 0.19648 | Y61: =+O61*$V$2 -> 5.14532 | Z61: =+P61*$V$2 -> 0.0614 | AA61: =+Q61*$V$2 -> 0.0614 | AB61: =+R61*$V$2 -> 0.040524 | AC61: =+S61*$V$2 -> 0.076136 | AD61: 0.004 | AE61: 0.009 | AF61: 0.005
C62: c.4 | D62: ATTIVITA' RICETTIVA SENZA PISCINA (albergo, residence, colonia, campeggio,... escluso agriturismo) ANCHE EXTRALBERGHIERA | E62: 0 | F62: 400 | G62: 600 | H62: 800 | I62: 100000800 | J62: 0 | K62: 0.85 | L62: 0.96 | M62: 1.42 | N62: 1.6 | O62: 41.9 | P62: 0.5 | Q62: 0.5 | R62: 0.33 | S62: 0.62 | U62: =+K62*$V$2 -> 0.10438 | V62: =+L62*$V$2 -> 0.117888 | W62: =+M62*$V$2 -> 0.174376 | X62: =+N62*$V$2 -> 0.19648 | Y62: =+O62*$V$2 -> 5.14532 | Z62: =+P62*$V$2 -> 0.0614 | AA62: =+Q62*$V$2 -> 0.0614 | AB62: =+R62*$V$2 -> 0.040524 | AC62: =+S62*$V$2 -> 0.076136 | AD62: 0.004 | AE62: 0.009 | AF62: 0.005
C63: c.5 | D63: ATTIVITA' RICETTIVA CON PISCINA (albergo, residence, colonia, campeggio,... escluso agriturismo) ANCHE EXTRALBERGHIERA | E63: 0 | F63: 800 | G63: 1200 | H63: 1600 | I63: 1000001600 | J63: 0 | K63: 0.85 | L63: 0.96 | M63: 1.42 | N63: 1.6 | O63: =41.9*2 -> 83.8 | P63: 1 | Q63: 1 | R63: 0.33 | S63: 0.62 | U63: =+K63*$V$2 -> 0.10438 | V63: =+L63*$V$2 -> 0.117888 | W63: =+M63*$V$2 -> 0.174376 | X63: =+N63*$V$2 -> 0.19648 | Y63: =+O63*$V$2 -> 10.29064 | Z63: =+P63*$V$2 -> 0.1228 | AA63: =+Q63*$V$2 -> 0.1228 | AB63: =+R63*$V$2 -> 0.040524 | AC63: =+S63*$V$2 -> 0.076136 | AD63: 0.004 | AE63: 0.009 | AF63: 0.005
C64: c.6 | D64: ATTIVITA' ESTETICO-SANITARIE (parrucchiere, barbiere, estetista, palestra fitness, studio medico, dentistico-odontoiatrico…) | E64: 0 | F64: 200 | G64: 400 | H64: 800 | I64: 100000800 | J64: 0 | K64: 0.85 | L64: 0.96 | M64: 1.42 | N64: 1.6 | O64: 41.9 | P64: 0.5 | Q64: 0.5 | R64: 0.33 | S64: 0.62 | U64: =+K64*$V$2 -> 0.10438 | V64: =+L64*$V$2 -> 0.117888 | W64: =+M64*$V$2 -> 0.174376 | X64: =+N64*$V$2 -> 0.19648 | Y64: =+O64*$V$2 -> 5.14532 | Z64: =+P64*$V$2 -> 0.0614 | AA64: =+Q64*$V$2 -> 0.0614 | AB64: =+R64*$V$2 -> 0.040524 | AC64: =+S64*$V$2 -> 0.076136 | AD64: 0.004 | AE64: 0.009 | AF64: 0.005
C65: c.7 | D65: ATTIVITA' DI LAVANDERIA | E65: 0 | F65: 200 | G65: 400 | H65: 800 | I65: 100000800 | J65: 0 | K65: 0.96 | L65: 1.42 | M65: 1.6 | N65: 1.7 | O65: 41.9 | P65: 0.5 | Q65: 0.5 | R65: 0.33 | S65: 0.62 | U65: =+K65*$V$2 -> 0.117888 | V65: =+L65*$V$2 -> 0.174376 | W65: =+M65*$V$2 -> 0.19648 | X65: =+N65*$V$2 -> 0.20876 | Y65: =+O65*$V$2 -> 5.14532 | Z65: =+P65*$V$2 -> 0.0614 | AA65: =+Q65*$V$2 -> 0.0614 | AB65: =+R65*$V$2 -> 0.040524 | AC65: =+S65*$V$2 -> 0.076136 | AD65: 0.004 | AE65: 0.009 | AF65: 0.005
C66: c.8 | D66: ATTIVITA' DI AUTOLAVAGGIO (anche con altre attività tipo distributore carburanti) | E66: 0 | F66: 200 | G66: 400 | H66: 800 | I66: 100000800 | J66: 0 | K66: 0.96 | L66: 1.42 | M66: 1.6 | N66: 1.7 | O66: =41.9*2 -> 83.8 | P66: 1 | Q66: 1 | R66: 0.33 | S66: 0.62 | U66: =+K66*$V$2 -> 0.117888 | V66: =+L66*$V$2 -> 0.174376 | W66: =+M66*$V$2 -> 0.19648 | X66: =+N66*$V$2 -> 0.20876 | Y66: =+O66*$V$2 -> 10.29064 | Z66: =+P66*$V$2 -> 0.1228 | AA66: =+Q66*$V$2 -> 0.1228 | AB66: =+R66*$V$2 -> 0.040524 | AC66: =+S66*$V$2 -> 0.076136 | AD66: 0.004 | AE66: 0.009 | AF66: 0.005
C67: c.9 | D67: ATTIVITA' DIVERSE A BASSA IDROESIGENZA DI PROCESSO (consumi STD < 600 MC/ANNO) | E67: 0 | F67: 200 | G67: 300 | H67: 400 | I67: 100000400 | J67: 0 | K67: 0.85 | L67: 0.96 | M67: 1.42 | N67: 1.6 | O67: 41.9 | P67: 0.5 | Q67: 0.5 | R67: 0.33 | S67: 0.62 | U67: =+K67*$V$2 -> 0.10438 | V67: =+L67*$V$2 -> 0.117888 | W67: =+M67*$V$2 -> 0.174376 | X67: =+N67*$V$2 -> 0.19648 | Y67: =+O67*$V$2 -> 5.14532 | Z67: =+P67*$V$2 -> 0.0614 | AA67: =+Q67*$V$2 -> 0.0614 | AB67: =+R67*$V$2 -> 0.040524 | AC67: =+S67*$V$2 -> 0.076136 | AD67: 0.004 | AE67: 0.009 | AF67: 0.005
C68: c.10 | D68: ATTIVITA' DIVERSE AD ALTA IDROESIGENZA DI PROCESSO (consumi STD > 600 MC/ANNO) | E68: 0 | F68: 500 | G68: 750 | H68: 1000 | I68: 1000001000 | J68: 0 | K68: 0.96 | L68: 1.42 | M68: 1.6 | N68: 1.7 | O68: =41.9*2 -> 83.8 | P68: 1 | Q68: 1 | R68: 0.33 | S68: 0.62 | U68: =+K68*$V$2 -> 0.117888 | V68: =+L68*$V$2 -> 0.174376 | W68: =+M68*$V$2 -> 0.19648 | X68: =+N68*$V$2 -> 0.20876 | Y68: =+O68*$V$2 -> 10.29064 | Z68: =+P68*$V$2 -> 0.1228 | AA68: =+Q68*$V$2 -> 0.1228 | AB68: =+R68*$V$2 -> 0.040524 | AC68: =+S68*$V$2 -> 0.076136 | AD68: 0.004 | AE68: 0.009 | AF68: 0.005
A69: PRODUTTIVA PRIMARIA (USO AGRICOLO E ZOOTECNICO) | B69: UTENZA PRODUTTIVA PRIMARIA (USO AGRICOLO E ZOOTECNICO) | C69: d.1 | D69: ATTIVITA' CON USO IDRICO ESCLUSIVAMENTE CIVILE (idrotermosanitario) | E69: 0 | F69: 100 | G69: 200 | H69: 300 | I69: 100000300 | J69: 0 | K69: 0.85 | L69: 0.96 | M69: 1.42 | N69: 1.6 | O69: 26.1 | P69: 0.5 | Q69: 0.5 | R69: 0.33 | S69: 0.62 | U69: =+K69*$V$2 -> 0.10438 | V69: =+L69*$V$2 -> 0.117888 | W69: =+M69*$V$2 -> 0.174376 | X69: =+N69*$V$2 -> 0.19648 | Y69: =+O69*$V$2 -> 3.20508 | Z69: =+P69*$V$2 -> 0.0614 | AA69: =+Q69*$V$2 -> 0.0614 | AB69: =+R69*$V$2 -> 0.040524 | AC69: =+S69*$V$2 -> 0.076136 | AD69: 0.004 | AE69: 0.009 | AF69: 0.005
C70: d.2 | D70: ATTIVITA' AGRITURISTICA | E70: 0 | F70: 800 | G70: 100000800 | H70: 100000800 | I70: 100000800 | J70: 0 | K70: 0.36 | L70: 0.72 | M70: 0 | N70: 0 | O70: 26.1 | P70: 0.5 | Q70: 0.5 | R70: 0.33 | S70: 0.62 | U70: =+K70*$V$2 -> 0.044208 | V70: =+L70*$V$2 -> 0.088416 | Y70: =+O70*$V$2 -> 3.20508 | Z70: =+P70*$V$2 -> 0.0614 | AA70: =+Q70*$V$2 -> 0.0614 | AB70: =+R70*$V$2 -> 0.040524 | AC70: =+S70*$V$2 -> 0.076136 | AD70: 0.004 | AE70: 0.009 | AF70: 0.005
C71: d.3 | D71: UTENZA RURALE CON USO IDRICO STAGIONALE ESCLUSIVAMENTE CIVILE (idrotermosanitario) | E71: 0 | F71: 24 | G71: 55 | H71: 77 | I71: 10000077 | J71: 0 | K71: 0.36 | L71: 0.72 | M71: 0.96 | N71: 1.42 | O71: 26.1 | P71: 0.5 | Q71: 0.5 | R71: 0.33 | S71: 0.62 | U71: =+K71*$V$2 -> 0.044208 | V71: =+L71*$V$2 -> 0.088416 | W71: =+M71*$V$2 -> 0.117888 | X71: =+N71*$V$2 -> 0.174376 | Y71: =+O71*$V$2 -> 3.20508 | Z71: =+P71*$V$2 -> 0.0614 | AA71: =+Q71*$V$2 -> 0.0614 | AB71: =+R71*$V$2 -> 0.040524 | AC71: =+S71*$V$2 -> 0.076136 | AD71: 0.004 | AE71: 0.009 | AF71: 0.005
C72: d.4 | D72: ATTIVITA' ESCLUSIVAMENTE AGRICOLA | E72: 0 | F72: 5000 | G72: 1000005000 | H72: 1000005000 | I72: 1000005000 | J72: 0 | K72: 0.36 | L72: 0.72 | M72: 0 | N72: 0 | O72: 26.1 | P72: 0.5 | Q72: 0.5 | R72: 0.33 | S72: 0.62 | U72: =+K72*$V$2 -> 0.044208 | V72: =+L72*$V$2 -> 0.088416 | Y72: =+O72*$V$2 -> 3.20508 | Z72: =+P72*$V$2 -> 0.0614 | AA72: =+Q72*$V$2 -> 0.0614 | AB72: =+R72*$V$2 -> 0.040524 | AC72: =+S72*$V$2 -> 0.076136 | AD72: 0.004 | AE72: 0.009 | AF72: 0.005
C73: d.5 | D73: ATTIVITA' ZOOTECNICA | E73: 0 | F73: 100 | G73: 8000 | H73: 1000008000 | I73: 1000008000 | J73: 0 | K73: 0.1 | L73: 0.36 | M73: 0.72 | N73: 0 | O73: 26.1 | P73: 0.5 | Q73: 0.5 | R73: 0.33 | S73: 0.62 | U73: =+K73*$V$2 -> 0.01228 | V73: =+L73*$V$2 -> 0.044208 | W73: =+M73*$V$2 -> 0.088416 | Y73: =+O73*$V$2 -> 3.20508 | Z73: =+P73*$V$2 -> 0.0614 | AA73: =+Q73*$V$2 -> 0.0614 | AB73: =+R73*$V$2 -> 0.040524 | AC73: =+S73*$V$2 -> 0.076136 | AD73: 0.004 | AE73: 0.009 | AF73: 0.005
C74: d.6 | D74: ATTIVITA' DI TRASFORMAZIONI PRODOTTI AGRO-ZOOTECNICI | E74: 0 | F74: 100 | G74: 5000 | H74: 1000005000 | I74: 1000005000 | J74: 0 | K74: 0.1 | L74: 0.36 | M74: 0.72 | N74: 0 | O74: 26.1 | P74: 0.5 | Q74: 0.5 | R74: 0.33 | S74: 0.62 | U74: =+K74*$V$2 -> 0.01228 | V74: =+L74*$V$2 -> 0.044208 | W74: =+M74*$V$2 -> 0.088416 | Y74: =+O74*$V$2 -> 3.20508 | Z74: =+P74*$V$2 -> 0.0614 | AA74: =+Q74*$V$2 -> 0.0614 | AB74: =+R74*$V$2 -> 0.040524 | AC74: =+S74*$V$2 -> 0.076136 | AD74: 0.004 | AE74: 0.009 | AF74: 0.005
A75: USO PUBBLICO NON DISALIMENTABILE | B75: UTENZA USO PUBBLICO NON DISALIMENTABILE | C75: e.1 | D75: OSPEDALI | E75: 0 | F75: 80000 | G75: 150000 | H75: 300000 | I75: 100000300000 | J75: 0 | K75: 0.85 | L75: 0.96 | M75: 1.42 | N75: 1.6 | O75: =26.1*2 -> 52.2 | P75: 1 | Q75: 1 | R75: 0.16 | S75: 0.31 | U75: =+K75*$V$2 -> 0.10438 | V75: =+L75*$V$2 -> 0.117888 | W75: =+M75*$V$2 -> 0.174376 | X75: =+N75*$V$2 -> 0.19648 | Y75: =+O75*$V$2 -> 6.41016 | Z75: =+P75*$V$2 -> 0.1228 | AA75: =+Q75*$V$2 -> 0.1228 | AB75: =+R75*$V$2 -> 0.019648 | AC75: =+S75*$V$2 -> 0.038068 | AD75: 0.004 | AE75: 0.009 | AF75: 0.005
C76: e.2 | D76: CASE DI RIPOSO E ASSISTENZA come tutte mix | E76: 0 | F76: 40000 | G76: 50000 | H76: 60000 | I76: 100000 60.000 | J76: 0 | K76: 0.1 | L76: 0.36 | M76: 0.85 | N76: 0.96 | O76: 26.1 | P76: 0.5 | Q76: 0.5 | R76: 0.16 | S76: 0.31 | U76: =+K76*$V$2 -> 0.01228 | V76: =+L76*$V$2 -> 0.044208 | W76: =+M76*$V$2 -> 0.10438 | X76: =+N76*$V$2 -> 0.117888 | Y76: =+O76*$V$2 -> 3.20508 | Z76: =+P76*$V$2 -> 0.0614 | AA76: =+Q76*$V$2 -> 0.0614 | AB76: =+R76*$V$2 -> 0.019648 | AC76: =+S76*$V$2 -> 0.038068 | AD76: 0.004 | AE76: 0.009 | AF76: 0.005
C77: e.3 | D77: PRESIDI DI SICUREZZA (posti di polizia, caserme militari, Vigili del Fuoco, basi protezione civile…) | E77: 0 | F77: 200 | G77: 400 | H77: 800 | I77: 100000800 | J77: 0 | K77: 0.85 | L77: 0.96 | M77: 1.42 | N77: 1.6 | O77: 26.1 | P77: 0.5 | Q77: 0.5 | R77: 0.33 | S77: 0.62 | U77: =+K77*$V$2 -> 0.10438 | V77: =+L77*$V$2 -> 0.117888 | W77: =+M77*$V$2 -> 0.174376 | X77: =+N77*$V$2 -> 0.19648 | Y77: =+O77*$V$2 -> 3.20508 | Z77: =+P77*$V$2 -> 0.0614 | AA77: =+Q77*$V$2 -> 0.0614 | AB77: =+R77*$V$2 -> 0.040524 | AC77: =+S77*$V$2 -> 0.076136 | AD77: 0.004 | AE77: 0.009 | AF77: 0.005
C78: e.4 | D78: carceri | E78: 0 | F78: 1000 | G78: 20000 | H78: 50000 | I78: 10000050000 | J78: 0 | K78: 1.42 | L78: 1.6 | M78: 1.7 | N78: 1.8 | O78: =26.1*2 -> 52.2 | P78: 1 | Q78: 1 | R78: 0.33 | S78: 0.62 | U78: =+K78*$V$2 -> 0.174376 | V78: =+L78*$V$2 -> 0.19648 | W78: =+M78*$V$2 -> 0.20876 | X78: =+N78*$V$2 -> 0.22104 | Y78: =+O78*$V$2 -> 6.41016 | Z78: =+P78*$V$2 -> 0.1228 | AA78: =+Q78*$V$2 -> 0.1228 | AB78: =+R78*$V$2 -> 0.040524 | AC78: =+S78*$V$2 -> 0.076136 | AD78: 0.004 | AE78: 0.009 | AF78: 0.005
C79: e.5 | D79: SCUOLE PUBBLICHE E PRIVATE (asili, scuole di ogni ordine e grado, istituzioni professionali...) | E79: 0 | F79: 6000 | G79: 10000 | H79: 50000 | I79: 10000050000 | J79: 0 | K79: 0.1 | L79: 0.36 | M79: 0.85 | N79: 0.96 | O79: 26.1 | P79: 0.5 | Q79: 0.5 | R79: 0.01 | S79: 0.01 | U79: =+K79*$V$2 -> 0.01228 | V79: =+L79*$V$2 -> 0.044208 | W79: =+M79*$V$2 -> 0.10438 | X79: =+N79*$V$2 -> 0.117888 | Y79: =+O79*$V$2 -> 3.20508 | Z79: =+P79*$V$2 -> 0.0614 | AA79: =+Q79*$V$2 -> 0.0614 | AB79: =+R79*$V$2 -> 0.001228 | AC79: =+S79*$V$2 -> 0.001228 | AD79: 0.004 | AE79: 0.009 | AF79: 0.005
C80: e.6 | D80: CONVITTI (comunità, conventi, centri di accoglienza,...) | E80: 0 | F80: 100 | G80: 200 | H80: 400 | I80: 100000400 | J80: 0 | K80: 0.85 | L80: 0.96 | M80: 1.42 | N80: 1.6 | O80: 26.1 | P80: 0.5 | Q80: 0.5 | R80: 0.16 | S80: 0.31 | U80: =+K80*$V$2 -> 0.10438 | V80: =+L80*$V$2 -> 0.117888 | W80: =+M80*$V$2 -> 0.174376 | X80: =+N80*$V$2 -> 0.19648 | Y80: =+O80*$V$2 -> 3.20508 | Z80: =+P80*$V$2 -> 0.0614 | AA80: =+Q80*$V$2 -> 0.0614 | AB80: =+R80*$V$2 -> 0.019648 | AC80: =+S80*$V$2 -> 0.038068 | AD80: 0.004 | AE80: 0.009 | AF80: 0.005
C81: e.7 | D81: IDRANTI ANTINCENDIO | E81: 0 | F81: 0 | G81: 0 | H81: 0 | I81: 0 | J81: 0 | K81: 0.85 | L81: 0 | M81: 0 | N81: 0 | O81: 41.9 | P81: 0 | Q81: 0 | R81: 0 | S81: 0 | U81: =+K81*$V$2 -> 0.10438 | Y81: =+O81*$V$2 -> 5.14532 | AD81: 0.004 | AE81: 0.009 | AF81: 0.005
A82: USO PUBBLICO DISALIMENTABILE | B82: UTENZA USO PUBBLICO DISALIMENTABILE | C82: f.1 | D82: UFFICI PUBBLICI | E82: 0 | F82: 1000 | G82: 10000 | H82: 50000 | I82: 10000050000 | J82: 0 | K82: 0.1 | L82: 0.36 | M82: 0.85 | N82: 0.96 | O82: 26.1 | P82: 0.5 | Q82: 0.5 | R82: 0.16 | S82: 0.31 | U82: =+K82*$V$2 -> 0.01228 | V82: =+L82*$V$2 -> 0.044208 | W82: =+M82*$V$2 -> 0.10438 | X82: =+N82*$V$2 -> 0.117888 | Y82: =+O82*$V$2 -> 3.20508 | Z82: =+P82*$V$2 -> 0.0614 | AA82: =+Q82*$V$2 -> 0.0614 | AB82: =+R82*$V$2 -> 0.019648 | AC82: =+S82*$V$2 -> 0.038068 | AD82: 0.004 | AE82: 0.009 | AF82: 0.005
C83: f.2 | D83: SALE PUBBLICHE (auditorium, cinema, teatri, luoghi di culto, sale espositive e musei,…) E SEDI ONLUS/ASD/REGOLE | E83: 0 | F83: 100 | G83: 1000 | H83: 5000 | I83: 1000005000 | J83: 0 | K83: 0.1 | L83: 0.36 | M83: 0.85 | N83: 0.96 | O83: 26.1 | P83: 0.5 | Q83: 0.5 | R83: 0.16 | S83: 0.31 | U83: =+K83*$V$2 -> 0.01228 | V83: =+L83*$V$2 -> 0.044208 | W83: =+M83*$V$2 -> 0.10438 | X83: =+N83*$V$2 -> 0.117888 | Y83: =+O83*$V$2 -> 3.20508 | Z83: =+P83*$V$2 -> 0.0614 | AA83: =+Q83*$V$2 -> 0.0614 | AB83: =+R83*$V$2 -> 0.019648 | AC83: =+S83*$V$2 -> 0.038068 | AD83: 0.004 | AE83: 0.009 | AF83: 0.005
C84: f.3 | D84: IMPIANTI SPORTIVI DI NUOTO (con allaccio per piscina) | E84: 0 | F84: 80000 | G84: 100000 | H84: 120000 | I84: 100000120000 | J84: 0 | K84: 0.01 | L84: 0.1 | M84: 0.36 | N84: 0.85 | O84: =26.1*2 -> 52.2 | P84: 1 | Q84: 1 | R84: 0.01 | S84: 0.01 | U84: =+K84*$V$2 -> 0.001228 | V84: =+L84*$V$2 -> 0.01228 | W84: =+M84*$V$2 -> 0.044208 | X84: =+N84*$V$2 -> 0.10438 | Y84: =+O84*$V$2 -> 6.41016 | Z84: =+P84*$V$2 -> 0.1228 | AA84: =+Q84*$V$2 -> 0.1228 | AB84: =+R84*$V$2 -> 0.001228 | AC84: =+S84*$V$2 -> 0.001228 | AD84: 0.004 | AE84: 0.009 | AF84: 0.005
C85: f.4 | D85: IMPIANTI SPORTIVI INVERNALI DEL GHIACCIO (con allaccio per ghiaccio) | E85: 0 | F85: 20000 | G85: 22000 | H85: 25000 | I85: 10000025000 | J85: 0 | K85: 0.01 | L85: 0.1 | M85: 0.36 | N85: 0.85 | O85: 26.1 | P85: 0.5 | Q85: 0.5 | R85: 0.01 | S85: 0.01 | U85: =+K85*$V$2 -> 0.001228 | V85: =+L85*$V$2 -> 0.01228 | W85: =+M85*$V$2 -> 0.044208 | X85: =+N85*$V$2 -> 0.10438 | Y85: =+O85*$V$2 -> 3.20508 | Z85: =+P85*$V$2 -> 0.0614 | AA85: =+Q85*$V$2 -> 0.0614 | AB85: =+R85*$V$2 -> 0.001228 | AC85: =+S85*$V$2 -> 0.001228 | AD85: 0.004 | AE85: 0.009 | AF85: 0.005
C86: f.5 | D86: ALTRI IMPIANTI SPORTIVI pubblici e privati | E86: 0 | F86: 100 | G86: 5000 | H86: 10000 | I86: 10000010000 | J86: 0 | K86: 0.01 | L86: 0.1 | M86: 0.36 | N86: 0.85 | O86: 26.1 | P86: 0.5 | Q86: 0.5 | R86: 0.01 | S86: 0.01 | U86: =+K86*$V$2 -> 0.001228 | V86: =+L86*$V$2 -> 0.01228 | W86: =+M86*$V$2 -> 0.044208 | X86: =+N86*$V$2 -> 0.10438 | Y86: =+O86*$V$2 -> 3.20508 | Z86: =+P86*$V$2 -> 0.0614 | AA86: =+Q86*$V$2 -> 0.0614 | AB86: =+R86*$V$2 -> 0.001228 | AC86: =+S86*$V$2 -> 0.001228 | AD86: 0.004 | AE86: 0.009 | AF86: 0.005
C87: f.6 | D87: MAGAZZINI PUBBLICI - ECOCENTRI - BAGNI PUBBLICI - AREE SOSTA ATTREZZATA CAMPER - altre utenze pubbliche | E87: 0 | F87: 100 | G87: 5000 | H87: 10000 | I87: 10000010000 | J87: 0 | K87: 0.01 | L87: 0.1 | M87: 0.36 | N87: 0.85 | O87: 26.1 | P87: 0.5 | Q87: 0.5 | R87: 0.01 | S87: 0.01 | U87: =+K87*$V$2 -> 0.001228 | V87: =+L87*$V$2 -> 0.01228 | W87: =+M87*$V$2 -> 0.044208 | X87: =+N87*$V$2 -> 0.10438 | Y87: =+O87*$V$2 -> 3.20508 | Z87: =+P87*$V$2 -> 0.0614 | AA87: =+Q87*$V$2 -> 0.0614 | AB87: =+R87*$V$2 -> 0.001228 | AC87: =+S87*$V$2 -> 0.001228 | AD87: 0.004 | AE87: 0.009 | AF87: 0.005
C88: f.7 | D88: IMPIANTI A SERVIZIO DEL VERDE PUBBLICO (aiuole e giardini, con irrigazione e giochi d'acqua) E CIMITERI | E88: 0 | F88: 100 | G88: 5000 | H88: 10000 | I88: 10000010000 | J88: 0 | K88: 0.01 | L88: 0.1 | M88: 0.36 | N88: 0.85 | O88: 26.1 | P88: 0.5 | Q88: 0.5 | R88: 0.01 | S88: 0.01 | U88: =+K88*$V$2 -> 0.001228 | V88: =+L88*$V$2 -> 0.01228 | W88: =+M88*$V$2 -> 0.044208 | X88: =+N88*$V$2 -> 0.10438 | Y88: =+O88*$V$2 -> 3.20508 | Z88: =+P88*$V$2 -> 0.0614 | AA88: =+Q88*$V$2 -> 0.0614 | AB88: =+R88*$V$2 -> 0.001228 | AC88: =+S88*$V$2 -> 0.001228 | AD88: 0.004 | AE88: 0.009 | AF88: 0.005
C89: f.9 | D89: ALLACCI TEMPORANEI PUBBLICI | E89: 0 | F89: 200 | G89: 2000 | H89: 1000002000 | I89: 1000002000 | J89: 0 | K89: 0.1 | L89: 0.36 | M89: 0.85 | N89: 0 | O89: =4*365 -> 1460 | P89: 0 | Q89: 0 | R89: 0.01 | S89: 0.01 | U89: =+K89*$V$2 -> 0.01228 | V89: =+L89*$V$2 -> 0.044208 | W89: =+M89*$V$2 -> 0.10438 | Y89: =+O89*$V$2 -> 179.288 | AB89: =+R89*$V$2 -> 0.001228 | AC89: =+S89*$V$2 -> 0.001228 | AD89: 0.004 | AE89: 0.009 | AF89: 0.005
A90: ALTRI USI | B90: ALTRI USI | C90: g.1 | D90: CANTIERI EDILI | E90: 0 | F90: 200 | G90: 400 | H90: 800 | I90: 100000800 | J90: 0 | K90: 0.85 | L90: 0.96 | M90: 1.42 | N90: 1.6 | O90: =41.9*2 -> 83.8 | P90: 1 | Q90: 1 | R90: 0.33 | S90: 0.62 | U90: =+K90*$V$2 -> 0.10438 | V90: =+L90*$V$2 -> 0.117888 | W90: =+M90*$V$2 -> 0.174376 | X90: =+N90*$V$2 -> 0.19648 | Y90: =+O90*$V$2 -> 10.29064 | Z90: =+P90*$V$2 -> 0.1228 | AA90: =+Q90*$V$2 -> 0.1228 | AB90: =+R90*$V$2 -> 0.040524 | AC90: =+S90*$V$2 -> 0.076136 | AD90: 0.004 | AE90: 0.009 | AF90: 0.005
C91: g.2 | D91: ALLACCI TEMPORANEI PRIVATI | E91: 0 | F91: 200 | G91: 400 | H91: 800 | I91: 100000800 | J91: 0 | K91: 0.96 | L91: 1.42 | M91: 1.6 | N91: 1.7 | O91: =8*365 -> 2920 | P91: 0 | Q91: 0 | R91: 0.33 | S91: 0.62 | U91: =+K91*$V$2 -> 0.117888 | V91: =+L91*$V$2 -> 0.174376 | W91: =+M91*$V$2 -> 0.19648 | X91: =+N91*$V$2 -> 0.20876 | Y91: =+O91*$V$2 -> 358.576 | AB91: =+R91*$V$2 -> 0.040524 | AC91: =+S91*$V$2 -> 0.076136 | AD91: 0.004 | AE91: 0.009 | AF91: 0.005
D92: 2020 | T92: ADDIZIONALE | V92: 0.1228
A93: UTENZA DOMESTICA | B93: USI DOMESTICI | C93: a.1.1 | D93: UTENZA DOMESTICA RESIDENTE CON 1 COMPONENTE | E93: 55 | F93: 77 | G93: 99 | H93: 121 | I93: 100000121 | J93: 0.36 | K93: 0.72 | L93: 0.96 | M93: 1.42 | N93: 1.6 | O93: 26.1 | P93: 0.5 | Q93: 0.5 | R93: 0.33 | S93: 0.62 | T93: =+J93*$V$2 -> 0.044208 | U93: =+K93*$V$2 -> 0.088416 | V93: =+L93*$V$2 -> 0.117888 | W93: =+M93*$V$2 -> 0.174376 | X93: =+N93*$V$2 -> 0.19648 | Y93: =+O93*$V$2 -> 3.20508 | Z93: =+P93*$V$2 -> 0.0614 | AA93: =+Q93*$V$2 -> 0.0614 | ... AC93: =+S93*$V$2 -> 0.076136 | AD93: 0.004 | AE93: =0.009 + 0.004 -> 0.013 | AF93: 0.005
C94: a.1.2 | D94: UTENZA DOMESTICA RESIDENTE CON 2 COMPONENTI | E94: 90 | F94: 126 | G94: 162 | H94: 198 | I94: 100000198 | J94: 0.36 | K94: 0.72 | L94: 0.96 | M94: 1.42 | N94: 1.6 | O94: 26.1 | P94: 0.5 | Q94: 0.5 | R94: 0.33 | S94: 0.62 | T94: =+J94*$V$2 -> 0.044208 | U94: =+K94*$V$2 -> 0.088416 | V94: =+L94*$V$2 -> 0.117888 | W94: =+M94*$V$2 -> 0.174376 | X94: =+N94*$V$2 -> 0.19648 | Y94: =+O94*$V$2 -> 3.20508 | Z94: =+P94*$V$2 -> 0.0614 | AA94: =+Q94*$V$2 -> 0.0614 | ... AC94: =+S94*$V$2 -> 0.076136 | AD94: 0.004 | AE94: =0.009 + 0.004 -> 0.013 | AF94: 0.005
C95: a.1.3 | D95: UTENZA DOMESTICA RESIDENTE CON 3 COMPONENTI | E95: 124 | F95: 174 | G95: 224 | H95: 274 | I95: 100000274 | J95: 0.36 | K95: 0.72 | L95: 0.96 | M95: 1.42 | N95: 1.6 | O95: 26.1 | P95: 0.5 | Q95: 0.5 | R95: 0.33 | S95: 0.62 | T95: =+J95*$V$2 -> 0.044208 | U95: =+K95*$V$2 -> 0.088416 | V95: =+L95*$V$2 -> 0.117888 | W95: =+M95*$V$2 -> 0.174376 | X95: =+N95*$V$2 -> 0.19648 | Y95: =+O95*$V$2 -> 3.20508 | Z95: =+P95*$V$2 -> 0.0614 | AA95: =+Q95*$V$2 -> 0.0614 | ... AC95: =+S95*$V$2 -> 0.076136 | AD95: 0.004 | AE95: =0.009 + 0.004 -> 0.013 | AF95: 0.005
C96: a.1.4 | D96: UTENZA DOMESTICA RESIDENTE CON 4 COMPONENTI | E96: 160 | F96: 224 | G96: 288 | H96: 352 | I96: 100000352 | J96: 0.36 | K96: 0.72 | L96: 0.96 | M96: 1.42 | N96: 1.6 | O96: 26.1 | P96: 0.5 | Q96: 0.5 | R96: 0.33 | S96: 0.62 | T96: =+J96*$V$2 -> 0.044208 | U96: =+K96*$V$2 -> 0.088416 | V96: =+L96*$V$2 -> 0.117888 | W96: =+M96*$V$2 -> 0.174376 | X96: =+N96*$V$2 -> 0.19648 | Y96: =+O96*$V$2 -> 3.20508 | Z96: =+P96*$V$2 -> 0.0614 | AA96: =+Q96*$V$2 -> 0.0614 | ... AC96: =+S96*$V$2 -> 0.076136 | AD96: 0.004 | AE96: =0.009 + 0.004 -> 0.013 | AF96: 0.005
C97: a.1.5 | D97: UTENZA DOMESTICA RESIDENTE CON 5 COMPONENTI | E97: 195 | F97: 273 | G97: 351 | H97: 429 | I97: 100000429 | J97: 0.36 | K97: 0.72 | L97: 0.96 | M97: 1.42 | N97: 1.6 | O97: 26.1 | P97: 0.5 | Q97: 0.5 | R97: 0.33 | S97: 0.62 | T97: =+J97*$V$2 -> 0.044208 | U97: =+K97*$V$2 -> 0.088416 | V97: =+L97*$V$2 -> 0.117888 | W97: =+M97*$V$2 -> 0.174376 | X97: =+N97*$V$2 -> 0.19648 | Y97: =+O97*$V$2 -> 3.20508 | Z97: =+P97*$V$2 -> 0.0614 | AA97: =+Q97*$V$2 -> 0.0614 | ... AC97: =+S97*$V$2 -> 0.076136 | AD97: 0.004 | AE97: =0.009 + 0.004 -> 0.013 | AF97: 0.005
C98: a.1.6 | D98: UTENZA DOMESTICA RESIDENTE CON 6 COMPONENTI | E98: 230 | F98: 322 | G98: 414 | H98: 506 | I98: 100000506 | J98: 0.36 | K98: 0.72 | L98: 0.96 | M98: 1.42 | N98: 1.6 | O98: 26.1 | P98: 0.5 | Q98: 0.5 | R98: 0.33 | S98: 0.62 | T98: =+J98*$V$2 -> 0.044208 | U98: =+K98*$V$2 -> 0.088416 | V98: =+L98*$V$2 -> 0.117888 | W98: =+M98*$V$2 -> 0.174376 | X98: =+N98*$V$2 -> 0.19648 | Y98: =+O98*$V$2 -> 3.20508 | Z98: =+P98*$V$2 -> 0.0614 | AA98: =+Q98*$V$2 -> 0.0614 | ... AC98: =+S98*$V$2 -> 0.076136 | AD98: 0.004 | AE98: =0.009 + 0.004 -> 0.013 | AF98: 0.005
C99: a.2 | D99: UTENZA DOMESTICA NON RESIDENTE | E99: 24 | F99: 55 | G99: 77 | H99: 99 | I99: 10000099 | J99: 0.36 | K99: 0.72 | L99: 0.96 | M99: 1.42 | N99: 1.6 | O99: 83.8 | P99: =0.5*2 -> 1 | Q99: 1 | R99: 0.33 | S99: 0.62 | T99: =+J99*$V$2 -> 0.044208 | U99: =+K99*$V$2 -> 0.088416 | V99: =+L99*$V$2 -> 0.117888 | W99: =+M99*$V$2 -> 0.174376 | X99: =+N99*$V$2 -> 0.19648 | Y99: =+O99*$V$2 -> 10.29064 | Z99: =+P99*$V$2 -> 0.1228 | AA99: =+Q99*$V$2 -> 0.1228 | ... AC99: =+S99*$V$2 -> 0.076136 | AD99: 0.004 | AE99: =0.009 + 0.004 -> 0.013 | AF99: 0.005
C100: a.3 | D100: UTENZA SERVIZI COMUNI DI CONDOMINIO (SCALE, GIARDINO, SCANTINATI,...) E PERTINENZE (GARAGE, CANTINA,…) | E100: 124 | F100: 174 | G100: 224 | H100: 274 | I100: 100000274 | J100: 0.36 | K100: 0.72 | L100: 0.96 | M100: 1.42 | N100: 1.6 | O100: 26.1 | P100: 0.5 | Q100: 0.5 | R100: 0.33 | S100: 0.62 | T100: =+J100*$V$2 -> 0.044208 | U100: =+K100*$V$2 -> 0.088416 | V100: =+L100*$V$2 -> 0.117888 | W100: =+M100*$V$2 -> 0.174376 | X100: =+N100*$V$2 -> 0.19648 | Y100: =+O100*$V$2 -> 3.20508 | Z100: =+P100*$V$2 -> 0.0614 | AA100: =+Q100*$V$2 -> 0.0614 | ... AC100: =+S100*$V$2 -> 0.076136 | AD100: 0.004 | AE100: =0.009 + 0.004 -> 0.013 | AF100: 0.005
...
